Workbook
Name \0: #REF!
Name \0: #REF!
Name \0: #REF!
Name \c: [1]ORCCONTRATO!#REF!
Name \c: [1]ORCCONTRATO!#REF!
Name \c: [1]ORCCONTRATO!#REF!
Name \CC: #REF!
Name \CC: #REF!
Name \CC: #REF!
Name \d: '[2]tabsiurb-jul01'!#REF!
Name \d: '[2]tabsiurb-jul01'!#REF!
Name \d: '[2]tabsiurb-jul01'!#REF!
Name \i: #REF!
Name \i: #REF!
Name \i: #REF!
Name \m: #REF!
Name \m: #REF!
Name \m: #REF!
Name \M1: [3]MEDIÇÃO!#REF!
Name \M1: [3]MEDIÇÃO!#REF!
Name \M1: [3]MEDIÇÃO!#REF!
Name \M10: #REF!
Name \M10: #REF!
Name \M10: #REF!
Name \M11: #REF!
Name \M11: #REF!
Name \M11: #REF!
Name \M12: #REF!
Name \M12: #REF!
Name \M12: #REF!
Name \M13: #REF!
Name \M13: #REF!
Name \M2: #REF!
Name \M2: #REF!
Name \M3: #REF!
Name \M3: #REF!
Name \M4: #REF!
Name \M4: #REF!
Name \M5: #REF!
Name \M5: #REF!
Name \M6: #REF!
Name \M6: #REF!
Name \M7: #REF!
Name \M7: #REF!
Name \M8: #REF!
Name \M8: #REF!
Name \M9: #REF!
Name \M9: #REF!
Name \MM: #REF!
Name \MM: #REF!
Name \O: #REF!
Name \O: #REF!
Name \p: #REF!
Name \p: #REF!
Name \PP: #REF!
Name \PP: #REF!
Name \q: #REF!
Name \q: #REF!
Name \s: '[2]tabsiurb-jul01'!#REF!
Name \s: '[2]tabsiurb-jul01'!#REF!

Sheet CRONOGRAMA
D4: Objeto: Reforma e adequação da Praça Capinzal
D5: Recurso: Emenda Impositiva
B8: CRONOGRAMA FÍSICO FINANCEIRO
B9: ITEM | C9: DESCRIÇÃO DOS SERVIÇOS | D9: VALOR (R$) | F9: MÊS 1 | H9: MÊS 2
F10: PROJETADO | G10: REALIZADO | H10: PROJETADO | I10: REALIZADO
B11: 1 | C11: =ORÇAMENTO!D9 -> SERVIÇOS PRELIMINARES | F11: =F12 -> 12089.39 | H11: =H12 -> 2302.74
D12: =VLOOKUP(B11,ORÇAMENTO!A9:H68,8,0) -> 14392.139 | E12: =D12/$D$24 -> 0.1031808 | F12: 12089.39 | H12: 2302.74
F13: =F12/$D$12 -> 0.83999954 | H13: =H12/$D$12 -> 0.15999985
B14: 2 | C14: =ORÇAMENTO!D15 -> DEMOLIÇÕES E REMOÇÕES | F14: =F15 -> 4395.279 | H14: =H15 -> 1883.691
D15: =VLOOKUP(B14,ORÇAMENTO!A12:H71,8,0) -> 6278.9704 | E15: =D15/$D$24 -> 0.045015491 | F15: 4395.279 | H15: 1883.691
F16: =F15/$D$15 -> 0.69999995 | H16: =H15/$D$15 -> 0.29999998
B17: 3 | C17: =ORÇAMENTO!D24 -> REFORMA E ADEQUAÇÃO | F17: =F18 -> 44523.548 | H17: =H18 -> 66785.322
D18: =VLOOKUP(B17,ORÇAMENTO!A15:H73,8,0) -> 111308.87 | E18: =D18/$D$24 -> 0.79800076 | F18: 44523.548 | H18: 66785.322
F19: =F18/$D$18 -> 0.40000001 | H19: =H18/$D$18 -> 0.60000002
B20: 4 | C20: =ORÇAMENTO!D63 -> SERVIÇOS COMPLEMENTARES | F20: =F21 -> 0 | H20: =H21 -> 7504.69
D21: =VLOOKUP(B20,ORÇAMENTO!A18:H73,8,0) -> 7504.6856 | E21: =D21/$D$24 -> 0.053802945 | H21: 7504.69
H22: =H21/$D$21 -> 1.0000006
B24: Valores totais S/BDI | D24: =SUM(D11:D22) -> 139484.66 | F24: =SUM(F12,F15,F18,F21) -> 61008.217 | H24: =SUM(H12,H15,H18,H21) -> 78476.443
B25: Valores totais C/BDI | D25: =D24*1.2338 -> 172096.17 | F25: =F24*1.2338 -> 75271.938 | H25: =H24*1.2338 -> 96824.235
B26: Valores acumulados C/BDI | F26: =F25 -> 75271.938 | H26: =F26+H25 -> 172096.17
B27: % | F27: =F25/$D$25 -> 0.43738298 | H27: =H25/$D$25 -> 0.56261701
B28: %acumulado | F28: =F27 -> 0.43738298 | H28: =H27+F28 -> 0.99999999
B30: Legenda:
C31: Projetado
C32: Realizado
B35: Kaio Cezar Mariano
B36: Engenheiro civil
B37: CREA-SP 5070869525

Sheet abc
D4: Objeto: REFORMA E ADEQUAÇÃO PRAÇA CAPINZAL
D5: Recurso: Emenda Impositiva
A7: PLANILHA ORÇAMENTÁRIA | J7: % | K7: % ACUMULADO
A8: ITEM | B8: REFERÊNCIA | C8: CÓDIGO | D8: DESCRIÇÃO | E8: UN | F8: QTD | G8: CUSTO UNIT. | H8: CUSTO DO SERVIÇO
A9: 3.1.3 | B9: SINAPI | C9: 94993 | D9: =IF($B9="SINAPI",VLOOKUP($C9,SINAPI08!$A$1:$D$15741,2,0),IF($B9="CDHU",VLOOKUP($C9,CDHU203!$A$8:$F$4122,2,0),IF($B9="SIURB EDIF",VLOOKUP($C9,EDIFJUL26!$A$1:$D$2751,2,0),IF($B9="siurb infra",VLOOKUP($C9,INFRAJUL26!$A$1:$D$935,2,0))))) -> EXECUÇÃO DE PASSEIO (CALÇADA) OU PISO DE CONCRETO COM CONCRETO MOLDADO IN LOCO, USINADO, ACABAMENTO CONVENCIONAL, ESPESSURA 6 CM, ARMADO. AF_08/2022 | E9: =IF($B9="SINAPI",VLOOKUP($C9,SINAPI08!$A$1:$D$15741,3,0),IF($B9="CDHU",VLOOKUP($C9,CDHU203!$A$8:$F$4122,3,0),IF($B9="SIURB EDIF",VLOOKUP($C9,EDIFJUL26!$A$1:$D$2751,3,0),IF($B9="siurb infra",VLOOKUP($C9,INFRAJUL26!$A$1:$D$935,3,0))))) -> M2 | F9: =VLOOKUP(A9,'MEMORIA DE CALCULO'!$A$6:$N$274,14,0) -> 322.6 | G9: =IF($B9="SINAPI",VLOOKUP($C9,SINAPI08!$A$1:$D$15741,4,0),IF($B9="CDHU",VLOOKUP($C9,CDHU203!$A$8:$F$4122,6,0),IF($B9="SIURB EDIF",VLOOKUP($C9,EDIFJUL26!$A$1:$D$2751,4,0),IF($B9="siurb infra",VLOOKUP($C9,INFRAJUL26!$A$1:$D$935,4,0))))) -> 73.71 | H9: =G9*F9 -> 23778.846 | J9: =H9/$H$55 -> 0.17047551 | K9: =J9 -> 0.17047551
A10: 3.1.23 | B10: SIURB EDIF | C10: 18101001 | D10: =IF($B10="SINAPI",VLOOKUP($C10,SINAPI08!$A$1:$D$15741,2,0),IF($B10="CDHU",VLOOKUP($C10,CDHU203!$A$8:$F$4122,2,0),IF($B10="SIURB EDIF",VLOOKUP($C10,EDIFJUL26!$A$1:$D$2751,2,0),IF($B10="siurb infra",VLOOKUP($C10,INFRAJUL26!$A$1:$D$935,2,0))))) -> RV.12 - PISO EMBORRACHADO PARA AMORTECIMENTO DE IMPACTO, ESPESSURA 2,5 CM OU SIMILAR QUE ATENDA ABSORÇÃO DE IMPACTO A QUEDA DE ALTURA DE 1,20M CONFORME NBR 16071 | E10: =IF($B10="SINAPI",VLOOKUP($C10,SINAPI08!$A$1:$D$15741,3,0),IF($B10="CDHU",VLOOKUP($C10,CDHU203!$A$8:$F$4122,3,0),IF($B10="SIURB EDIF",VLOOKUP($C10,EDIFJUL26!$A$1:$D$2751,3,0),IF($B10="siurb infra",VLOOKUP($C10,INFRAJUL26!$A$1:$D$935,3,0))))) -> M2 | F10: =VLOOKUP(A10,'MEMORIA DE CALCULO'!$A$6:$N$274,14,0) -> 35.64 | G10: =IF($B10="SINAPI",VLOOKUP($C10,SINAPI08!$A$1:$D$15741,4,0),IF($B10="CDHU",VLOOKUP($C10,CDHU203!$A$8:$F$4122,6,0),IF($B10="SIURB EDIF",VLOOKUP($C10,EDIFJUL26!$A$1:$D$2751,4,0),IF($B10="siurb infra",VLOOKUP($C10,INFRAJUL26!$A$1:$D$935,4,0))))) -> 359.36 | H10: =G10*F10 -> 12807.59 | J10: =H10/$H$55 -> 0.091820291 | K10: =J10+K9 -> 0.26229581
A11: 3.1.21 | B11: SIURB EDIF | C11: 17001033 | D11: =IF($B11="SINAPI",VLOOKUP($C11,SINAPI08!$A$1:$D$15741,2,0),IF($B11="CDHU",VLOOKUP($C11,CDHU203!$A$8:$F$4122,2,0),IF($B11="SIURB EDIF",VLOOKUP($C11,EDIFJUL26!$A$1:$D$2751,2,0),IF($B11="siurb infra",VLOOKUP($C11,INFRAJUL26!$A$1:$D$935,2,0))))) -> FP.06 - GRADIL/PEITORIL DE FERRO PERFILADO H=1,00M | E11: =IF($B11="SINAPI",VLOOKUP($C11,SINAPI08!$A$1:$D$15741,3,0),IF($B11="CDHU",VLOOKUP($C11,CDHU203!$A$8:$F$4122,3,0),IF($B11="SIURB EDIF",VLOOKUP($C11,EDIFJUL26!$A$1:$D$2751,3,0),IF($B11="siurb infra",VLOOKUP($C11,INFRAJUL26!$A$1:$D$935,3,0))))) -> M | F11: =VLOOKUP(A11,'MEMORIA DE CALCULO'!$A$6:$N$274,14,0) -> 27 | G11: =IF($B11="SINAPI",VLOOKUP($C11,SINAPI08!$A$1:$D$15741,4,0),IF($B11="CDHU",VLOOKUP($C11,CDHU203!$A$8:$F$4122,6,0),IF($B11="SIURB EDIF",VLOOKUP($C11,EDIFJUL26!$A$1:$D$2751,4,0),IF($B11="siurb infra",VLOOKUP($C11,INFRAJUL26!$A$1:$D$935,4,0))))) -> 368.11 | H11: =G11*F11 -> 9938.97 | J11: =H11/$H$55 -> 0.071254552 | K11: =J11+K10 -> 0.33355036
A12: 1.1 | B12: SINAPI | C12: 103689 | D12: =IF($B12="SINAPI",VLOOKUP($C12,SINAPI08!$A$1:$D$15741,2,0),IF($B12="CDHU",VLOOKUP($C12,CDHU203!$A$8:$F$4122,2,0),IF($B12="SIURB EDIF",VLOOKUP($C12,EDIFJUL26!$A$1:$D$2751,2,0),IF($B12="siurb infra",VLOOKUP($C12,INFRAJUL26!$A$1:$D$935,2,0))))) -> FORNECIMENTO E INSTALAÇÃO DE PLACA DE OBRA COM CHAPA GALVANIZADA E ESTRUTURA DE MADEIRA. AF_03/2022_PS | E12: =IF($B12="SINAPI",VLOOKUP($C12,SINAPI08!$A$1:$D$15741,3,0),IF($B12="CDHU",VLOOKUP($C12,CDHU203!$A$8:$F$4122,3,0),IF($B12="SIURB EDIF",VLOOKUP($C12,EDIFJUL26!$A$1:$D$2751,3,0),IF($B12="siurb infra",VLOOKUP($C12,INFRAJUL26!$A$1:$D$935,3,0))))) -> M2 | F12: =VLOOKUP(A12,'MEMORIA DE CALCULO'!$A$6:$N$274,14,0) -> 18 | G12: =IF($B12="SINAPI",VLOOKUP($C12,SINAPI08!$A$1:$D$15741,4,0),IF($B12="CDHU",VLOOKUP($C12,CDHU203!$A$8:$F$4122,6,0),IF($B12="SIURB EDIF",VLOOKUP($C12,EDIFJUL26!$A$1:$D$2751,4,0),IF($B12="siurb infra",VLOOKUP($C12,INFRAJUL26!$A$1:$D$935,4,0))))) -> 502.1 | H12: =G12*F12 -> 9037.8 | J12: =H12/$H$55 -> 0.064793876 | K12: =J12+K11 -> 0.39834423
A13: 3.1.22 | B13: SINAPI | C13: 105005 | D13: =IF($B13="SINAPI",VLOOKUP($C13,SINAPI08!$A$1:$D$15741,2,0),IF($B13="CDHU",VLOOKUP($C13,CDHU203!$A$8:$F$4122,2,0),IF($B13="SIURB EDIF",VLOOKUP($C13,EDIFJUL26!$A$1:$D$2751,2,0),IF($B13="siurb infra",VLOOKUP($C13,INFRAJUL26!$A$1:$D$935,2,0))))) -> RAMPA DE ACESSIBILIDADE EM CONCRETO MOLDADO IN LOCO, EM CALÇADA PRÉ EXISTENTE COM LARGURA MENOR À 3,00 M, FCK 25MPA, COM PISO PODOTÁTIL. AF_03/2024 | E13: =IF($B13="SINAPI",VLOOKUP($C13,SINAPI08!$A$1:$D$15741,3,0),IF($B13="CDHU",VLOOKUP($C13,CDHU203!$A$8:$F$4122,3,0),IF($B13="SIURB EDIF",VLOOKUP($C13,EDIFJUL26!$A$1:$D$2751,3,0),IF($B13="siurb infra",VLOOKUP($C13,INFRAJUL26!$A$1:$D$935,3,0))))) -> M2 | F13: =VLOOKUP(A13,'MEMORIA DE CALCULO'!$A$6:$N$274,14,0) -> 28.8 | G13: =IF($B13="SINAPI",VLOOKUP($C13,SINAPI08!$A$1:$D$15741,4,0),IF($B13="CDHU",VLOOKUP($C13,CDHU203!$A$8:$F$4122,6,0),IF($B13="SIURB EDIF",VLOOKUP($C13,EDIFJUL26!$A$1:$D$2751,4,0),IF($B13="siurb infra",VLOOKUP($C13,INFRAJUL26!$A$1:$D$935,4,0))))) -> 288.14 | H13: =G13*F13 -> 8298.432 | J13: =H13/$H$55 -> 0.059493193 | K13: =J13+K12 -> 0.45783743
A14: 4.1 | B14: SIURB EDIF | C14: 17004001 | D14: =IF($B14="SINAPI",VLOOKUP($C14,SINAPI08!$A$1:$D$15741,2,0),IF($B14="CDHU",VLOOKUP($C14,CDHU203!$A$8:$F$4122,2,0),IF($B14="SIURB EDIF",VLOOKUP($C14,EDIFJUL26!$A$1:$D$2751,2,0),IF($B14="siurb infra",VLOOKUP($C14,INFRAJUL26!$A$1:$D$935,2,0))))) -> LIMPEZA GERAL DA OBRA | E14: =IF($B14="SINAPI",VLOOKUP($C14,SINAPI08!$A$1:$D$15741,3,0),IF($B14="CDHU",VLOOKUP($C14,CDHU203!$A$8:$F$4122,3,0),IF($B14="SIURB EDIF",VLOOKUP($C14,EDIFJUL26!$A$1:$D$2751,3,0),IF($B14="siurb infra",VLOOKUP($C14,INFRAJUL26!$A$1:$D$935,3,0))))) -> M2 | F14: =VLOOKUP(A14,'MEMORIA DE CALCULO'!$A$6:$N$274,14,0) -> 419.02 | G14: =IF($B14="SINAPI",VLOOKUP($C14,SINAPI08!$A$1:$D$15741,4,0),IF($B14="CDHU",VLOOKUP($C14,CDHU203!$A$8:$F$4122,6,0),IF($B14="SIURB EDIF",VLOOKUP($C14,EDIFJUL26!$A$1:$D$2751,4,0),IF($B14="siurb infra",VLOOKUP($C14,INFRAJUL26!$A$1:$D$935,4,0))))) -> 16.28 | H14: =G14*F14 -> 6821.6456 | J14: =H14/$H$55 -> 0.048905802 | K14: =J14+K13 -> 0.50674323
A15: 3.1.5 | B15: SINAPI | C15: 94279 | D15: =IF($B15="SINAPI",VLOOKUP($C15,SINAPI08!$A$1:$D$15741,2,0),IF($B15="CDHU",VLOOKUP($C15,CDHU203!$A$8:$F$4122,2,0),IF($B15="SIURB EDIF",VLOOKUP($C15,EDIFJUL26!$A$1:$D$2751,2,0),IF($B15="siurb infra",VLOOKUP($C15,INFRAJUL26!$A$1:$D$935,2,0))))) -> ASSENTAMENTO DE GUIA (MEIO-FIO) EM TRECHO RETO, CONFECCIONADA EM CONCRETO PRÉ-FABRICADO, DIMENSÕES 39X6,5X6,5X19 CM (COMPRIMENTO X BASE INFERIOR X BASE SUPERIOR X ALTURA), PARA DELIMITAÇÃO DE JARDINS, PRAÇAS OU PASSEIOS. AF_01/2024 | E15: =IF($B15="SINAPI",VLOOKUP($C15,SINAPI08!$A$1:$D$15741,3,0),IF($B15="CDHU",VLOOKUP($C15,CDHU203!$A$8:$F$4122,3,0),IF($B15="SIURB EDIF",VLOOKUP($C15,EDIFJUL26!$A$1:$D$2751,3,0),IF($B15="siurb infra",VLOOKUP($C15,INFRAJUL26!$A$1:$D$935,3,0))))) -> M | F15: =VLOOKUP(A15,'MEMORIA DE CALCULO'!$A$6:$N$274,14,0) -> 95.85 | G15: =IF($B15="SINAPI",VLOOKUP($C15,SINAPI08!$A$1:$D$15741,4,0),IF($B15="CDHU",VLOOKUP($C15,CDHU203!$A$8:$F$4122,6,0),IF($B15="SIURB EDIF",VLOOKUP($C15,EDIFJUL26!$A$1:$D$2751,4,0),IF($B15="siurb infra",VLOOKUP($C15,INFRAJUL26!$A$1:$D$935,4,0))))) -> 62.28 | H15: =G15*F15 -> 5969.538 | J15: =H15/$H$55 -> 0.042796865 | K15: =J15+K14 -> 0.54954009 | L15: A
A16: 3.1.2 | B16: SIURB EDIF | C16: 17002030 | D16: =IF($B16="SINAPI",VLOOKUP($C16,SINAPI08!$A$1:$D$15741,2,0),IF($B16="CDHU",VLOOKUP($C16,CDHU203!$A$8:$F$4122,2,0),IF($B16="SIURB EDIF",VLOOKUP($C16,EDIFJUL26!$A$1:$D$2751,2,0),IF($B16="siurb infra",VLOOKUP($C16,INFRAJUL26!$A$1:$D$935,2,0))))) -> PEDRISCO COM COMPACTAÇÃO MANUAL - ESPESSURA 5CM | E16: =IF($B16="SINAPI",VLOOKUP($C16,SINAPI08!$A$1:$D$15741,3,0),IF($B16="CDHU",VLOOKUP($C16,CDHU203!$A$8:$F$4122,3,0),IF($B16="SIURB EDIF",VLOOKUP($C16,EDIFJUL26!$A$1:$D$2751,3,0),IF($B16="siurb infra",VLOOKUP($C16,INFRAJUL26!$A$1:$D$935,3,0))))) -> M2 | F16: =VLOOKUP(A16,'MEMORIA DE CALCULO'!$A$6:$N$274,14,0) -> 322.6 | G16: =IF($B16="SINAPI",VLOOKUP($C16,SINAPI08!$A$1:$D$15741,4,0),IF($B16="CDHU",VLOOKUP($C16,CDHU203!$A$8:$F$4122,6,0),IF($B16="SIURB EDIF",VLOOKUP($C16,EDIFJUL26!$A$1:$D$2751,4,0),IF($B16="siurb infra",VLOOKUP($C16,INFRAJUL26!$A$1:$D$935,4,0))))) -> 16.33 | H16: =G16*F16 -> 5268.058 | J16: =H16/$H$55 -> 0.037767808 | K16: =J16+K15 -> 0.5873079
A17: 3.1.4 | B17: CDHU | C17: 11.20.050 | D17: =IF($B17="SINAPI",VLOOKUP($C17,SINAPI08!$A$1:$D$15741,2,0),IF($B17="CDHU",VLOOKUP($C17,CDHU203!$A$8:$F$4122,2,0),IF($B17="SIURB EDIF",VLOOKUP($C17,EDIFJUL26!$A$1:$D$2751,2,0),IF($B17="siurb infra",VLOOKUP($C17,INFRAJUL26!$A$1:$D$935,2,0))))) -> Corte de junta de dilatação, com serra de disco diamantado para pisos | E17: =IF($B17="SINAPI",VLOOKUP($C17,SINAPI08!$A$1:$D$15741,3,0),IF($B17="CDHU",VLOOKUP($C17,CDHU203!$A$8:$F$4122,3,0),IF($B17="SIURB EDIF",VLOOKUP($C17,EDIFJUL26!$A$1:$D$2751,3,0),IF($B17="siurb infra",VLOOKUP($C17,INFRAJUL26!$A$1:$D$935,3,0))))) -> M | F17: =VLOOKUP(A17,'MEMORIA DE CALCULO'!$A$6:$N$274,14,0) -> 393.41463 | G17: =IF($B17="SINAPI",VLOOKUP($C17,SINAPI08!$A$1:$D$15741,4,0),IF($B17="CDHU",VLOOKUP($C17,CDHU203!$A$8:$F$4122,6,0),IF($B17="SIURB EDIF",VLOOKUP($C17,EDIFJUL26!$A$1:$D$2751,4,0),IF($B17="siurb infra",VLOOKUP($C17,INFRAJUL26!$A$1:$D$935,4,0))))) -> 12.12 | H17: =G17*F17 -> 4768.1854 | J17: =H17/$H$55 -> 0.034184117 | K17: =J17+K16 -> 0.62149202
A18: 3.2.1 | B18: CDHU | C18: 34.03.120 | D18: =IF($B18="SINAPI",VLOOKUP($C18,SINAPI08!$A$1:$D$15741,2,0),IF($B18="CDHU",VLOOKUP($C18,CDHU203!$A$8:$F$4122,2,0),IF($B18="SIURB EDIF",VLOOKUP($C18,EDIFJUL26!$A$1:$D$2751,2,0),IF($B18="siurb infra",VLOOKUP($C18,INFRAJUL26!$A$1:$D$935,2,0))))) -> Arbusto Moréia - h= 0,50 m | E18: =IF($B18="SINAPI",VLOOKUP($C18,SINAPI08!$A$1:$D$15741,3,0),IF($B18="CDHU",VLOOKUP($C18,CDHU203!$A$8:$F$4122,3,0),IF($B18="SIURB EDIF",VLOOKUP($C18,EDIFJUL26!$A$1:$D$2751,3,0),IF($B18="siurb infra",VLOOKUP($C18,INFRAJUL26!$A$1:$D$935,3,0))))) -> UN | F18: =VLOOKUP(A18,'MEMORIA DE CALCULO'!$A$6:$N$274,14,0) -> 96 | G18: =IF($B18="SINAPI",VLOOKUP($C18,SINAPI08!$A$1:$D$15741,4,0),IF($B18="CDHU",VLOOKUP($C18,CDHU203!$A$8:$F$4122,6,0),IF($B18="SIURB EDIF",VLOOKUP($C18,EDIFJUL26!$A$1:$D$2751,4,0),IF($B18="siurb infra",VLOOKUP($C18,INFRAJUL26!$A$1:$D$935,4,0))))) -> 49.44 | H18: =G18*F18 -> 4746.24 | I18: FAZER COMPARATIVO DE RETIRADA DE ENTULHO | J18: =H18/$H$55 -> 0.034026786 | K18: =J18+K17 -> 0.65551881
A19: 3.4.1 | B19: CDHU | C19: 35.05.240 | D19: =IF($B19="SINAPI",VLOOKUP($C19,SINAPI08!$A$1:$D$15741,2,0),IF($B19="CDHU",VLOOKUP($C19,CDHU203!$A$8:$F$4122,2,0),IF($B19="SIURB EDIF",VLOOKUP($C19,EDIFJUL26!$A$1:$D$2751,2,0),IF($B19="siurb infra",VLOOKUP($C19,INFRAJUL26!$A$1:$D$935,2,0))))) -> Gira-gira metálico com assento de madeira (8 lugares) | E19: =IF($B19="SINAPI",VLOOKUP($C19,SINAPI08!$A$1:$D$15741,3,0),IF($B19="CDHU",VLOOKUP($C19,CDHU203!$A$8:$F$4122,3,0),IF($B19="SIURB EDIF",VLOOKUP($C19,EDIFJUL26!$A$1:$D$2751,3,0),IF($B19="siurb infra",VLOOKUP($C19,INFRAJUL26!$A$1:$D$935,3,0))))) -> CJ | F19: =VLOOKUP(A19,'MEMORIA DE CALCULO'!$A$6:$N$274,14,0) -> 1 | G19: =IF($B19="SINAPI",VLOOKUP($C19,SINAPI08!$A$1:$D$15741,4,0),IF($B19="CDHU",VLOOKUP($C19,CDHU203!$A$8:$F$4122,6,0),IF($B19="SIURB EDIF",VLOOKUP($C19,EDIFJUL26!$A$1:$D$2751,4,0),IF($B19="siurb infra",VLOOKUP($C19,INFRAJUL26!$A$1:$D$935,4,0))))) -> 4215.87 | H19: =G19*F19 -> 4215.87 | J19: =H19/$H$55 -> 0.030224453 | K19: =J19+K18 -> 0.68574326
A20: 3.1.13 | B20: SIURB EDIF | C20: 4001002 | D20: =IF($B20="SINAPI",VLOOKUP($C20,SINAPI08!$A$1:$D$15741,2,0),IF($B20="CDHU",VLOOKUP($C20,CDHU203!$A$8:$F$4122,2,0),IF($B20="SIURB EDIF",VLOOKUP($C20,EDIFJUL26!$A$1:$D$2751,2,0),IF($B20="siurb infra",VLOOKUP($C20,INFRAJUL26!$A$1:$D$935,2,0))))) -> ALVENARIA EM TIJOLOS MACIÇOS COMUNS - 1/2 TIJOLO | E20: =IF($B20="SINAPI",VLOOKUP($C20,SINAPI08!$A$1:$D$15741,3,0),IF($B20="CDHU",VLOOKUP($C20,CDHU203!$A$8:$F$4122,3,0),IF($B20="SIURB EDIF",VLOOKUP($C20,EDIFJUL26!$A$1:$D$2751,3,0),IF($B20="siurb infra",VLOOKUP($C20,INFRAJUL26!$A$1:$D$935,3,0))))) -> M2 | F20: =VLOOKUP(A20,'MEMORIA DE CALCULO'!$A$6:$N$274,14,0) -> 23.55 | G20: =IF($B20="SINAPI",VLOOKUP($C20,SINAPI08!$A$1:$D$15741,4,0),IF($B20="CDHU",VLOOKUP($C20,CDHU203!$A$8:$F$4122,6,0),IF($B20="SIURB EDIF",VLOOKUP($C20,EDIFJUL26!$A$1:$D$2751,4,0),IF($B20="siurb infra",VLOOKUP($C20,INFRAJUL26!$A$1:$D$935,4,0))))) -> 176.76 | H20: =G20*F20 -> 4162.698 | I20: considerar a area dos canteiros A1 | J20: =H20/$H$55 -> 0.029843252 | K20: =J20+K19 -> 0.71558651
A21: 2.6 | B21: SIURB EDIF | C21: 1001007 | D21: =IF($B21="SINAPI",VLOOKUP($C21,SINAPI08!$A$1:$D$15741,2,0),IF($B21="CDHU",VLOOKUP($C21,CDHU203!$A$8:$F$4122,2,0),IF($B21="SIURB EDIF",VLOOKUP($C21,EDIFJUL26!$A$1:$D$2751,2,0),IF($B21="siurb infra",VLOOKUP($C21,INFRAJUL26!$A$1:$D$935,2,0))))) -> REMOÇÃO DE ENTULHO COM CAÇAMBA METÁLICA, INCLUSIVE CARGA MANUAL E DESCARGA EM BOTA-FORA | E21: =IF($B21="SINAPI",VLOOKUP($C21,SINAPI08!$A$1:$D$15741,3,0),IF($B21="CDHU",VLOOKUP($C21,CDHU203!$A$8:$F$4122,3,0),IF($B21="SIURB EDIF",VLOOKUP($C21,EDIFJUL26!$A$1:$D$2751,3,0),IF($B21="siurb infra",VLOOKUP($C21,INFRAJUL26!$A$1:$D$935,3,0))))) -> M3 | F21: 20.43 | G21: =IF($B21="SINAPI",VLOOKUP($C21,SINAPI08!$A$1:$D$15741,4,0),IF($B21="CDHU",VLOOKUP($C21,CDHU203!$A$8:$F$4122,6,0),IF($B21="SIURB EDIF",VLOOKUP($C21,EDIFJUL26!$A$1:$D$2751,4,0),IF($B21="siurb infra",VLOOKUP($C21,INFRAJUL26!$A$1:$D$935,4,0))))) -> 170.76 | H21: =G21*F21 -> 3488.6268 | J21: =H21/$H$55 -> 0.025010694 | K21: =J21+K20 -> 0.74059721
A22: 3.1.20 | B22: SINAPI | C22: 98557 | D22: =IF($B22="SINAPI",VLOOKUP($C22,SINAPI08!$A$1:$D$15741,2,0),IF($B22="CDHU",VLOOKUP($C22,CDHU203!$A$8:$F$4122,2,0),IF($B22="SIURB EDIF",VLOOKUP($C22,EDIFJUL26!$A$1:$D$2751,2,0),IF($B22="siurb infra",VLOOKUP($C22,INFRAJUL26!$A$1:$D$935,2,0))))) -> IMPERMEABILIZAÇÃO DE SUPERFÍCIE COM EMULSÃO ASFÁLTICA, 2 DEMÃOS. AF_09/2023 | E22: =IF($B22="SINAPI",VLOOKUP($C22,SINAPI08!$A$1:$D$15741,3,0),IF($B22="CDHU",VLOOKUP($C22,CDHU203!$A$8:$F$4122,3,0),IF($B22="SIURB EDIF",VLOOKUP($C22,EDIFJUL26!$A$1:$D$2751,3,0),IF($B22="siurb infra",VLOOKUP($C22,INFRAJUL26!$A$1:$D$935,3,0))))) -> M2 | F22: =VLOOKUP(A22,'MEMORIA DE CALCULO'!$A$6:$N$274,14,0) -> 47.1 | G22: =IF($B22="SINAPI",VLOOKUP($C22,SINAPI08!$A$1:$D$15741,4,0),IF($B22="CDHU",VLOOKUP($C22,CDHU203!$A$8:$F$4122,6,0),IF($B22="SIURB EDIF",VLOOKUP($C22,EDIFJUL26!$A$1:$D$2751,4,0),IF($B22="siurb infra",VLOOKUP($C22,INFRAJUL26!$A$1:$D$935,4,0))))) -> 71.17 | H22: =G22*F22 -> 3352.107 | J22: =H22/$H$55 -> 0.024031955 | K22: =J22+K21 -> 0.76462916
A23: 3.1.27 | B23: CDHU | C23: 33.11.050 | D23: =IF($B23="SINAPI",VLOOKUP($C23,SINAPI08!$A$1:$D$15741,2,0),IF($B23="CDHU",VLOOKUP($C23,CDHU203!$A$8:$F$4122,2,0),IF($B23="SIURB EDIF",VLOOKUP($C23,EDIFJUL26!$A$1:$D$2751,2,0),IF($B23="siurb infra",VLOOKUP($C23,INFRAJUL26!$A$1:$D$935,2,0))))) -> Esmalte à base água em superfície metálica, inclusive preparo | E23: =IF($B23="SINAPI",VLOOKUP($C23,SINAPI08!$A$1:$D$15741,3,0),IF($B23="CDHU",VLOOKUP($C23,CDHU203!$A$8:$F$4122,3,0),IF($B23="SIURB EDIF",VLOOKUP($C23,EDIFJUL26!$A$1:$D$2751,3,0),IF($B23="siurb infra",VLOOKUP($C23,INFRAJUL26!$A$1:$D$935,3,0))))) -> M2 | F23: =VLOOKUP(A23,'MEMORIA DE CALCULO'!$A$6:$N$274,14,0) -> 54 | G23: =IF($B23="SINAPI",VLOOKUP($C23,SINAPI08!$A$1:$D$15741,4,0),IF($B23="CDHU",VLOOKUP($C23,CDHU203!$A$8:$F$4122,6,0),IF($B23="SIURB EDIF",VLOOKUP($C23,EDIFJUL26!$A$1:$D$2751,4,0),IF($B23="siurb infra",VLOOKUP($C23,INFRAJUL26!$A$1:$D$935,4,0))))) -> 55.3 | H23: =G23*F23 -> 2986.2 | J23: =H23/$H$55 -> 0.021408692 | K23: =J23+K22 -> 0.78603785
A24: 3.1.15 | B24: SINAPI | C24: 87794 | D24: =IF($B24="SINAPI",VLOOKUP($C24,SINAPI08!$A$1:$D$15741,2,0),IF($B24="CDHU",VLOOKUP($C24,CDHU203!$A$8:$F$4122,2,0),IF($B24="SIURB EDIF",VLOOKUP($C24,EDIFJUL26!$A$1:$D$2751,2,0),IF($B24="siurb infra",VLOOKUP($C24,INFRAJUL26!$A$1:$D$935,2,0))))) -> EMBOÇO OU MASSA ÚNICA EM ARGAMASSA TRAÇO 1:2:8, PREPARO MANUAL, APLICADA MANUALMENTE EM PANOS CEGOS DE FACHADA (SEM PRESENÇA DE VÃOS), ESPESSURA DE 25 MM. AF_09/2022 | E24: =IF($B24="SINAPI",VLOOKUP($C24,SINAPI08!$A$1:$D$15741,3,0),IF($B24="CDHU",VLOOKUP($C24,CDHU203!$A$8:$F$4122,3,0),IF($B24="SIURB EDIF",VLOOKUP($C24,EDIFJUL26!$A$1:$D$2751,3,0),IF($B24="siurb infra",VLOOKUP($C24,INFRAJUL26!$A$1:$D$935,3,0))))) -> M2 | F24: =VLOOKUP(A24,'MEMORIA DE CALCULO'!$A$6:$N$274,14,0) -> 47.1 | G24: =IF($B24="SINAPI",VLOOKUP($C24,SINAPI08!$A$1:$D$15741,4,0),IF($B24="CDHU",VLOOKUP($C24,CDHU203!$A$8:$F$4122,6,0),IF($B24="SIURB EDIF",VLOOKUP($C24,EDIFJUL26!$A$1:$D$2751,4,0),IF($B24="siurb infra",VLOOKUP($C24,INFRAJUL26!$A$1:$D$935,4,0))))) -> 61.26 | H24: =G24*F24 -> 2885.346 | J24: =H24/$H$55 -> 0.020685648 | K24: =J24+K23 -> 0.8067235
A25: 3.4.4 | B25: SIURB EDIF | C25: 18012004 | D25: =IF($B25="SINAPI",VLOOKUP($C25,SINAPI08!$A$1:$D$15741,2,0),IF($B25="CDHU",VLOOKUP($C25,CDHU203!$A$8:$F$4122,2,0),IF($B25="SIURB EDIF",VLOOKUP($C25,EDIFJUL26!$A$1:$D$2751,2,0),IF($B25="siurb infra",VLOOKUP($C25,INFRAJUL26!$A$1:$D$935,2,0))))) -> IC.04 - BANCO EM CONCRETO APARENTE - L=50CM | E25: =IF($B25="SINAPI",VLOOKUP($C25,SINAPI08!$A$1:$D$15741,3,0),IF($B25="CDHU",VLOOKUP($C25,CDHU203!$A$8:$F$4122,3,0),IF($B25="SIURB EDIF",VLOOKUP($C25,EDIFJUL26!$A$1:$D$2751,3,0),IF($B25="siurb infra",VLOOKUP($C25,INFRAJUL26!$A$1:$D$935,3,0))))) -> M | F25: =VLOOKUP(A25,'MEMORIA DE CALCULO'!$A$6:$N$274,14,0) -> 8 | G25: =IF($B25="SINAPI",VLOOKUP($C25,SINAPI08!$A$1:$D$15741,4,0),IF($B25="CDHU",VLOOKUP($C25,CDHU203!$A$8:$F$4122,6,0),IF($B25="SIURB EDIF",VLOOKUP($C25,EDIFJUL26!$A$1:$D$2751,4,0),IF($B25="siurb infra",VLOOKUP($C25,INFRAJUL26!$A$1:$D$935,4,0))))) -> 356.23 | H25: =G25*F25 -> 2849.84 | J25: =H25/$H$55 -> 0.020431098 | K25: =J25+K24 -> 0.8271546
A26: 3.1.10 | B26: SINAPI | C26: 103946 | D26: =IF($B26="SINAPI",VLOOKUP($C26,SINAPI08!$A$1:$D$15741,2,0),IF($B26="CDHU",VLOOKUP($C26,CDHU203!$A$8:$F$4122,2,0),IF($B26="SIURB EDIF",VLOOKUP($C26,EDIFJUL26!$A$1:$D$2751,2,0),IF($B26="siurb infra",VLOOKUP($C26,INFRAJUL26!$A$1:$D$935,2,0))))) -> PLANTIO DE GRAMA ESMERALDA OU SÃO CARLOS OU CURITIBANA, EM PLACAS. AF_07/2024 | E26: =IF($B26="SINAPI",VLOOKUP($C26,SINAPI08!$A$1:$D$15741,3,0),IF($B26="CDHU",VLOOKUP($C26,CDHU203!$A$8:$F$4122,3,0),IF($B26="SIURB EDIF",VLOOKUP($C26,EDIFJUL26!$A$1:$D$2751,3,0),IF($B26="siurb infra",VLOOKUP($C26,INFRAJUL26!$A$1:$D$935,3,0))))) -> M2 | F26: =VLOOKUP(A26,'MEMORIA DE CALCULO'!$A$6:$N$274,14,0) -> 96.42 | G26: =IF($B26="SINAPI",VLOOKUP($C26,SINAPI08!$A$1:$D$15741,4,0),IF($B26="CDHU",VLOOKUP($C26,CDHU203!$A$8:$F$4122,6,0),IF($B26="SIURB EDIF",VLOOKUP($C26,EDIFJUL26!$A$1:$D$2751,4,0),IF($B26="siurb infra",VLOOKUP($C26,INFRAJUL26!$A$1:$D$935,4,0))))) -> 29.16 | H26: =G26*F26 -> 2811.6072 | J26: =H26/$H$55 -> 0.020156999 | K26: =J26+K25 -> 0.8473116
A27: 3.4.2 | B27: SIURB EDIF | C27: 18014015 | D27: =IF($B27="SINAPI",VLOOKUP($C27,SINAPI08!$A$1:$D$15741,2,0),IF($B27="CDHU",VLOOKUP($C27,CDHU203!$A$8:$F$4122,2,0),IF($B27="SIURB EDIF",VLOOKUP($C27,EDIFJUL26!$A$1:$D$2751,2,0),IF($B27="siurb infra",VLOOKUP($C27,INFRAJUL26!$A$1:$D$935,2,0))))) -> BALANÇO DE 3 LUGARES COM PNEUS COMPR=4,50M H=2,50M - ESTRUTURA METÁLICA | E27: =IF($B27="SINAPI",VLOOKUP($C27,SINAPI08!$A$1:$D$15741,3,0),IF($B27="CDHU",VLOOKUP($C27,CDHU203!$A$8:$F$4122,3,0),IF($B27="SIURB EDIF",VLOOKUP($C27,EDIFJUL26!$A$1:$D$2751,3,0),IF($B27="siurb infra",VLOOKUP($C27,INFRAJUL26!$A$1:$D$935,3,0))))) -> UN | F27: =VLOOKUP(A27,'MEMORIA DE CALCULO'!$A$6:$N$274,14,0) -> 1 | G27: =IF($B27="SINAPI",VLOOKUP($C27,SINAPI08!$A$1:$D$15741,4,0),IF($B27="CDHU",VLOOKUP($C27,CDHU203!$A$8:$F$4122,6,0),IF($B27="SIURB EDIF",VLOOKUP($C27,EDIFJUL26!$A$1:$D$2751,4,0),IF($B27="siurb infra",VLOOKUP($C27,INFRAJUL26!$A$1:$D$935,4,0))))) -> 2715.42 | H27: =G27*F27 -> 2715.42 | I27: considerar a area dos canteiros A1 | J27: =H27/$H$55 -> 0.019467413 | K27: =J27+K26 -> 0.86677901
A28: 2.1 | B28: SIURB EDIF | C28: 17060046 | D28: =IF($B28="SINAPI",VLOOKUP($C28,SINAPI08!$A$1:$D$15741,2,0),IF($B28="CDHU",VLOOKUP($C28,CDHU203!$A$8:$F$4122,2,0),IF($B28="SIURB EDIF",VLOOKUP($C28,EDIFJUL26!$A$1:$D$2751,2,0),IF($B28="siurb infra",VLOOKUP($C28,INFRAJUL26!$A$1:$D$935,2,0))))) -> RETIRADA DE PISO INTERTRAVADO | E28: =IF($B28="SINAPI",VLOOKUP($C28,SINAPI08!$A$1:$D$15741,3,0),IF($B28="CDHU",VLOOKUP($C28,CDHU203!$A$8:$F$4122,3,0),IF($B28="SIURB EDIF",VLOOKUP($C28,EDIFJUL26!$A$1:$D$2751,3,0),IF($B28="siurb infra",VLOOKUP($C28,INFRAJUL26!$A$1:$D$935,3,0))))) -> M2 | F28: =VLOOKUP(A28,'MEMORIA DE CALCULO'!$A$6:$N$274,14,0) -> 142.7 | G28: =IF($B28="SINAPI",VLOOKUP($C28,SINAPI08!$A$1:$D$15741,4,0),IF($B28="CDHU",VLOOKUP($C28,CDHU203!$A$8:$F$4122,6,0),IF($B28="SIURB EDIF",VLOOKUP($C28,EDIFJUL26!$A$1:$D$2751,4,0),IF($B28="siurb infra",VLOOKUP($C28,INFRAJUL26!$A$1:$D$935,4,0))))) -> 18.99 | H28: =G28*F28 -> 2709.873 | J28: =H28/$H$55 -> 0.019427646 | K28: =J28+K27 -> 0.88620666
A29: 1.3 | B29: CDHU | C29: 02.01.180 | D29: =IF($B29="SINAPI",VLOOKUP($C29,SINAPI08!$A$1:$D$15741,2,0),IF($B29="CDHU",VLOOKUP($C29,CDHU203!$A$8:$F$4122,2,0),IF($B29="SIURB EDIF",VLOOKUP($C29,EDIFJUL26!$A$1:$D$2751,2,0),IF($B29="siurb infra",VLOOKUP($C29,INFRAJUL26!$A$1:$D$935,2,0))))) -> Banheiro químico modelo Standard, com manutenção conforme exigências da CETESB | E29: =IF($B29="SINAPI",VLOOKUP($C29,SINAPI08!$A$1:$D$15741,3,0),IF($B29="CDHU",VLOOKUP($C29,CDHU203!$A$8:$F$4122,3,0),IF($B29="SIURB EDIF",VLOOKUP($C29,EDIFJUL26!$A$1:$D$2751,3,0),IF($B29="siurb infra",VLOOKUP($C29,INFRAJUL26!$A$1:$D$935,3,0))))) -> UNMES | F29: =VLOOKUP(A29,'MEMORIA DE CALCULO'!$A$6:$N$274,14,0) -> 2 | G29: =IF($B29="SINAPI",VLOOKUP($C29,SINAPI08!$A$1:$D$15741,4,0),IF($B29="CDHU",VLOOKUP($C29,CDHU203!$A$8:$F$4122,6,0),IF($B29="SIURB EDIF",VLOOKUP($C29,EDIFJUL26!$A$1:$D$2751,4,0),IF($B29="siurb infra",VLOOKUP($C29,INFRAJUL26!$A$1:$D$935,4,0))))) -> 1259.83 | H29: =G29*F29 -> 2519.66 | J29: =H29/$H$55 -> 0.018063969 | K29: =J29+K28 -> 0.90427063
A30: 1.2 | B30: CDHU | C30: 02.02.150 | D30: =IF($B30="SINAPI",VLOOKUP($C30,SINAPI08!$A$1:$D$15741,2,0),IF($B30="CDHU",VLOOKUP($C30,CDHU203!$A$8:$F$4122,2,0),IF($B30="SIURB EDIF",VLOOKUP($C30,EDIFJUL26!$A$1:$D$2751,2,0),IF($B30="siurb infra",VLOOKUP($C30,INFRAJUL26!$A$1:$D$935,2,0))))) -> Locação de container tipo depósito - área mínima de 13,80 m² | E30: =IF($B30="SINAPI",VLOOKUP($C30,SINAPI08!$A$1:$D$15741,3,0),IF($B30="CDHU",VLOOKUP($C30,CDHU203!$A$8:$F$4122,3,0),IF($B30="SIURB EDIF",VLOOKUP($C30,EDIFJUL26!$A$1:$D$2751,3,0),IF($B30="siurb infra",VLOOKUP($C30,INFRAJUL26!$A$1:$D$935,3,0))))) -> UNMES | F30: =VLOOKUP(A30,'MEMORIA DE CALCULO'!$A$6:$N$274,14,0) -> 2 | G30: =IF($B30="SINAPI",VLOOKUP($C30,SINAPI08!$A$1:$D$15741,4,0),IF($B30="CDHU",VLOOKUP($C30,CDHU203!$A$8:$F$4122,6,0),IF($B30="SIURB EDIF",VLOOKUP($C30,EDIFJUL26!$A$1:$D$2751,4,0),IF($B30="siurb infra",VLOOKUP($C30,INFRAJUL26!$A$1:$D$935,4,0))))) -> 1010.89 | H30: =G30*F30 -> 2021.78 | J30: =H30/$H$55 -> 0.014494563 | K30: =J30+K29 -> 0.91876519
A31: 3.1.12 | B31: SIURB EDIF | C31: 2006002 | D31: =IF($B31="SINAPI",VLOOKUP($C31,SINAPI08!$A$1:$D$15741,2,0),IF($B31="CDHU",VLOOKUP($C31,CDHU203!$A$8:$F$4122,2,0),IF($B31="SIURB EDIF",VLOOKUP($C31,EDIFJUL26!$A$1:$D$2751,2,0),IF($B31="siurb infra",VLOOKUP($C31,INFRAJUL26!$A$1:$D$935,2,0))))) -> ALVENARIA DE EMBASAMENTO - BLOCOS VAZADO DE CONCRETO ESTRUTURAL - 14CM - 10MPA | E31: =IF($B31="SINAPI",VLOOKUP($C31,SINAPI08!$A$1:$D$15741,3,0),IF($B31="CDHU",VLOOKUP($C31,CDHU203!$A$8:$F$4122,3,0),IF($B31="SIURB EDIF",VLOOKUP($C31,EDIFJUL26!$A$1:$D$2751,3,0),IF($B31="siurb infra",VLOOKUP($C31,INFRAJUL26!$A$1:$D$935,3,0))))) -> M2 | F31: =VLOOKUP(A31,'MEMORIA DE CALCULO'!$A$6:$N$274,14,0) -> 9.42 | G31: =IF($B31="SINAPI",VLOOKUP($C31,SINAPI08!$A$1:$D$15741,4,0),IF($B31="CDHU",VLOOKUP($C31,CDHU203!$A$8:$F$4122,6,0),IF($B31="SIURB EDIF",VLOOKUP($C31,EDIFJUL26!$A$1:$D$2751,4,0),IF($B31="siurb infra",VLOOKUP($C31,INFRAJUL26!$A$1:$D$935,4,0))))) -> 173.85 | H31: =G31*F31 -> 1637.667 | J31: =H31/$H$55 -> 0.011740777 | K31: =J31+K30 -> 0.93050597
A32: 3.4.3 | B32: CDHU | C32: 35.20.050 | D32: =IF($B32="SINAPI",VLOOKUP($C32,SINAPI08!$A$1:$D$15741,2,0),IF($B32="CDHU",VLOOKUP($C32,CDHU203!$A$8:$F$4122,2,0),IF($B32="SIURB EDIF",VLOOKUP($C32,EDIFJUL26!$A$1:$D$2751,2,0),IF($B32="siurb infra",VLOOKUP($C32,INFRAJUL26!$A$1:$D$935,2,0))))) -> Conjunto de 4 lixeiras para coleta seletiva, com tampa basculante, capacidade 50 litros | E32: =IF($B32="SINAPI",VLOOKUP($C32,SINAPI08!$A$1:$D$15741,3,0),IF($B32="CDHU",VLOOKUP($C32,CDHU203!$A$8:$F$4122,3,0),IF($B32="SIURB EDIF",VLOOKUP($C32,EDIFJUL26!$A$1:$D$2751,3,0),IF($B32="siurb infra",VLOOKUP($C32,INFRAJUL26!$A$1:$D$935,3,0))))) -> UN | F32: =VLOOKUP(A32,'MEMORIA DE CALCULO'!$A$6:$N$274,14,0) -> 1 | G32: =IF($B32="SINAPI",VLOOKUP($C32,SINAPI08!$A$1:$D$15741,4,0),IF($B32="CDHU",VLOOKUP($C32,CDHU203!$A$8:$F$4122,6,0),IF($B32="SIURB EDIF",VLOOKUP($C32,EDIFJUL26!$A$1:$D$2751,4,0),IF($B32="siurb infra",VLOOKUP($C32,INFRAJUL26!$A$1:$D$935,4,0))))) -> 1416.02 | H32: =G32*F32 -> 1416.02 | J32: =H32/$H$55 -> 0.010151743 | K32: =J32+K31 -> 0.94065771
A33: 3.1.6 | B33: SINAPI | C33: 94280 | D33: =IF($B33="SINAPI",VLOOKUP($C33,SINAPI08!$A$1:$D$15741,2,0),IF($B33="CDHU",VLOOKUP($C33,CDHU203!$A$8:$F$4122,2,0),IF($B33="SIURB EDIF",VLOOKUP($C33,EDIFJUL26!$A$1:$D$2751,2,0),IF($B33="siurb infra",VLOOKUP($C33,INFRAJUL26!$A$1:$D$935,2,0))))) -> ASSENTAMENTO DE GUIA (MEIO-FIO) EM TRECHO CURVO, CONFECCIONADA EM CONCRETO PRÉ-FABRICADO, DIMENSÕES 39X6,5X6,5X19 CM (COMPRIMENTO X BASE INFERIOR X BASE SUPERIOR X ALTURA), PARA DELIMITAÇÃO DE JARDINS, PRAÇAS OU PASSEIOS. AF_01/2024 | E33: =IF($B33="SINAPI",VLOOKUP($C33,SINAPI08!$A$1:$D$15741,3,0),IF($B33="CDHU",VLOOKUP($C33,CDHU203!$A$8:$F$4122,3,0),IF($B33="SIURB EDIF",VLOOKUP($C33,EDIFJUL26!$A$1:$D$2751,3,0),IF($B33="siurb infra",VLOOKUP($C33,INFRAJUL26!$A$1:$D$935,3,0))))) -> M | F33: =VLOOKUP(A33,'MEMORIA DE CALCULO'!$A$6:$N$274,14,0) -> 16.23 | G33: =IF($B33="SINAPI",VLOOKUP($C33,SINAPI08!$A$1:$D$15741,4,0),IF($B33="CDHU",VLOOKUP($C33,CDHU203!$A$8:$F$4122,6,0),IF($B33="SIURB EDIF",VLOOKUP($C33,EDIFJUL26!$A$1:$D$2751,4,0),IF($B33="siurb infra",VLOOKUP($C33,INFRAJUL26!$A$1:$D$935,4,0))))) -> 65.55 | H33: =G33*F33 -> 1063.8765 | J33: =H33/$H$55 -> 0.0076271529 | K33: =J33+K32 -> 0.94828486
A34: 1.4 | B34: CDHU | C34: 02.10.060 | D34: =IF($B34="SINAPI",VLOOKUP($C34,SINAPI08!$A$1:$D$15741,2,0),IF($B34="CDHU",VLOOKUP($C34,CDHU203!$A$8:$F$4122,2,0),IF($B34="SIURB EDIF",VLOOKUP($C34,EDIFJUL26!$A$1:$D$2751,2,0),IF($B34="siurb infra",VLOOKUP($C34,INFRAJUL26!$A$1:$D$935,2,0))))) -> Locação de vias, calçadas, tanques e lagoas | E34: =IF($B34="SINAPI",VLOOKUP($C34,SINAPI08!$A$1:$D$15741,3,0),IF($B34="CDHU",VLOOKUP($C34,CDHU203!$A$8:$F$4122,3,0),IF($B34="SIURB EDIF",VLOOKUP($C34,EDIFJUL26!$A$1:$D$2751,3,0),IF($B34="siurb infra",VLOOKUP($C34,INFRAJUL26!$A$1:$D$935,3,0))))) -> M2 | F34: =VLOOKUP(A34,'MEMORIA DE CALCULO'!$A$6:$N$274,14,0) -> 419.02 | G34: =IF($B34="SINAPI",VLOOKUP($C34,SINAPI08!$A$1:$D$15741,4,0),IF($B34="CDHU",VLOOKUP($C34,CDHU203!$A$8:$F$4122,6,0),IF($B34="SIURB EDIF",VLOOKUP($C34,EDIFJUL26!$A$1:$D$2751,4,0),IF($B34="siurb infra",VLOOKUP($C34,INFRAJUL26!$A$1:$D$935,4,0))))) -> 1.94 | H34: =G34*F34 -> 812.8988 | J34: =H34/$H$55 -> 0.0058278413 | K34: =J34+K33 -> 0.9541127
A35: 3.1.8 | B35: SINAPI | C35: 98520 | D35: =IF($B35="SINAPI",VLOOKUP($C35,SINAPI08!$A$1:$D$15741,2,0),IF($B35="CDHU",VLOOKUP($C35,CDHU203!$A$8:$F$4122,2,0),IF($B35="SIURB EDIF",VLOOKUP($C35,EDIFJUL26!$A$1:$D$2751,2,0),IF($B35="siurb infra",VLOOKUP($C35,INFRAJUL26!$A$1:$D$935,2,0))))) -> APLICAÇÃO DE ADUBO EM SOLO. AF_07/2024 | E35: =IF($B35="SINAPI",VLOOKUP($C35,SINAPI08!$A$1:$D$15741,3,0),IF($B35="CDHU",VLOOKUP($C35,CDHU203!$A$8:$F$4122,3,0),IF($B35="SIURB EDIF",VLOOKUP($C35,EDIFJUL26!$A$1:$D$2751,3,0),IF($B35="siurb infra",VLOOKUP($C35,INFRAJUL26!$A$1:$D$935,3,0))))) -> M2 | F35: =VLOOKUP(A35,'MEMORIA DE CALCULO'!$A$6:$N$274,14,0) -> 96.42 | G35: =IF($B35="SINAPI",VLOOKUP($C35,SINAPI08!$A$1:$D$15741,4,0),IF($B35="CDHU",VLOOKUP($C35,CDHU203!$A$8:$F$4122,6,0),IF($B35="SIURB EDIF",VLOOKUP($C35,EDIFJUL26!$A$1:$D$2751,4,0),IF($B35="siurb infra",VLOOKUP($C35,INFRAJUL26!$A$1:$D$935,4,0))))) -> 7.5 | H35: =G35*F35 -> 723.15 | J35: =H35/$H$55 -> 0.0051844134 | K35: =J35+K34 -> 0.95929712
A36: 3.1.17 | B36: SINAPI | C36: 94319 | D36: =IF($B36="SINAPI",VLOOKUP($C36,SINAPI08!$A$1:$D$15741,2,0),IF($B36="CDHU",VLOOKUP($C36,CDHU203!$A$8:$F$4122,2,0),IF($B36="SIURB EDIF",VLOOKUP($C36,EDIFJUL26!$A$1:$D$2751,2,0),IF($B36="siurb infra",VLOOKUP($C36,INFRAJUL26!$A$1:$D$935,2,0))))) -> ATERRO MANUAL DE VALAS COM SOLO ARGILO-ARENOSO. AF_08/2023 | E36: =IF($B36="SINAPI",VLOOKUP($C36,SINAPI08!$A$1:$D$15741,3,0),IF($B36="CDHU",VLOOKUP($C36,CDHU203!$A$8:$F$4122,3,0),IF($B36="SIURB EDIF",VLOOKUP($C36,EDIFJUL26!$A$1:$D$2751,3,0),IF($B36="siurb infra",VLOOKUP($C36,INFRAJUL26!$A$1:$D$935,3,0))))) -> M3 | F36: =VLOOKUP(A36,'MEMORIA DE CALCULO'!$A$6:$N$274,14,0) -> 7.6375 | G36: =IF($B36="SINAPI",VLOOKUP($C36,SINAPI08!$A$1:$D$15741,4,0),IF($B36="CDHU",VLOOKUP($C36,CDHU203!$A$8:$F$4122,6,0),IF($B36="SIURB EDIF",VLOOKUP($C36,EDIFJUL26!$A$1:$D$2751,4,0),IF($B36="siurb infra",VLOOKUP($C36,INFRAJUL26!$A$1:$D$935,4,0))))) -> 87.78 | H36: =G36*F36 -> 670.41975 | J36: =H36/$H$55 -> 0.0048063792 | K36: =J36+K35 -> 0.9641035
A37: 3.1.18 | B37: SINAPI | C37: 97088 | D37: =IF($B37="SINAPI",VLOOKUP($C37,SINAPI08!$A$1:$D$15741,2,0),IF($B37="CDHU",VLOOKUP($C37,CDHU203!$A$8:$F$4122,2,0),IF($B37="SIURB EDIF",VLOOKUP($C37,EDIFJUL26!$A$1:$D$2751,2,0),IF($B37="siurb infra",VLOOKUP($C37,INFRAJUL26!$A$1:$D$935,2,0))))) -> ARMAÇÃO PARA EXECUÇÃO DE RADIER, PISO DE CONCRETO OU LAJE SOBRE SOLO, COM USO DE TELA Q-92. AF_07/2026 | E37: =IF($B37="SINAPI",VLOOKUP($C37,SINAPI08!$A$1:$D$15741,3,0),IF($B37="CDHU",VLOOKUP($C37,CDHU203!$A$8:$F$4122,3,0),IF($B37="SIURB EDIF",VLOOKUP($C37,EDIFJUL26!$A$1:$D$2751,3,0),IF($B37="siurb infra",VLOOKUP($C37,INFRAJUL26!$A$1:$D$935,3,0))))) -> KG | F37: =VLOOKUP(A37,'MEMORIA DE CALCULO'!$A$6:$N$274,14,0) -> 38.1875 | G37: =IF($B37="SINAPI",VLOOKUP($C37,SINAPI08!$A$1:$D$15741,4,0),IF($B37="CDHU",VLOOKUP($C37,CDHU203!$A$8:$F$4122,6,0),IF($B37="SIURB EDIF",VLOOKUP($C37,EDIFJUL26!$A$1:$D$2751,4,0),IF($B37="siurb infra",VLOOKUP($C37,INFRAJUL26!$A$1:$D$935,4,0))))) -> 17.05 | H37: =G37*F37 -> 651.09688 | J37: =H37/$H$55 -> 0.0046678495 | K37: =J37+K36 -> 0.96877135
A38: 2.2 | B38: SINAPI | C38: 104790 | D38: =IF($B38="SINAPI",VLOOKUP($C38,SINAPI08!$A$1:$D$15741,2,0),IF($B38="CDHU",VLOOKUP($C38,CDHU203!$A$8:$F$4122,2,0),IF($B38="SIURB EDIF",VLOOKUP($C38,EDIFJUL26!$A$1:$D$2751,2,0),IF($B38="siurb infra",VLOOKUP($C38,INFRAJUL26!$A$1:$D$935,2,0))))) -> DEMOLIÇÃO DE PISO DE CONCRETO SIMPLES, DE FORMA MECANIZADA COM MARTELETE, SEM REAPROVEITAMENTO. AF_09/2023 | E38: =IF($B38="SINAPI",VLOOKUP($C38,SINAPI08!$A$1:$D$15741,3,0),IF($B38="CDHU",VLOOKUP($C38,CDHU203!$A$8:$F$4122,3,0),IF($B38="SIURB EDIF",VLOOKUP($C38,EDIFJUL26!$A$1:$D$2751,3,0),IF($B38="siurb infra",VLOOKUP($C38,INFRAJUL26!$A$1:$D$935,3,0))))) -> M3 | F38: =VLOOKUP(A38,'MEMORIA DE CALCULO'!$A$6:$N$274,14,0) -> 4.8388 | G38: =IF($B38="SINAPI",VLOOKUP($C38,SINAPI08!$A$1:$D$15741,4,0),IF($B38="CDHU",VLOOKUP($C38,CDHU203!$A$8:$F$4122,6,0),IF($B38="SIURB EDIF",VLOOKUP($C38,EDIFJUL26!$A$1:$D$2751,4,0),IF($B38="siurb infra",VLOOKUP($C38,INFRAJUL26!$A$1:$D$935,4,0))))) -> 127.66 | H38: =G38*F38 -> 617.72121 | J38: =H38/$H$55 -> 0.0044285724 | K38: =J38+K37 -> 0.97319992
A39: 3.1.26 | B39: SINAPI | C39: 100719 | D39: =IF($B39="SINAPI",VLOOKUP($C39,SINAPI08!$A$1:$D$15741,2,0),IF($B39="CDHU",VLOOKUP($C39,CDHU203!$A$8:$F$4122,2,0),IF($B39="SIURB EDIF",VLOOKUP($C39,EDIFJUL26!$A$1:$D$2751,2,0),IF($B39="siurb infra",VLOOKUP($C39,INFRAJUL26!$A$1:$D$935,2,0))))) -> PINTURA COM TINTA ALQUIDICA DE FUNDO (TIPO ZARCAO) PULVERIZADA SOBRE PERFIL METALICO EXECUTADO EM FABRICA (POR DEMAO). AF_01/2020 | E39: =IF($B39="SINAPI",VLOOKUP($C39,SINAPI08!$A$1:$D$15741,3,0),IF($B39="CDHU",VLOOKUP($C39,CDHU203!$A$8:$F$4122,3,0),IF($B39="SIURB EDIF",VLOOKUP($C39,EDIFJUL26!$A$1:$D$2751,3,0),IF($B39="siurb infra",VLOOKUP($C39,INFRAJUL26!$A$1:$D$935,3,0))))) -> M2 | F39: =VLOOKUP(A39,'MEMORIA DE CALCULO'!$A$6:$N$274,14,0) -> 54 | G39: =IF($B39="SINAPI",VLOOKUP($C39,SINAPI08!$A$1:$D$15741,4,0),IF($B39="CDHU",VLOOKUP($C39,CDHU203!$A$8:$F$4122,6,0),IF($B39="SIURB EDIF",VLOOKUP($C39,EDIFJUL26!$A$1:$D$2751,4,0),IF($B39="siurb infra",VLOOKUP($C39,INFRAJUL26!$A$1:$D$935,4,0))))) -> 11.1 | H39: =G39*F39 -> 599.4 | J39: =H39/$H$55 -> 0.0042972238 | K39: =J39+K38 -> 0.97749714
A40: 3.1.14 | B40: SINAPI | C40: 87905 | D40: =IF($B40="SINAPI",VLOOKUP($C40,SINAPI08!$A$1:$D$15741,2,0),IF($B40="CDHU",VLOOKUP($C40,CDHU203!$A$8:$F$4122,2,0),IF($B40="SIURB EDIF",VLOOKUP($C40,EDIFJUL26!$A$1:$D$2751,2,0),IF($B40="siurb infra",VLOOKUP($C40,INFRAJUL26!$A$1:$D$935,2,0))))) -> CHAPISCO APLICADO EM ALVENARIA (COM PRESENÇA DE VÃOS) E ESTRUTURAS DE CONCRETO DE FACHADA, COM COLHER DE PEDREIRO. ARGAMASSA TRAÇO 1:3 COM PREPARO EM BETONEIRA 400L. AF_10/2022 | E40: =IF($B40="SINAPI",VLOOKUP($C40,SINAPI08!$A$1:$D$15741,3,0),IF($B40="CDHU",VLOOKUP($C40,CDHU203!$A$8:$F$4122,3,0),IF($B40="SIURB EDIF",VLOOKUP($C40,EDIFJUL26!$A$1:$D$2751,3,0),IF($B40="siurb infra",VLOOKUP($C40,INFRAJUL26!$A$1:$D$935,3,0))))) -> M2 | F40: =VLOOKUP(A40,'MEMORIA DE CALCULO'!$A$6:$N$274,14,0) -> 47.1 | G40: =IF($B40="SINAPI",VLOOKUP($C40,SINAPI08!$A$1:$D$15741,4,0),IF($B40="CDHU",VLOOKUP($C40,CDHU203!$A$8:$F$4122,6,0),IF($B40="SIURB EDIF",VLOOKUP($C40,EDIFJUL26!$A$1:$D$2751,4,0),IF($B40="siurb infra",VLOOKUP($C40,INFRAJUL26!$A$1:$D$935,4,0))))) -> 10.24 | H40: =G40*F40 -> 482.304 | J40: =H40/$H$55 -> 0.0034577381 | K40: =J40+K39 -> 0.98095488
A41: 3.1.9 | B41: SINAPI | C41: 105521 | D41: =IF($B41="SINAPI",VLOOKUP($C41,SINAPI08!$A$1:$D$15741,2,0),IF($B41="CDHU",VLOOKUP($C41,CDHU203!$A$8:$F$4122,2,0),IF($B41="SIURB EDIF",VLOOKUP($C41,EDIFJUL26!$A$1:$D$2751,2,0),IF($B41="siurb infra",VLOOKUP($C41,INFRAJUL26!$A$1:$D$935,2,0))))) -> ESPALHAMENTO DE TERRA VEGETAL PARA O PLANTIO. AF_07/2024 | E41: =IF($B41="SINAPI",VLOOKUP($C41,SINAPI08!$A$1:$D$15741,3,0),IF($B41="CDHU",VLOOKUP($C41,CDHU203!$A$8:$F$4122,3,0),IF($B41="SIURB EDIF",VLOOKUP($C41,EDIFJUL26!$A$1:$D$2751,3,0),IF($B41="siurb infra",VLOOKUP($C41,INFRAJUL26!$A$1:$D$935,3,0))))) -> M2 | F41: =VLOOKUP(A41,'MEMORIA DE CALCULO'!$A$6:$N$274,14,0) -> 96.42 | G41: =IF($B41="SINAPI",VLOOKUP($C41,SINAPI08!$A$1:$D$15741,4,0),IF($B41="CDHU",VLOOKUP($C41,CDHU203!$A$8:$F$4122,6,0),IF($B41="SIURB EDIF",VLOOKUP($C41,EDIFJUL26!$A$1:$D$2751,4,0),IF($B41="siurb infra",VLOOKUP($C41,INFRAJUL26!$A$1:$D$935,4,0))))) -> 4.94 | H41: =G41*F41 -> 476.3148 | J41: =H41/$H$55 -> 0.0034148003 | K41: =J41+K40 -> 0.98436968
A42: 3.1.7 | B42: SINAPI | C42: 98519 | D42: =IF($B42="SINAPI",VLOOKUP($C42,SINAPI08!$A$1:$D$15741,2,0),IF($B42="CDHU",VLOOKUP($C42,CDHU203!$A$8:$F$4122,2,0),IF($B42="SIURB EDIF",VLOOKUP($C42,EDIFJUL26!$A$1:$D$2751,2,0),IF($B42="siurb infra",VLOOKUP($C42,INFRAJUL26!$A$1:$D$935,2,0))))) -> REVOLVIMENTO E LIMPEZA MANUAL DE SOLO. AF_07/2024 | E42: =IF($B42="SINAPI",VLOOKUP($C42,SINAPI08!$A$1:$D$15741,3,0),IF($B42="CDHU",VLOOKUP($C42,CDHU203!$A$8:$F$4122,3,0),IF($B42="SIURB EDIF",VLOOKUP($C42,EDIFJUL26!$A$1:$D$2751,3,0),IF($B42="siurb infra",VLOOKUP($C42,INFRAJUL26!$A$1:$D$935,3,0))))) -> M2 | F42: =VLOOKUP(A42,'MEMORIA DE CALCULO'!$A$6:$N$274,14,0) -> 96.42 | G42: =IF($B42="SINAPI",VLOOKUP($C42,SINAPI08!$A$1:$D$15741,4,0),IF($B42="CDHU",VLOOKUP($C42,CDHU203!$A$8:$F$4122,6,0),IF($B42="SIURB EDIF",VLOOKUP($C42,EDIFJUL26!$A$1:$D$2751,4,0),IF($B42="siurb infra",VLOOKUP($C42,INFRAJUL26!$A$1:$D$935,4,0))))) -> 4.2 | H42: =G42*F42 -> 404.964 | J42: =H42/$H$55 -> 0.0029032715 | K42: =J42+K41 -> 0.98727295
A43: 3.1.19 | B43: SIURB EDIF | C43: 3003017 | D43: =IF($B43="SINAPI",VLOOKUP($C43,SINAPI08!$A$1:$D$15741,2,0),IF($B43="CDHU",VLOOKUP($C43,CDHU203!$A$8:$F$4122,2,0),IF($B43="SIURB EDIF",VLOOKUP($C43,EDIFJUL26!$A$1:$D$2751,2,0),IF($B43="siurb infra",VLOOKUP($C43,INFRAJUL26!$A$1:$D$935,2,0))))) -> CONCRETO FCK = 25,0MPA - USINADO | E43: =IF($B43="SINAPI",VLOOKUP($C43,SINAPI08!$A$1:$D$15741,3,0),IF($B43="CDHU",VLOOKUP($C43,CDHU203!$A$8:$F$4122,3,0),IF($B43="SIURB EDIF",VLOOKUP($C43,EDIFJUL26!$A$1:$D$2751,3,0),IF($B43="siurb infra",VLOOKUP($C43,INFRAJUL26!$A$1:$D$935,3,0))))) -> M3 | F43: =VLOOKUP(A43,'MEMORIA DE CALCULO'!$A$6:$N$274,14,0) -> 0.5875 | G43: =IF($B43="SINAPI",VLOOKUP($C43,SINAPI08!$A$1:$D$15741,4,0),IF($B43="CDHU",VLOOKUP($C43,CDHU203!$A$8:$F$4122,6,0),IF($B43="SIURB EDIF",VLOOKUP($C43,EDIFJUL26!$A$1:$D$2751,4,0),IF($B43="siurb infra",VLOOKUP($C43,INFRAJUL26!$A$1:$D$935,4,0))))) -> 589.49 | H43: =G43*F43 -> 346.32538 | J43: =H43/$H$55 -> 0.002482879 | K43: =J43+K42 -> 0.98975583
A44: 3.1.16 | B44: SINAPI | C44: 104642 | D44: =IF($B44="SINAPI",VLOOKUP($C44,SINAPI08!$A$1:$D$15741,2,0),IF($B44="CDHU",VLOOKUP($C44,CDHU203!$A$8:$F$4122,2,0),IF($B44="SIURB EDIF",VLOOKUP($C44,EDIFJUL26!$A$1:$D$2751,2,0),IF($B44="siurb infra",VLOOKUP($C44,INFRAJUL26!$A$1:$D$935,2,0))))) -> PINTURA LÁTEX ACRÍLICA STANDARD, APLICAÇÃO MANUAL EM PAREDES, DUAS DEMÃOS. AF_04/2023 | E44: =IF($B44="SINAPI",VLOOKUP($C44,SINAPI08!$A$1:$D$15741,3,0),IF($B44="CDHU",VLOOKUP($C44,CDHU203!$A$8:$F$4122,3,0),IF($B44="SIURB EDIF",VLOOKUP($C44,EDIFJUL26!$A$1:$D$2751,3,0),IF($B44="siurb infra",VLOOKUP($C44,INFRAJUL26!$A$1:$D$935,3,0))))) -> M2 | F44: =VLOOKUP(A44,'MEMORIA DE CALCULO'!$A$6:$N$274,14,0) -> 23.55 | G44: =IF($B44="SINAPI",VLOOKUP($C44,SINAPI08!$A$1:$D$15741,4,0),IF($B44="CDHU",VLOOKUP($C44,CDHU203!$A$8:$F$4122,6,0),IF($B44="SIURB EDIF",VLOOKUP($C44,EDIFJUL26!$A$1:$D$2751,4,0),IF($B44="siurb infra",VLOOKUP($C44,INFRAJUL26!$A$1:$D$935,4,0))))) -> 13.19 | H44: =G44*F44 -> 310.6245 | J44: =H44/$H$55 -> 0.0022269319 | K44: =J44+K43 -> 0.99198276
A45: 3.1.24 | B45: SIURB INFRA | C45: 10018000 | D45: =IF($B45="SINAPI",VLOOKUP($C45,SINAPI08!$A$1:$D$15741,2,0),IF($B45="CDHU",VLOOKUP($C45,CDHU203!$A$8:$F$4122,2,0),IF($B45="SIURB EDIF",VLOOKUP($C45,EDIFJUL26!$A$1:$D$2751,2,0),IF($B45="siurb infra",VLOOKUP($C45,INFRAJUL26!$A$1:$D$935,2,0))))) -> PROTEÇÃO PARA TERCEIROS COM TELA DE NYLON | E45: =IF($B45="SINAPI",VLOOKUP($C45,SINAPI08!$A$1:$D$15741,3,0),IF($B45="CDHU",VLOOKUP($C45,CDHU203!$A$8:$F$4122,3,0),IF($B45="SIURB EDIF",VLOOKUP($C45,EDIFJUL26!$A$1:$D$2751,3,0),IF($B45="siurb infra",VLOOKUP($C45,INFRAJUL26!$A$1:$D$935,3,0))))) -> M2 | F45: =VLOOKUP(A45,'MEMORIA DE CALCULO'!$A$6:$N$274,14,0) -> 64.8 | G45: =IF($B45="SINAPI",VLOOKUP($C45,SINAPI08!$A$1:$D$15741,4,0),IF($B45="CDHU",VLOOKUP($C45,CDHU203!$A$8:$F$4122,6,0),IF($B45="SIURB EDIF",VLOOKUP($C45,EDIFJUL26!$A$1:$D$2751,4,0),IF($B45="siurb infra",VLOOKUP($C45,INFRAJUL26!$A$1:$D$935,4,0))))) -> 4.77 | H45: =G45*F45 -> 309.096 | J45: =H45/$H$55 -> 0.0022159738 | K45: =J45+K44 -> 0.99419874
A46: 3.1.11 | B46: SINAPI | C46: 93358 | D46: =IF($B46="SINAPI",VLOOKUP($C46,SINAPI08!$A$1:$D$15741,2,0),IF($B46="CDHU",VLOOKUP($C46,CDHU203!$A$8:$F$4122,2,0),IF($B46="SIURB EDIF",VLOOKUP($C46,EDIFJUL26!$A$1:$D$2751,2,0),IF($B46="siurb infra",VLOOKUP($C46,INFRAJUL26!$A$1:$D$935,2,0))))) -> ESCAVAÇÃO MANUAL DE VALA. AF_09/2024 | E46: =IF($B46="SINAPI",VLOOKUP($C46,SINAPI08!$A$1:$D$15741,3,0),IF($B46="CDHU",VLOOKUP($C46,CDHU203!$A$8:$F$4122,3,0),IF($B46="SIURB EDIF",VLOOKUP($C46,EDIFJUL26!$A$1:$D$2751,3,0),IF($B46="siurb infra",VLOOKUP($C46,INFRAJUL26!$A$1:$D$935,3,0))))) -> M3 | F46: =VLOOKUP(A46,'MEMORIA DE CALCULO'!$A$6:$N$274,14,0) -> 2.35 | G46: =IF($B46="SINAPI",VLOOKUP($C46,SINAPI08!$A$1:$D$15741,4,0),IF($B46="CDHU",VLOOKUP($C46,CDHU203!$A$8:$F$4122,6,0),IF($B46="SIURB EDIF",VLOOKUP($C46,EDIFJUL26!$A$1:$D$2751,4,0),IF($B46="siurb infra",VLOOKUP($C46,INFRAJUL26!$A$1:$D$935,4,0))))) -> 98.81 | H46: =G46*F46 -> 232.2035 | J46: =H46/$H$55 -> 0.0016647154 | K46: =J46+K45 -> 0.99586345
A47: 3.1.25 | B47: CDHU | C47: 34.01.020 | D47: =IF($B47="SINAPI",VLOOKUP($C47,SINAPI08!$A$1:$D$15741,2,0),IF($B47="CDHU",VLOOKUP($C47,CDHU203!$A$8:$F$4122,2,0),IF($B47="SIURB EDIF",VLOOKUP($C47,EDIFJUL26!$A$1:$D$2751,2,0),IF($B47="siurb infra",VLOOKUP($C47,INFRAJUL26!$A$1:$D$935,2,0))))) -> Limpeza e regularização de áreas para ajardinamento (jardins e canteiros) | E47: =IF($B47="SINAPI",VLOOKUP($C47,SINAPI08!$A$1:$D$15741,3,0),IF($B47="CDHU",VLOOKUP($C47,CDHU203!$A$8:$F$4122,3,0),IF($B47="SIURB EDIF",VLOOKUP($C47,EDIFJUL26!$A$1:$D$2751,3,0),IF($B47="siurb infra",VLOOKUP($C47,INFRAJUL26!$A$1:$D$935,3,0))))) -> M2 | F47: =VLOOKUP(A47,'MEMORIA DE CALCULO'!$A$6:$N$274,14,0) -> 96.42 | G47: =IF($B47="SINAPI",VLOOKUP($C47,SINAPI08!$A$1:$D$15741,4,0),IF($B47="CDHU",VLOOKUP($C47,CDHU203!$A$8:$F$4122,6,0),IF($B47="SIURB EDIF",VLOOKUP($C47,EDIFJUL26!$A$1:$D$2751,4,0),IF($B47="siurb infra",VLOOKUP($C47,INFRAJUL26!$A$1:$D$935,4,0))))) -> 2.39 | H47: =G47*F47 -> 230.4438 | J47: =H47/$H$55 -> 0.0016520997 | K47: =J47+K46 -> 0.99751555
A48: 3.1.1 | B48: SINAPI | C48: 100575 | D48: =IF($B48="SINAPI",VLOOKUP($C48,SINAPI08!$A$1:$D$15741,2,0),IF($B48="CDHU",VLOOKUP($C48,CDHU203!$A$8:$F$4122,2,0),IF($B48="SIURB EDIF",VLOOKUP($C48,EDIFJUL26!$A$1:$D$2751,2,0),IF($B48="siurb infra",VLOOKUP($C48,INFRAJUL26!$A$1:$D$935,2,0))))) -> REGULARIZAÇÃO DE SUPERFÍCIES COM MOTONIVELADORA. AF_09/2024 | E48: =IF($B48="SINAPI",VLOOKUP($C48,SINAPI08!$A$1:$D$15741,3,0),IF($B48="CDHU",VLOOKUP($C48,CDHU203!$A$8:$F$4122,3,0),IF($B48="SIURB EDIF",VLOOKUP($C48,EDIFJUL26!$A$1:$D$2751,3,0),IF($B48="siurb infra",VLOOKUP($C48,INFRAJUL26!$A$1:$D$935,3,0))))) -> M2 | F48: =VLOOKUP(A48,'MEMORIA DE CALCULO'!$A$6:$N$274,14,0) -> 322.6 | G48: =IF($B48="SINAPI",VLOOKUP($C48,SINAPI08!$A$1:$D$15741,4,0),IF($B48="CDHU",VLOOKUP($C48,CDHU203!$A$8:$F$4122,6,0),IF($B48="SIURB EDIF",VLOOKUP($C48,EDIFJUL26!$A$1:$D$2751,4,0),IF($B48="siurb infra",VLOOKUP($C48,INFRAJUL26!$A$1:$D$935,4,0))))) -> 0.62 | H48: =G48*F48 -> 200.012 | J48: =H48/$H$55 -> 0.0014339278 | K48: =J48+K47 -> 0.99894948
A49: 2.4 | B49: CDHU | C49: 03.01.020 | D49: =IF($B49="SINAPI",VLOOKUP($C49,SINAPI08!$A$1:$D$15741,2,0),IF($B49="CDHU",VLOOKUP($C49,CDHU203!$A$8:$F$4122,2,0),IF($B49="SIURB EDIF",VLOOKUP($C49,EDIFJUL26!$A$1:$D$2751,2,0),IF($B49="siurb infra",VLOOKUP($C49,INFRAJUL26!$A$1:$D$935,2,0))))) -> Demolição manual de concreto simples | E49: =IF($B49="SINAPI",VLOOKUP($C49,SINAPI08!$A$1:$D$15741,3,0),IF($B49="CDHU",VLOOKUP($C49,CDHU203!$A$8:$F$4122,3,0),IF($B49="SIURB EDIF",VLOOKUP($C49,EDIFJUL26!$A$1:$D$2751,3,0),IF($B49="siurb infra",VLOOKUP($C49,INFRAJUL26!$A$1:$D$935,3,0))))) -> M3 | F49: =VLOOKUP(A49,'MEMORIA DE CALCULO'!$A$6:$N$274,14,0) -> 0.42 | G49: =IF($B49="SINAPI",VLOOKUP($C49,SINAPI08!$A$1:$D$15741,4,0),IF($B49="CDHU",VLOOKUP($C49,CDHU203!$A$8:$F$4122,6,0),IF($B49="SIURB EDIF",VLOOKUP($C49,EDIFJUL26!$A$1:$D$2751,4,0),IF($B49="siurb infra",VLOOKUP($C49,INFRAJUL26!$A$1:$D$935,4,0))))) -> 262.9 | H49: =G49*F49 -> 110.418 | J49: =H49/$H$55 -> 0.00079160971 | K49: =J49+K48 -> 0.99974109
A50: 2.3 | B50: CDHU | C50: 04.02.020 | D50: =IF($B50="SINAPI",VLOOKUP($C50,SINAPI08!$A$1:$D$15741,2,0),IF($B50="CDHU",VLOOKUP($C50,CDHU203!$A$8:$F$4122,2,0),IF($B50="SIURB EDIF",VLOOKUP($C50,EDIFJUL26!$A$1:$D$2751,2,0),IF($B50="siurb infra",VLOOKUP($C50,INFRAJUL26!$A$1:$D$935,2,0))))) -> Retirada de peças lineares em madeira com seção até 60 cm² | E50: =IF($B50="SINAPI",VLOOKUP($C50,SINAPI08!$A$1:$D$15741,3,0),IF($B50="CDHU",VLOOKUP($C50,CDHU203!$A$8:$F$4122,3,0),IF($B50="SIURB EDIF",VLOOKUP($C50,EDIFJUL26!$A$1:$D$2751,3,0),IF($B50="siurb infra",VLOOKUP($C50,INFRAJUL26!$A$1:$D$935,3,0))))) -> M | F50: =VLOOKUP(A50,'MEMORIA DE CALCULO'!$A$6:$N$274,14,0) -> 12 | G50: =IF($B50="SINAPI",VLOOKUP($C50,SINAPI08!$A$1:$D$15741,4,0),IF($B50="CDHU",VLOOKUP($C50,CDHU203!$A$8:$F$4122,6,0),IF($B50="SIURB EDIF",VLOOKUP($C50,EDIFJUL26!$A$1:$D$2751,4,0),IF($B50="siurb infra",VLOOKUP($C50,INFRAJUL26!$A$1:$D$935,4,0))))) -> 1.59 | H50: =G50*F50 -> 19.08 | J50: =H50/$H$55 -> 0.00013678851 | K50: =J50+K49 -> 0.99987788
A51: 2.5 | B51: SIURB EDIF | C51: 17050023 | D51: =IF($B51="SINAPI",VLOOKUP($C51,SINAPI08!$A$1:$D$15741,2,0),IF($B51="CDHU",VLOOKUP($C51,CDHU203!$A$8:$F$4122,2,0),IF($B51="SIURB EDIF",VLOOKUP($C51,EDIFJUL26!$A$1:$D$2751,2,0),IF($B51="siurb infra",VLOOKUP($C51,INFRAJUL26!$A$1:$D$935,2,0))))) -> DEMOLIÇÃO MECANIZADA DE CONCRETO ARMADO | E51: =IF($B51="SINAPI",VLOOKUP($C51,SINAPI08!$A$1:$D$15741,3,0),IF($B51="CDHU",VLOOKUP($C51,CDHU203!$A$8:$F$4122,3,0),IF($B51="SIURB EDIF",VLOOKUP($C51,EDIFJUL26!$A$1:$D$2751,3,0),IF($B51="siurb infra",VLOOKUP($C51,INFRAJUL26!$A$1:$D$935,3,0))))) -> M3 | F51: =VLOOKUP(A51,'MEMORIA DE CALCULO'!$A$6:$N$274,14,0) -> 0.03625 | G51: =IF($B51="SINAPI",VLOOKUP($C51,SINAPI08!$A$1:$D$15741,4,0),IF($B51="CDHU",VLOOKUP($C51,CDHU203!$A$8:$F$4122,6,0),IF($B51="SIURB EDIF",VLOOKUP($C51,EDIFJUL26!$A$1:$D$2751,4,0),IF($B51="siurb infra",VLOOKUP($C51,INFRAJUL26!$A$1:$D$935,4,0))))) -> 469.91 | H51: =G51*F51 -> 17.034238 | J51: =H51/$H$55 -> 0.00012212201 | K51: =J51+K50 -> 1
F55: TOTAL SEM BDI | H55: =SUM(H9:H51) -> 139485.4
F56: BDI(23,38%) | H56: 32611.51
F57: TOTAL COM BDI | H57: 172096.17
A60: Kaio Cezar Mariano
A61: Engenheiro Civil
A62: CREA-SP: 5070869525

Sheet ORÇAMENTO
D4: Objeto: REFORMA E ADEQUAÇÃO PRAÇA CAPINZAL
D5: Recurso: Emenda Impositiva
A7: PLANILHA ORÇAMENTÁRIA
A8: ITEM | B8: REFERÊNCIA | C8: CÓDIGO | D8: DESCRIÇÃO | E8: UN | F8: QTD | G8: CUSTO UNIT. | H8: CUSTO DO SERVIÇO
A9: 1 | D9: SERVIÇOS PRELIMINARES | G9: TOTAL ITEM | H9: =SUM(H10:H13) -> 14392.139
A10: 1.1 | B10: SINAPI | C10: 103689 | D10: =IF($B10="SINAPI",VLOOKUP($C10,SINAPI08!$A$1:$D$15741,2,0),IF($B10="CDHU",VLOOKUP($C10,CDHU203!$A$8:$F$4122,2,0),IF($B10="SIURB EDIF",VLOOKUP($C10,EDIFJUL26!$A$1:$D$2751,2,0),IF($B10="siurb infra",VLOOKUP($C10,INFRAJUL26!$A$1:$D$935,2,0))))) -> FORNECIMENTO E INSTALAÇÃO DE PLACA DE OBRA COM CHAPA GALVANIZADA E ESTRUTURA DE MADEIRA. AF_03/2022_PS | E10: =IF($B10="SINAPI",VLOOKUP($C10,SINAPI08!$A$1:$D$15741,3,0),IF($B10="CDHU",VLOOKUP($C10,CDHU203!$A$8:$F$4122,3,0),IF($B10="SIURB EDIF",VLOOKUP($C10,EDIFJUL26!$A$1:$D$2751,3,0),IF($B10="siurb infra",VLOOKUP($C10,INFRAJUL26!$A$1:$D$935,3,0))))) -> M2 | F10: =VLOOKUP(A10,'MEMORIA DE CALCULO'!$A$6:$N$274,14,0) -> 18 | G10: =IF($B10="SINAPI",VLOOKUP($C10,SINAPI08!$A$1:$D$15741,4,0),IF($B10="CDHU",VLOOKUP($C10,CDHU203!$A$8:$F$4122,6,0),IF($B10="SIURB EDIF",VLOOKUP($C10,EDIFJUL26!$A$1:$D$2751,4,0),IF($B10="siurb infra",VLOOKUP($C10,INFRAJUL26!$A$1:$D$935,4,0))))) -> 502.1 | H10: =G10*F10 -> 9037.8
A11: 1.2 | B11: CDHU | C11: 02.02.150 | D11: =IF($B11="SINAPI",VLOOKUP($C11,SINAPI08!$A$1:$D$15741,2,0),IF($B11="CDHU",VLOOKUP($C11,CDHU203!$A$8:$F$4122,2,0),IF($B11="SIURB EDIF",VLOOKUP($C11,EDIFJUL26!$A$1:$D$2751,2,0),IF($B11="siurb infra",VLOOKUP($C11,INFRAJUL26!$A$1:$D$935,2,0))))) -> Locação de container tipo depósito - área mínima de 13,80 m² | E11: =IF($B11="SINAPI",VLOOKUP($C11,SINAPI08!$A$1:$D$15741,3,0),IF($B11="CDHU",VLOOKUP($C11,CDHU203!$A$8:$F$4122,3,0),IF($B11="SIURB EDIF",VLOOKUP($C11,EDIFJUL26!$A$1:$D$2751,3,0),IF($B11="siurb infra",VLOOKUP($C11,INFRAJUL26!$A$1:$D$935,3,0))))) -> UNMES | F11: =VLOOKUP(A11,'MEMORIA DE CALCULO'!$A$6:$N$274,14,0) -> 2 | G11: =IF($B11="SINAPI",VLOOKUP($C11,SINAPI08!$A$1:$D$15741,4,0),IF($B11="CDHU",VLOOKUP($C11,CDHU203!$A$8:$F$4122,6,0),IF($B11="SIURB EDIF",VLOOKUP($C11,EDIFJUL26!$A$1:$D$2751,4,0),IF($B11="siurb infra",VLOOKUP($C11,INFRAJUL26!$A$1:$D$935,4,0))))) -> 1010.89 | H11: =G11*F11 -> 2021.78
A12: 1.3 | B12: CDHU | C12: 02.01.180 | D12: =IF($B12="SINAPI",VLOOKUP($C12,SINAPI08!$A$1:$D$15741,2,0),IF($B12="CDHU",VLOOKUP($C12,CDHU203!$A$8:$F$4122,2,0),IF($B12="SIURB EDIF",VLOOKUP($C12,EDIFJUL26!$A$1:$D$2751,2,0),IF($B12="siurb infra",VLOOKUP($C12,INFRAJUL26!$A$1:$D$935,2,0))))) -> Banheiro químico modelo Standard, com manutenção conforme exigências da CETESB | E12: =IF($B12="SINAPI",VLOOKUP($C12,SINAPI08!$A$1:$D$15741,3,0),IF($B12="CDHU",VLOOKUP($C12,CDHU203!$A$8:$F$4122,3,0),IF($B12="SIURB EDIF",VLOOKUP($C12,EDIFJUL26!$A$1:$D$2751,3,0),IF($B12="siurb infra",VLOOKUP($C12,INFRAJUL26!$A$1:$D$935,3,0))))) -> UNMES | F12: =VLOOKUP(A12,'MEMORIA DE CALCULO'!$A$6:$N$274,14,0) -> 2 | G12: =IF($B12="SINAPI",VLOOKUP($C12,SINAPI08!$A$1:$D$15741,4,0),IF($B12="CDHU",VLOOKUP($C12,CDHU203!$A$8:$F$4122,6,0),IF($B12="SIURB EDIF",VLOOKUP($C12,EDIFJUL26!$A$1:$D$2751,4,0),IF($B12="siurb infra",VLOOKUP($C12,INFRAJUL26!$A$1:$D$935,4,0))))) -> 1259.83 | H12: =G12*F12 -> 2519.66
A13: 1.4 | B13: CDHU | C13: 02.10.060 | D13: =IF($B13="SINAPI",VLOOKUP($C13,SINAPI08!$A$1:$D$15741,2,0),IF($B13="CDHU",VLOOKUP($C13,CDHU203!$A$8:$F$4122,2,0),IF($B13="SIURB EDIF",VLOOKUP($C13,EDIFJUL26!$A$1:$D$2751,2,0),IF($B13="siurb infra",VLOOKUP($C13,INFRAJUL26!$A$1:$D$935,2,0))))) -> Locação de vias, calçadas, tanques e lagoas | E13: =IF($B13="SINAPI",VLOOKUP($C13,SINAPI08!$A$1:$D$15741,3,0),IF($B13="CDHU",VLOOKUP($C13,CDHU203!$A$8:$F$4122,3,0),IF($B13="SIURB EDIF",VLOOKUP($C13,EDIFJUL26!$A$1:$D$2751,3,0),IF($B13="siurb infra",VLOOKUP($C13,INFRAJUL26!$A$1:$D$935,3,0))))) -> M2 | F13: =VLOOKUP(A13,'MEMORIA DE CALCULO'!$A$6:$N$274,14,0) -> 419.02 | G13: =IF($B13="SINAPI",VLOOKUP($C13,SINAPI08!$A$1:$D$15741,4,0),IF($B13="CDHU",VLOOKUP($C13,CDHU203!$A$8:$F$4122,6,0),IF($B13="SIURB EDIF",VLOOKUP($C13,EDIFJUL26!$A$1:$D$2751,4,0),IF($B13="siurb infra",VLOOKUP($C13,INFRAJUL26!$A$1:$D$935,4,0))))) -> 1.94 | H13: =G13*F13 -> 812.8988
A15: 2 | D15: DEMOLIÇÕES E REMOÇÕES | G15: TOTAL ITEM | H15: =SUM(H17:H22) -> 6278.9704
A17: 2.1 | B17: SIURB EDIF | C17: 17060046 | D17: =IF($B17="SINAPI",VLOOKUP($C17,SINAPI08!$A$1:$D$15741,2,0),IF($B17="CDHU",VLOOKUP($C17,CDHU203!$A$8:$F$4122,2,0),IF($B17="SIURB EDIF",VLOOKUP($C17,EDIFJUL26!$A$1:$D$2751,2,0),IF($B17="siurb infra",VLOOKUP($C17,INFRAJUL26!$A$1:$D$935,2,0))))) -> RETIRADA DE PISO INTERTRAVADO | E17: =IF($B17="SINAPI",VLOOKUP($C17,SINAPI08!$A$1:$D$15741,3,0),IF($B17="CDHU",VLOOKUP($C17,CDHU203!$A$8:$F$4122,3,0),IF($B17="SIURB EDIF",VLOOKUP($C17,EDIFJUL26!$A$1:$D$2751,3,0),IF($B17="siurb infra",VLOOKUP($C17,INFRAJUL26!$A$1:$D$935,3,0))))) -> M2 | F17: =VLOOKUP(A17,'MEMORIA DE CALCULO'!$A$6:$N$274,14,0) -> 142.7 | G17: =IF($B17="SINAPI",VLOOKUP($C17,SINAPI08!$A$1:$D$15741,4,0),IF($B17="CDHU",VLOOKUP($C17,CDHU203!$A$8:$F$4122,6,0),IF($B17="SIURB EDIF",VLOOKUP($C17,EDIFJUL26!$A$1:$D$2751,4,0),IF($B17="siurb infra",VLOOKUP($C17,INFRAJUL26!$A$1:$D$935,4,0))))) -> 18.99 | H17: =G17*F17 -> 2709.873
A18: 2.2 | B18: SINAPI | C18: 104790 | D18: =IF($B18="SINAPI",VLOOKUP($C18,SINAPI08!$A$1:$D$15741,2,0),IF($B18="CDHU",VLOOKUP($C18,CDHU203!$A$8:$F$4122,2,0),IF($B18="SIURB EDIF",VLOOKUP($C18,EDIFJUL26!$A$1:$D$2751,2,0),IF($B18="siurb infra",VLOOKUP($C18,INFRAJUL26!$A$1:$D$935,2,0))))) -> DEMOLIÇÃO DE PISO DE CONCRETO SIMPLES, DE FORMA MECANIZADA COM MARTELETE, SEM REAPROVEITAMENTO. AF_09/2023 | E18: =IF($B18="SINAPI",VLOOKUP($C18,SINAPI08!$A$1:$D$15741,3,0),IF($B18="CDHU",VLOOKUP($C18,CDHU203!$A$8:$F$4122,3,0),IF($B18="SIURB EDIF",VLOOKUP($C18,EDIFJUL26!$A$1:$D$2751,3,0),IF($B18="siurb infra",VLOOKUP($C18,INFRAJUL26!$A$1:$D$935,3,0))))) -> M3 | F18: =VLOOKUP(A18,'MEMORIA DE CALCULO'!$A$6:$N$274,14,0) -> 4.8388 | G18: =IF($B18="SINAPI",VLOOKUP($C18,SINAPI08!$A$1:$D$15741,4,0),IF($B18="CDHU",VLOOKUP($C18,CDHU203!$A$8:$F$4122,6,0),IF($B18="SIURB EDIF",VLOOKUP($C18,EDIFJUL26!$A$1:$D$2751,4,0),IF($B18="siurb infra",VLOOKUP($C18,INFRAJUL26!$A$1:$D$935,4,0))))) -> 127.66 | H18: =G18*F18 -> 617.72121
A19: 2.3 | B19: CDHU | C19: 04.02.020 | D19: =IF($B19="SINAPI",VLOOKUP($C19,SINAPI08!$A$1:$D$15741,2,0),IF($B19="CDHU",VLOOKUP($C19,CDHU203!$A$8:$F$4122,2,0),IF($B19="SIURB EDIF",VLOOKUP($C19,EDIFJUL26!$A$1:$D$2751,2,0),IF($B19="siurb infra",VLOOKUP($C19,INFRAJUL26!$A$1:$D$935,2,0))))) -> Retirada de peças lineares em madeira com seção até 60 cm² | E19: =IF($B19="SINAPI",VLOOKUP($C19,SINAPI08!$A$1:$D$15741,3,0),IF($B19="CDHU",VLOOKUP($C19,CDHU203!$A$8:$F$4122,3,0),IF($B19="SIURB EDIF",VLOOKUP($C19,EDIFJUL26!$A$1:$D$2751,3,0),IF($B19="siurb infra",VLOOKUP($C19,INFRAJUL26!$A$1:$D$935,3,0))))) -> M | F19: =VLOOKUP(A19,'MEMORIA DE CALCULO'!$A$6:$N$274,14,0) -> 12 | G19: =IF($B19="SINAPI",VLOOKUP($C19,SINAPI08!$A$1:$D$15741,4,0),IF($B19="CDHU",VLOOKUP($C19,CDHU203!$A$8:$F$4122,6,0),IF($B19="SIURB EDIF",VLOOKUP($C19,EDIFJUL26!$A$1:$D$2751,4,0),IF($B19="siurb infra",VLOOKUP($C19,INFRAJUL26!$A$1:$D$935,4,0))))) -> 1.59 | H19: =G19*F19 -> 19.08
A20: 2.4 | B20: CDHU | C20: 03.01.020 | D20: =IF($B20="SINAPI",VLOOKUP($C20,SINAPI08!$A$1:$D$15741,2,0),IF($B20="CDHU",VLOOKUP($C20,CDHU203!$A$8:$F$4122,2,0),IF($B20="SIURB EDIF",VLOOKUP($C20,EDIFJUL26!$A$1:$D$2751,2,0),IF($B20="siurb infra",VLOOKUP($C20,INFRAJUL26!$A$1:$D$935,2,0))))) -> Demolição manual de concreto simples | E20: =IF($B20="SINAPI",VLOOKUP($C20,SINAPI08!$A$1:$D$15741,3,0),IF($B20="CDHU",VLOOKUP($C20,CDHU203!$A$8:$F$4122,3,0),IF($B20="SIURB EDIF",VLOOKUP($C20,EDIFJUL26!$A$1:$D$2751,3,0),IF($B20="siurb infra",VLOOKUP($C20,INFRAJUL26!$A$1:$D$935,3,0))))) -> M3 | F20: =VLOOKUP(A20,'MEMORIA DE CALCULO'!$A$6:$N$274,14,0) -> 0.42 | G20: =IF($B20="SINAPI",VLOOKUP($C20,SINAPI08!$A$1:$D$15741,4,0),IF($B20="CDHU",VLOOKUP($C20,CDHU203!$A$8:$F$4122,6,0),IF($B20="SIURB EDIF",VLOOKUP($C20,EDIFJUL26!$A$1:$D$2751,4,0),IF($B20="siurb infra",VLOOKUP($C20,INFRAJUL26!$A$1:$D$935,4,0))))) -> 262.9 | H20: =G20*F20 -> 110.418
A21: 2.5 | B21: SIURB EDIF | C21: 17050023 | D21: =IF($B21="SINAPI",VLOOKUP($C21,SINAPI08!$A$1:$D$15741,2,0),IF($B21="CDHU",VLOOKUP($C21,CDHU203!$A$8:$F$4122,2,0),IF($B21="SIURB EDIF",VLOOKUP($C21,EDIFJUL26!$A$1:$D$2751,2,0),IF($B21="siurb infra",VLOOKUP($C21,INFRAJUL26!$A$1:$D$935,2,0))))) -> DEMOLIÇÃO MECANIZADA DE CONCRETO ARMADO | E21: =IF($B21="SINAPI",VLOOKUP($C21,SINAPI08!$A$1:$D$15741,3,0),IF($B21="CDHU",VLOOKUP($C21,CDHU203!$A$8:$F$4122,3,0),IF($B21="SIURB EDIF",VLOOKUP($C21,EDIFJUL26!$A$1:$D$2751,3,0),IF($B21="siurb infra",VLOOKUP($C21,INFRAJUL26!$A$1:$D$935,3,0))))) -> M3 | F21: =VLOOKUP(A21,'MEMORIA DE CALCULO'!$A$6:$N$274,14,0) -> 0.03625 | G21: =IF($B21="SINAPI",VLOOKUP($C21,SINAPI08!$A$1:$D$15741,4,0),IF($B21="CDHU",VLOOKUP($C21,CDHU203!$A$8:$F$4122,6,0),IF($B21="SIURB EDIF",VLOOKUP($C21,EDIFJUL26!$A$1:$D$2751,4,0),IF($B21="siurb infra",VLOOKUP($C21,INFRAJUL26!$A$1:$D$935,4,0))))) -> 469.91 | H21: =G21*F21 -> 17.034238
A22: 2.6 | B22: SIURB EDIF | C22: 1001007 | D22: =IF($B22="SINAPI",VLOOKUP($C22,SINAPI08!$A$1:$D$15741,2,0),IF($B22="CDHU",VLOOKUP($C22,CDHU203!$A$8:$F$4122,2,0),IF($B22="SIURB EDIF",VLOOKUP($C22,EDIFJUL26!$A$1:$D$2751,2,0),IF($B22="siurb infra",VLOOKUP($C22,INFRAJUL26!$A$1:$D$935,2,0))))) -> REMOÇÃO DE ENTULHO COM CAÇAMBA METÁLICA, INCLUSIVE CARGA MANUAL E DESCARGA EM BOTA-FORA | E22: =IF($B22="SINAPI",VLOOKUP($C22,SINAPI08!$A$1:$D$15741,3,0),IF($B22="CDHU",VLOOKUP($C22,CDHU203!$A$8:$F$4122,3,0),IF($B22="SIURB EDIF",VLOOKUP($C22,EDIFJUL26!$A$1:$D$2751,3,0),IF($B22="siurb infra",VLOOKUP($C22,INFRAJUL26!$A$1:$D$935,3,0))))) -> M3 | F22: =VLOOKUP(A22,'MEMORIA DE CALCULO'!$A$6:$N$274,14,0) -> 16.42565 | G22: =IF($B22="SINAPI",VLOOKUP($C22,SINAPI08!$A$1:$D$15741,4,0),IF($B22="CDHU",VLOOKUP($C22,CDHU203!$A$8:$F$4122,6,0),IF($B22="SIURB EDIF",VLOOKUP($C22,EDIFJUL26!$A$1:$D$2751,4,0),IF($B22="siurb infra",VLOOKUP($C22,INFRAJUL26!$A$1:$D$935,4,0))))) -> 170.76 | H22: =G22*F22 -> 2804.844 | I22: FAZER COMPARATIVO DE RETIRADA DE ENTULHO
A24: 3 | D24: REFORMA E ADEQUAÇÃO | G24: TOTAL ITEM | H24: =SUM(H26,H55,H57) -> 111308.87
A26: 3.1 | D26: Execução Piso e Canteiros | H26: =SUM(H27:H53) -> 95365.476
A27: 3.1.1 | B27: SINAPI | C27: 100575 | D27: =IF($B27="SINAPI",VLOOKUP($C27,SINAPI08!$A$1:$D$15741,2,0),IF($B27="CDHU",VLOOKUP($C27,CDHU203!$A$8:$F$4122,2,0),IF($B27="SIURB EDIF",VLOOKUP($C27,EDIFJUL26!$A$1:$D$2751,2,0),IF($B27="siurb infra",VLOOKUP($C27,INFRAJUL26!$A$1:$D$935,2,0))))) -> REGULARIZAÇÃO DE SUPERFÍCIES COM MOTONIVELADORA. AF_09/2024 | E27: =IF($B27="SINAPI",VLOOKUP($C27,SINAPI08!$A$1:$D$15741,3,0),IF($B27="CDHU",VLOOKUP($C27,CDHU203!$A$8:$F$4122,3,0),IF($B27="SIURB EDIF",VLOOKUP($C27,EDIFJUL26!$A$1:$D$2751,3,0),IF($B27="siurb infra",VLOOKUP($C27,INFRAJUL26!$A$1:$D$935,3,0))))) -> M2 | F27: =VLOOKUP(A27,'MEMORIA DE CALCULO'!$A$6:$N$274,14,0) -> 322.6 | G27: =IF($B27="SINAPI",VLOOKUP($C27,SINAPI08!$A$1:$D$15741,4,0),IF($B27="CDHU",VLOOKUP($C27,CDHU203!$A$8:$F$4122,6,0),IF($B27="SIURB EDIF",VLOOKUP($C27,EDIFJUL26!$A$1:$D$2751,4,0),IF($B27="siurb infra",VLOOKUP($C27,INFRAJUL26!$A$1:$D$935,4,0))))) -> 0.62 | H27: =G27*F27 -> 200.012
A28: 3.1.2 | B28: SIURB EDIF | C28: 17002030 | D28: =IF($B28="SINAPI",VLOOKUP($C28,SINAPI08!$A$1:$D$15741,2,0),IF($B28="CDHU",VLOOKUP($C28,CDHU203!$A$8:$F$4122,2,0),IF($B28="SIURB EDIF",VLOOKUP($C28,EDIFJUL26!$A$1:$D$2751,2,0),IF($B28="siurb infra",VLOOKUP($C28,INFRAJUL26!$A$1:$D$935,2,0))))) -> PEDRISCO COM COMPACTAÇÃO MANUAL - ESPESSURA 5CM | E28: =IF($B28="SINAPI",VLOOKUP($C28,SINAPI08!$A$1:$D$15741,3,0),IF($B28="CDHU",VLOOKUP($C28,CDHU203!$A$8:$F$4122,3,0),IF($B28="SIURB EDIF",VLOOKUP($C28,EDIFJUL26!$A$1:$D$2751,3,0),IF($B28="siurb infra",VLOOKUP($C28,INFRAJUL26!$A$1:$D$935,3,0))))) -> M2 | F28: =VLOOKUP(A28,'MEMORIA DE CALCULO'!$A$6:$N$274,14,0) -> 322.6 | G28: =IF($B28="SINAPI",VLOOKUP($C28,SINAPI08!$A$1:$D$15741,4,0),IF($B28="CDHU",VLOOKUP($C28,CDHU203!$A$8:$F$4122,6,0),IF($B28="SIURB EDIF",VLOOKUP($C28,EDIFJUL26!$A$1:$D$2751,4,0),IF($B28="siurb infra",VLOOKUP($C28,INFRAJUL26!$A$1:$D$935,4,0))))) -> 16.33 | H28: =G28*F28 -> 5268.058 | I28: considerar a area dos canteiros A1
A29: 3.1.3 | B29: SINAPI | C29: 94993 | D29: =IF($B29="SINAPI",VLOOKUP($C29,SINAPI08!$A$1:$D$15741,2,0),IF($B29="CDHU",VLOOKUP($C29,CDHU203!$A$8:$F$4122,2,0),IF($B29="SIURB EDIF",VLOOKUP($C29,EDIFJUL26!$A$1:$D$2751,2,0),IF($B29="siurb infra",VLOOKUP($C29,INFRAJUL26!$A$1:$D$935,2,0))))) -> EXECUÇÃO DE PASSEIO (CALÇADA) OU PISO DE CONCRETO COM CONCRETO MOLDADO IN LOCO, USINADO, ACABAMENTO CONVENCIONAL, ESPESSURA 6 CM, ARMADO. AF_08/2022 | E29: =IF($B29="SINAPI",VLOOKUP($C29,SINAPI08!$A$1:$D$15741,3,0),IF($B29="CDHU",VLOOKUP($C29,CDHU203!$A$8:$F$4122,3,0),IF($B29="SIURB EDIF",VLOOKUP($C29,EDIFJUL26!$A$1:$D$2751,3,0),IF($B29="siurb infra",VLOOKUP($C29,INFRAJUL26!$A$1:$D$935,3,0))))) -> M2 | F29: =VLOOKUP(A29,'MEMORIA DE CALCULO'!$A$6:$N$274,14,0) -> 322.6 | G29: =IF($B29="SINAPI",VLOOKUP($C29,SINAPI08!$A$1:$D$15741,4,0),IF($B29="CDHU",VLOOKUP($C29,CDHU203!$A$8:$F$4122,6,0),IF($B29="SIURB EDIF",VLOOKUP($C29,EDIFJUL26!$A$1:$D$2751,4,0),IF($B29="siurb infra",VLOOKUP($C29,INFRAJUL26!$A$1:$D$935,4,0))))) -> 73.71 | H29: =G29*F29 -> 23778.846
A30: 3.1.4 | B30: CDHU | C30: 11.20.050 | D30: =IF($B30="SINAPI",VLOOKUP($C30,SINAPI08!$A$1:$D$15741,2,0),IF($B30="CDHU",VLOOKUP($C30,CDHU203!$A$8:$F$4122,2,0),IF($B30="SIURB EDIF",VLOOKUP($C30,EDIFJUL26!$A$1:$D$2751,2,0),IF($B30="siurb infra",VLOOKUP($C30,INFRAJUL26!$A$1:$D$935,2,0))))) -> Corte de junta de dilatação, com serra de disco diamantado para pisos | E30: =IF($B30="SINAPI",VLOOKUP($C30,SINAPI08!$A$1:$D$15741,3,0),IF($B30="CDHU",VLOOKUP($C30,CDHU203!$A$8:$F$4122,3,0),IF($B30="SIURB EDIF",VLOOKUP($C30,EDIFJUL26!$A$1:$D$2751,3,0),IF($B30="siurb infra",VLOOKUP($C30,INFRAJUL26!$A$1:$D$935,3,0))))) -> M | F30: =VLOOKUP(A30,'MEMORIA DE CALCULO'!$A$6:$N$274,14,0) -> 393.41463 | G30: =IF($B30="SINAPI",VLOOKUP($C30,SINAPI08!$A$1:$D$15741,4,0),IF($B30="CDHU",VLOOKUP($C30,CDHU203!$A$8:$F$4122,6,0),IF($B30="SIURB EDIF",VLOOKUP($C30,EDIFJUL26!$A$1:$D$2751,4,0),IF($B30="siurb infra",VLOOKUP($C30,INFRAJUL26!$A$1:$D$935,4,0))))) -> 12.12 | H30: =G30*F30 -> 4768.1854
A31: 3.1.5 | B31: SINAPI | C31: 94279 | D31: =IF($B31="SINAPI",VLOOKUP($C31,SINAPI08!$A$1:$D$15741,2,0),IF($B31="CDHU",VLOOKUP($C31,CDHU203!$A$8:$F$4122,2,0),IF($B31="SIURB EDIF",VLOOKUP($C31,EDIFJUL26!$A$1:$D$2751,2,0),IF($B31="siurb infra",VLOOKUP($C31,INFRAJUL26!$A$1:$D$935,2,0))))) -> ASSENTAMENTO DE GUIA (MEIO-FIO) EM TRECHO RETO, CONFECCIONADA EM CONCRETO PRÉ-FABRICADO, DIMENSÕES 39X6,5X6,5X19 CM (COMPRIMENTO X BASE INFERIOR X BASE SUPERIOR X ALTURA), PARA DELIMITAÇÃO DE JARDINS, PRAÇAS OU PASSEIOS. AF_01/2024 | E31: =IF($B31="SINAPI",VLOOKUP($C31,SINAPI08!$A$1:$D$15741,3,0),IF($B31="CDHU",VLOOKUP($C31,CDHU203!$A$8:$F$4122,3,0),IF($B31="SIURB EDIF",VLOOKUP($C31,EDIFJUL26!$A$1:$D$2751,3,0),IF($B31="siurb infra",VLOOKUP($C31,INFRAJUL26!$A$1:$D$935,3,0))))) -> M | F31: =VLOOKUP(A31,'MEMORIA DE CALCULO'!$A$6:$N$274,14,0) -> 95.85 | G31: =IF($B31="SINAPI",VLOOKUP($C31,SINAPI08!$A$1:$D$15741,4,0),IF($B31="CDHU",VLOOKUP($C31,CDHU203!$A$8:$F$4122,6,0),IF($B31="SIURB EDIF",VLOOKUP($C31,EDIFJUL26!$A$1:$D$2751,4,0),IF($B31="siurb infra",VLOOKUP($C31,INFRAJUL26!$A$1:$D$935,4,0))))) -> 62.28 | H31: =G31*F31 -> 5969.538
A32: 3.1.6 | B32: SINAPI | C32: 94280 | D32: =IF($B32="SINAPI",VLOOKUP($C32,SINAPI08!$A$1:$D$15741,2,0),IF($B32="CDHU",VLOOKUP($C32,CDHU203!$A$8:$F$4122,2,0),IF($B32="SIURB EDIF",VLOOKUP($C32,EDIFJUL26!$A$1:$D$2751,2,0),IF($B32="siurb infra",VLOOKUP($C32,INFRAJUL26!$A$1:$D$935,2,0))))) -> ASSENTAMENTO DE GUIA (MEIO-FIO) EM TRECHO CURVO, CONFECCIONADA EM CONCRETO PRÉ-FABRICADO, DIMENSÕES 39X6,5X6,5X19 CM (COMPRIMENTO X BASE INFERIOR X BASE SUPERIOR X ALTURA), PARA DELIMITAÇÃO DE JARDINS, PRAÇAS OU PASSEIOS. AF_01/2024 | E32: =IF($B32="SINAPI",VLOOKUP($C32,SINAPI08!$A$1:$D$15741,3,0),IF($B32="CDHU",VLOOKUP($C32,CDHU203!$A$8:$F$4122,3,0),IF($B32="SIURB EDIF",VLOOKUP($C32,EDIFJUL26!$A$1:$D$2751,3,0),IF($B32="siurb infra",VLOOKUP($C32,INFRAJUL26!$A$1:$D$935,3,0))))) -> M | F32: =VLOOKUP(A32,'MEMORIA DE CALCULO'!$A$6:$N$274,14,0) -> 16.23 | G32: =IF($B32="SINAPI",VLOOKUP($C32,SINAPI08!$A$1:$D$15741,4,0),IF($B32="CDHU",VLOOKUP($C32,CDHU203!$A$8:$F$4122,6,0),IF($B32="SIURB EDIF",VLOOKUP($C32,EDIFJUL26!$A$1:$D$2751,4,0),IF($B32="siurb infra",VLOOKUP($C32,INFRAJUL26!$A$1:$D$935,4,0))))) -> 65.55 | H32: =G32*F32 -> 1063.8765
A33: 3.1.7 | B33: SINAPI | C33: 98519 | D33: =IF($B33="SINAPI",VLOOKUP($C33,SINAPI08!$A$1:$D$15741,2,0),IF($B33="CDHU",VLOOKUP($C33,CDHU203!$A$8:$F$4122,2,0),IF($B33="SIURB EDIF",VLOOKUP($C33,EDIFJUL26!$A$1:$D$2751,2,0),IF($B33="siurb infra",VLOOKUP($C33,INFRAJUL26!$A$1:$D$935,2,0))))) -> REVOLVIMENTO E LIMPEZA MANUAL DE SOLO. AF_07/2024 | E33: =IF($B33="SINAPI",VLOOKUP($C33,SINAPI08!$A$1:$D$15741,3,0),IF($B33="CDHU",VLOOKUP($C33,CDHU203!$A$8:$F$4122,3,0),IF($B33="SIURB EDIF",VLOOKUP($C33,EDIFJUL26!$A$1:$D$2751,3,0),IF($B33="siurb infra",VLOOKUP($C33,INFRAJUL26!$A$1:$D$935,3,0))))) -> M2 | F33: =VLOOKUP(A33,'MEMORIA DE CALCULO'!$A$6:$N$274,14,0) -> 96.42 | G33: =IF($B33="SINAPI",VLOOKUP($C33,SINAPI08!$A$1:$D$15741,4,0),IF($B33="CDHU",VLOOKUP($C33,CDHU203!$A$8:$F$4122,6,0),IF($B33="SIURB EDIF",VLOOKUP($C33,EDIFJUL26!$A$1:$D$2751,4,0),IF($B33="siurb infra",VLOOKUP($C33,INFRAJUL26!$A$1:$D$935,4,0))))) -> 4.2 | H33: =G33*F33 -> 404.964
A34: 3.1.8 | B34: SINAPI | C34: 98520 | D34: =IF($B34="SINAPI",VLOOKUP($C34,SINAPI08!$A$1:$D$15741,2,0),IF($B34="CDHU",VLOOKUP($C34,CDHU203!$A$8:$F$4122,2,0),IF($B34="SIURB EDIF",VLOOKUP($C34,EDIFJUL26!$A$1:$D$2751,2,0),IF($B34="siurb infra",VLOOKUP($C34,INFRAJUL26!$A$1:$D$935,2,0))))) -> APLICAÇÃO DE ADUBO EM SOLO. AF_07/2024 | E34: =IF($B34="SINAPI",VLOOKUP($C34,SINAPI08!$A$1:$D$15741,3,0),IF($B34="CDHU",VLOOKUP($C34,CDHU203!$A$8:$F$4122,3,0),IF($B34="SIURB EDIF",VLOOKUP($C34,EDIFJUL26!$A$1:$D$2751,3,0),IF($B34="siurb infra",VLOOKUP($C34,INFRAJUL26!$A$1:$D$935,3,0))))) -> M2 | F34: =VLOOKUP(A34,'MEMORIA DE CALCULO'!$A$6:$N$274,14,0) -> 96.42 | G34: =IF($B34="SINAPI",VLOOKUP($C34,SINAPI08!$A$1:$D$15741,4,0),IF($B34="CDHU",VLOOKUP($C34,CDHU203!$A$8:$F$4122,6,0),IF($B34="SIURB EDIF",VLOOKUP($C34,EDIFJUL26!$A$1:$D$2751,4,0),IF($B34="siurb infra",VLOOKUP($C34,INFRAJUL26!$A$1:$D$935,4,0))))) -> 7.5 | H34: =G34*F34 -> 723.15
A35: 3.1.9 | B35: SINAPI | C35: 105521 | D35: =IF($B35="SINAPI",VLOOKUP($C35,SINAPI08!$A$1:$D$15741,2,0),IF($B35="CDHU",VLOOKUP($C35,CDHU203!$A$8:$F$4122,2,0),IF($B35="SIURB EDIF",VLOOKUP($C35,EDIFJUL26!$A$1:$D$2751,2,0),IF($B35="siurb infra",VLOOKUP($C35,INFRAJUL26!$A$1:$D$935,2,0))))) -> ESPALHAMENTO DE TERRA VEGETAL PARA O PLANTIO. AF_07/2024 | E35: =IF($B35="SINAPI",VLOOKUP($C35,SINAPI08!$A$1:$D$15741,3,0),IF($B35="CDHU",VLOOKUP($C35,CDHU203!$A$8:$F$4122,3,0),IF($B35="SIURB EDIF",VLOOKUP($C35,EDIFJUL26!$A$1:$D$2751,3,0),IF($B35="siurb infra",VLOOKUP($C35,INFRAJUL26!$A$1:$D$935,3,0))))) -> M2 | F35: =VLOOKUP(A35,'MEMORIA DE CALCULO'!$A$6:$N$274,14,0) -> 96.42 | G35: =IF($B35="SINAPI",VLOOKUP($C35,SINAPI08!$A$1:$D$15741,4,0),IF($B35="CDHU",VLOOKUP($C35,CDHU203!$A$8:$F$4122,6,0),IF($B35="SIURB EDIF",VLOOKUP($C35,EDIFJUL26!$A$1:$D$2751,4,0),IF($B35="siurb infra",VLOOKUP($C35,INFRAJUL26!$A$1:$D$935,4,0))))) -> 4.94 | H35: =G35*F35 -> 476.3148 | I35: considerar a area dos canteiros A1
A36: 3.1.10 | B36: SINAPI | C36: 103946 | D36: =IF($B36="SINAPI",VLOOKUP($C36,SINAPI08!$A$1:$D$15741,2,0),IF($B36="CDHU",VLOOKUP($C36,CDHU203!$A$8:$F$4122,2,0),IF($B36="SIURB EDIF",VLOOKUP($C36,EDIFJUL26!$A$1:$D$2751,2,0),IF($B36="siurb infra",VLOOKUP($C36,INFRAJUL26!$A$1:$D$935,2,0))))) -> PLANTIO DE GRAMA ESMERALDA OU SÃO CARLOS OU CURITIBANA, EM PLACAS. AF_07/2024 | E36: =IF($B36="SINAPI",VLOOKUP($C36,SINAPI08!$A$1:$D$15741,3,0),IF($B36="CDHU",VLOOKUP($C36,CDHU203!$A$8:$F$4122,3,0),IF($B36="SIURB EDIF",VLOOKUP($C36,EDIFJUL26!$A$1:$D$2751,3,0),IF($B36="siurb infra",VLOOKUP($C36,INFRAJUL26!$A$1:$D$935,3,0))))) -> M2 | F36: =VLOOKUP(A36,'MEMORIA DE CALCULO'!$A$6:$N$274,14,0) -> 96.42 | G36: =IF($B36="SINAPI",VLOOKUP($C36,SINAPI08!$A$1:$D$15741,4,0),IF($B36="CDHU",VLOOKUP($C36,CDHU203!$A$8:$F$4122,6,0),IF($B36="SIURB EDIF",VLOOKUP($C36,EDIFJUL26!$A$1:$D$2751,4,0),IF($B36="siurb infra",VLOOKUP($C36,INFRAJUL26!$A$1:$D$935,4,0))))) -> 29.16 | H36: =G36*F36 -> 2811.6072
A37: 3.1.11 | B37: SINAPI | C37: 93358 | D37: =IF($B37="SINAPI",VLOOKUP($C37,SINAPI08!$A$1:$D$15741,2,0),IF($B37="CDHU",VLOOKUP($C37,CDHU203!$A$8:$F$4122,2,0),IF($B37="SIURB EDIF",VLOOKUP($C37,EDIFJUL26!$A$1:$D$2751,2,0),IF($B37="siurb infra",VLOOKUP($C37,INFRAJUL26!$A$1:$D$935,2,0))))) -> ESCAVAÇÃO MANUAL DE VALA. AF_09/2024 | E37: =IF($B37="SINAPI",VLOOKUP($C37,SINAPI08!$A$1:$D$15741,3,0),IF($B37="CDHU",VLOOKUP($C37,CDHU203!$A$8:$F$4122,3,0),IF($B37="SIURB EDIF",VLOOKUP($C37,EDIFJUL26!$A$1:$D$2751,3,0),IF($B37="siurb infra",VLOOKUP($C37,INFRAJUL26!$A$1:$D$935,3,0))))) -> M3 | F37: =VLOOKUP(A37,'MEMORIA DE CALCULO'!$A$6:$N$274,14,0) -> 2.35 | G37: =IF($B37="SINAPI",VLOOKUP($C37,SINAPI08!$A$1:$D$15741,4,0),IF($B37="CDHU",VLOOKUP($C37,CDHU203!$A$8:$F$4122,6,0),IF($B37="SIURB EDIF",VLOOKUP($C37,EDIFJUL26!$A$1:$D$2751,4,0),IF($B37="siurb infra",VLOOKUP($C37,INFRAJUL26!$A$1:$D$935,4,0))))) -> 98.81 | H37: =G37*F37 -> 232.2035
A38: 3.1.12 | B38: SIURB EDIF | C38: 2006002 | D38: =IF($B38="SINAPI",VLOOKUP($C38,SINAPI08!$A$1:$D$15741,2,0),IF($B38="CDHU",VLOOKUP($C38,CDHU203!$A$8:$F$4122,2,0),IF($B38="SIURB EDIF",VLOOKUP($C38,EDIFJUL26!$A$1:$D$2751,2,0),IF($B38="siurb infra",VLOOKUP($C38,INFRAJUL26!$A$1:$D$935,2,0))))) -> ALVENARIA DE EMBASAMENTO - BLOCOS VAZADO DE CONCRETO ESTRUTURAL - 14CM - 10MPA | E38: =IF($B38="SINAPI",VLOOKUP($C38,SINAPI08!$A$1:$D$15741,3,0),IF($B38="CDHU",VLOOKUP($C38,CDHU203!$A$8:$F$4122,3,0),IF($B38="SIURB EDIF",VLOOKUP($C38,EDIFJUL26!$A$1:$D$2751,3,0),IF($B38="siurb infra",VLOOKUP($C38,INFRAJUL26!$A$1:$D$935,3,0))))) -> M2 | F38: =VLOOKUP(A38,'MEMORIA DE CALCULO'!$A$6:$N$274,14,0) -> 9.42 | G38: =IF($B38="SINAPI",VLOOKUP($C38,SINAPI08!$A$1:$D$15741,4,0),IF($B38="CDHU",VLOOKUP($C38,CDHU203!$A$8:$F$4122,6,0),IF($B38="SIURB EDIF",VLOOKUP($C38,EDIFJUL26!$A$1:$D$2751,4,0),IF($B38="siurb infra",VLOOKUP($C38,INFRAJUL26!$A$1:$D$935,4,0))))) -> 173.85 | H38: =G38*F38 -> 1637.667
A39: 3.1.13 | B39: SIURB EDIF | C39: 4001002 | D39: =IF($B39="SINAPI",VLOOKUP($C39,SINAPI08!$A$1:$D$15741,2,0),IF($B39="CDHU",VLOOKUP($C39,CDHU203!$A$8:$F$4122,2,0),IF($B39="SIURB EDIF",VLOOKUP($C39,EDIFJUL26!$A$1:$D$2751,2,0),IF($B39="siurb infra",VLOOKUP($C39,INFRAJUL26!$A$1:$D$935,2,0))))) -> ALVENARIA EM TIJOLOS MACIÇOS COMUNS - 1/2 TIJOLO | E39: =IF($B39="SINAPI",VLOOKUP($C39,SINAPI08!$A$1:$D$15741,3,0),IF($B39="CDHU",VLOOKUP($C39,CDHU203!$A$8:$F$4122,3,0),IF($B39="SIURB EDIF",VLOOKUP($C39,EDIFJUL26!$A$1:$D$2751,3,0),IF($B39="siurb infra",VLOOKUP($C39,INFRAJUL26!$A$1:$D$935,3,0))))) -> M2 | F39: =VLOOKUP(A39,'MEMORIA DE CALCULO'!$A$6:$N$274,14,0) -> 23.55 | G39: =IF($B39="SINAPI",VLOOKUP($C39,SINAPI08!$A$1:$D$15741,4,0),IF($B39="CDHU",VLOOKUP($C39,CDHU203!$A$8:$F$4122,6,0),IF($B39="SIURB EDIF",VLOOKUP($C39,EDIFJUL26!$A$1:$D$2751,4,0),IF($B39="siurb infra",VLOOKUP($C39,INFRAJUL26!$A$1:$D$935,4,0))))) -> 176.76 | H39: =G39*F39 -> 4162.698
A40: 3.1.14 | B40: SINAPI | C40: 87905 | D40: =IF($B40="SINAPI",VLOOKUP($C40,SINAPI08!$A$1:$D$15741,2,0),IF($B40="CDHU",VLOOKUP($C40,CDHU203!$A$8:$F$4122,2,0),IF($B40="SIURB EDIF",VLOOKUP($C40,EDIFJUL26!$A$1:$D$2751,2,0),IF($B40="siurb infra",VLOOKUP($C40,INFRAJUL26!$A$1:$D$935,2,0))))) -> CHAPISCO APLICADO EM ALVENARIA (COM PRESENÇA DE VÃOS) E ESTRUTURAS DE CONCRETO DE FACHADA, COM COLHER DE PEDREIRO. ARGAMASSA TRAÇO 1:3 COM PREPARO EM BETONEIRA 400L. AF_10/2022 | E40: =IF($B40="SINAPI",VLOOKUP($C40,SINAPI08!$A$1:$D$15741,3,0),IF($B40="CDHU",VLOOKUP($C40,CDHU203!$A$8:$F$4122,3,0),IF($B40="SIURB EDIF",VLOOKUP($C40,EDIFJUL26!$A$1:$D$2751,3,0),IF($B40="siurb infra",VLOOKUP($C40,INFRAJUL26!$A$1:$D$935,3,0))))) -> M2 | F40: =VLOOKUP(A40,'MEMORIA DE CALCULO'!$A$6:$N$274,14,0) -> 47.1 | G40: =IF($B40="SINAPI",VLOOKUP($C40,SINAPI08!$A$1:$D$15741,4,0),IF($B40="CDHU",VLOOKUP($C40,CDHU203!$A$8:$F$4122,6,0),IF($B40="SIURB EDIF",VLOOKUP($C40,EDIFJUL26!$A$1:$D$2751,4,0),IF($B40="siurb infra",VLOOKUP($C40,INFRAJUL26!$A$1:$D$935,4,0))))) -> 10.24 | H40: =G40*F40 -> 482.304
A41: 3.1.15 | B41: SINAPI | C41: 87794 | D41: =IF($B41="SINAPI",VLOOKUP($C41,SINAPI08!$A$1:$D$15741,2,0),IF($B41="CDHU",VLOOKUP($C41,CDHU203!$A$8:$F$4122,2,0),IF($B41="SIURB EDIF",VLOOKUP($C41,EDIFJUL26!$A$1:$D$2751,2,0),IF($B41="siurb infra",VLOOKUP($C41,INFRAJUL26!$A$1:$D$935,2,0))))) -> EMBOÇO OU MASSA ÚNICA EM ARGAMASSA TRAÇO 1:2:8, PREPARO MANUAL, APLICADA MANUALMENTE EM PANOS CEGOS DE FACHADA (SEM PRESENÇA DE VÃOS), ESPESSURA DE 25 MM. AF_09/2022 | E41: =IF($B41="SINAPI",VLOOKUP($C41,SINAPI08!$A$1:$D$15741,3,0),IF($B41="CDHU",VLOOKUP($C41,CDHU203!$A$8:$F$4122,3,0),IF($B41="SIURB EDIF",VLOOKUP($C41,EDIFJUL26!$A$1:$D$2751,3,0),IF($B41="siurb infra",VLOOKUP($C41,INFRAJUL26!$A$1:$D$935,3,0))))) -> M2 | F41: =VLOOKUP(A41,'MEMORIA DE CALCULO'!$A$6:$N$274,14,0) -> 47.1 | G41: =IF($B41="SINAPI",VLOOKUP($C41,SINAPI08!$A$1:$D$15741,4,0),IF($B41="CDHU",VLOOKUP($C41,CDHU203!$A$8:$F$4122,6,0),IF($B41="SIURB EDIF",VLOOKUP($C41,EDIFJUL26!$A$1:$D$2751,4,0),IF($B41="siurb infra",VLOOKUP($C41,INFRAJUL26!$A$1:$D$935,4,0))))) -> 61.26 | H41: =G41*F41 -> 2885.346
A42: 3.1.16 | B42: SINAPI | C42: 104642 | D42: =IF($B42="SINAPI",VLOOKUP($C42,SINAPI08!$A$1:$D$15741,2,0),IF($B42="CDHU",VLOOKUP($C42,CDHU203!$A$8:$F$4122,2,0),IF($B42="SIURB EDIF",VLOOKUP($C42,EDIFJUL26!$A$1:$D$2751,2,0),IF($B42="siurb infra",VLOOKUP($C42,INFRAJUL26!$A$1:$D$935,2,0))))) -> PINTURA LÁTEX ACRÍLICA STANDARD, APLICAÇÃO MANUAL EM PAREDES, DUAS DEMÃOS. AF_04/2023 | E42: =IF($B42="SINAPI",VLOOKUP($C42,SINAPI08!$A$1:$D$15741,3,0),IF($B42="CDHU",VLOOKUP($C42,CDHU203!$A$8:$F$4122,3,0),IF($B42="SIURB EDIF",VLOOKUP($C42,EDIFJUL26!$A$1:$D$2751,3,0),IF($B42="siurb infra",VLOOKUP($C42,INFRAJUL26!$A$1:$D$935,3,0))))) -> M2 | F42: =VLOOKUP(A42,'MEMORIA DE CALCULO'!$A$6:$N$274,14,0) -> 23.55 | G42: =IF($B42="SINAPI",VLOOKUP($C42,SINAPI08!$A$1:$D$15741,4,0),IF($B42="CDHU",VLOOKUP($C42,CDHU203!$A$8:$F$4122,6,0),IF($B42="SIURB EDIF",VLOOKUP($C42,EDIFJUL26!$A$1:$D$2751,4,0),IF($B42="siurb infra",VLOOKUP($C42,INFRAJUL26!$A$1:$D$935,4,0))))) -> 13.19 | H42: =G42*F42 -> 310.6245
A43: 3.1.17 | B43: SINAPI | C43: 94319 | D43: =IF($B43="SINAPI",VLOOKUP($C43,SINAPI08!$A$1:$D$15741,2,0),IF($B43="CDHU",VLOOKUP($C43,CDHU203!$A$8:$F$4122,2,0),IF($B43="SIURB EDIF",VLOOKUP($C43,EDIFJUL26!$A$1:$D$2751,2,0),IF($B43="siurb infra",VLOOKUP($C43,INFRAJUL26!$A$1:$D$935,2,0))))) -> ATERRO MANUAL DE VALAS COM SOLO ARGILO-ARENOSO. AF_08/2023 | E43: =IF($B43="SINAPI",VLOOKUP($C43,SINAPI08!$A$1:$D$15741,3,0),IF($B43="CDHU",VLOOKUP($C43,CDHU203!$A$8:$F$4122,3,0),IF($B43="SIURB EDIF",VLOOKUP($C43,EDIFJUL26!$A$1:$D$2751,3,0),IF($B43="siurb infra",VLOOKUP($C43,INFRAJUL26!$A$1:$D$935,3,0))))) -> M3 | F43: =VLOOKUP(A43,'MEMORIA DE CALCULO'!$A$6:$N$274,14,0) -> 7.6375 | G43: =IF($B43="SINAPI",VLOOKUP($C43,SINAPI08!$A$1:$D$15741,4,0),IF($B43="CDHU",VLOOKUP($C43,CDHU203!$A$8:$F$4122,6,0),IF($B43="SIURB EDIF",VLOOKUP($C43,EDIFJUL26!$A$1:$D$2751,4,0),IF($B43="siurb infra",VLOOKUP($C43,INFRAJUL26!$A$1:$D$935,4,0))))) -> 87.78 | H43: =G43*F43 -> 670.41975
A44: 3.1.18 | B44: SINAPI | C44: 97088 | D44: =IF($B44="SINAPI",VLOOKUP($C44,SINAPI08!$A$1:$D$15741,2,0),IF($B44="CDHU",VLOOKUP($C44,CDHU203!$A$8:$F$4122,2,0),IF($B44="SIURB EDIF",VLOOKUP($C44,EDIFJUL26!$A$1:$D$2751,2,0),IF($B44="siurb infra",VLOOKUP($C44,INFRAJUL26!$A$1:$D$935,2,0))))) -> ARMAÇÃO PARA EXECUÇÃO DE RADIER, PISO DE CONCRETO OU LAJE SOBRE SOLO, COM USO DE TELA Q-92. AF_07/2026 | E44: =IF($B44="SINAPI",VLOOKUP($C44,SINAPI08!$A$1:$D$15741,3,0),IF($B44="CDHU",VLOOKUP($C44,CDHU203!$A$8:$F$4122,3,0),IF($B44="SIURB EDIF",VLOOKUP($C44,EDIFJUL26!$A$1:$D$2751,3,0),IF($B44="siurb infra",VLOOKUP($C44,INFRAJUL26!$A$1:$D$935,3,0))))) -> KG | F44: =VLOOKUP(A44,'MEMORIA DE CALCULO'!$A$6:$N$274,14,0) -> 38.1875 | G44: =IF($B44="SINAPI",VLOOKUP($C44,SINAPI08!$A$1:$D$15741,4,0),IF($B44="CDHU",VLOOKUP($C44,CDHU203!$A$8:$F$4122,6,0),IF($B44="SIURB EDIF",VLOOKUP($C44,EDIFJUL26!$A$1:$D$2751,4,0),IF($B44="siurb infra",VLOOKUP($C44,INFRAJUL26!$A$1:$D$935,4,0))))) -> 17.05 | H44: =G44*F44 -> 651.09688
A45: 3.1.19 | B45: SIURB EDIF | C45: 3003017 | D45: =IF($B45="SINAPI",VLOOKUP($C45,SINAPI08!$A$1:$D$15741,2,0),IF($B45="CDHU",VLOOKUP($C45,CDHU203!$A$8:$F$4122,2,0),IF($B45="SIURB EDIF",VLOOKUP($C45,EDIFJUL26!$A$1:$D$2751,2,0),IF($B45="siurb infra",VLOOKUP($C45,INFRAJUL26!$A$1:$D$935,2,0))))) -> CONCRETO FCK = 25,0MPA - USINADO | E45: =IF($B45="SINAPI",VLOOKUP($C45,SINAPI08!$A$1:$D$15741,3,0),IF($B45="CDHU",VLOOKUP($C45,CDHU203!$A$8:$F$4122,3,0),IF($B45="SIURB EDIF",VLOOKUP($C45,EDIFJUL26!$A$1:$D$2751,3,0),IF($B45="siurb infra",VLOOKUP($C45,INFRAJUL26!$A$1:$D$935,3,0))))) -> M3 | F45: =VLOOKUP(A45,'MEMORIA DE CALCULO'!$A$6:$N$274,14,0) -> 0.5875 | G45: =IF($B45="SINAPI",VLOOKUP($C45,SINAPI08!$A$1:$D$15741,4,0),IF($B45="CDHU",VLOOKUP($C45,CDHU203!$A$8:$F$4122,6,0),IF($B45="SIURB EDIF",VLOOKUP($C45,EDIFJUL26!$A$1:$D$2751,4,0),IF($B45="siurb infra",VLOOKUP($C45,INFRAJUL26!$A$1:$D$935,4,0))))) -> 589.49 | H45: =G45*F45 -> 346.32538
A46: 3.1.20 | B46: SINAPI | C46: 98557 | D46: =IF($B46="SINAPI",VLOOKUP($C46,SINAPI08!$A$1:$D$15741,2,0),IF($B46="CDHU",VLOOKUP($C46,CDHU203!$A$8:$F$4122,2,0),IF($B46="SIURB EDIF",VLOOKUP($C46,EDIFJUL26!$A$1:$D$2751,2,0),IF($B46="siurb infra",VLOOKUP($C46,INFRAJUL26!$A$1:$D$935,2,0))))) -> IMPERMEABILIZAÇÃO DE SUPERFÍCIE COM EMULSÃO ASFÁLTICA, 2 DEMÃOS. AF_09/2023 | E46: =IF($B46="SINAPI",VLOOKUP($C46,SINAPI08!$A$1:$D$15741,3,0),IF($B46="CDHU",VLOOKUP($C46,CDHU203!$A$8:$F$4122,3,0),IF($B46="SIURB EDIF",VLOOKUP($C46,EDIFJUL26!$A$1:$D$2751,3,0),IF($B46="siurb infra",VLOOKUP($C46,INFRAJUL26!$A$1:$D$935,3,0))))) -> M2 | F46: =VLOOKUP(A46,'MEMORIA DE CALCULO'!$A$6:$N$274,14,0) -> 47.1 | G46: =IF($B46="SINAPI",VLOOKUP($C46,SINAPI08!$A$1:$D$15741,4,0),IF($B46="CDHU",VLOOKUP($C46,CDHU203!$A$8:$F$4122,6,0),IF($B46="SIURB EDIF",VLOOKUP($C46,EDIFJUL26!$A$1:$D$2751,4,0),IF($B46="siurb infra",VLOOKUP($C46,INFRAJUL26!$A$1:$D$935,4,0))))) -> 71.17 | H46: =G46*F46 -> 3352.107
A47: 3.1.21 | B47: SIURB EDIF | C47: 17001033 | D47: =IF($B47="SINAPI",VLOOKUP($C47,SINAPI08!$A$1:$D$15741,2,0),IF($B47="CDHU",VLOOKUP($C47,CDHU203!$A$8:$F$4122,2,0),IF($B47="SIURB EDIF",VLOOKUP($C47,EDIFJUL26!$A$1:$D$2751,2,0),IF($B47="siurb infra",VLOOKUP($C47,INFRAJUL26!$A$1:$D$935,2,0))))) -> FP.06 - GRADIL/PEITORIL DE FERRO PERFILADO H=1,00M | E47: =IF($B47="SINAPI",VLOOKUP($C47,SINAPI08!$A$1:$D$15741,3,0),IF($B47="CDHU",VLOOKUP($C47,CDHU203!$A$8:$F$4122,3,0),IF($B47="SIURB EDIF",VLOOKUP($C47,EDIFJUL26!$A$1:$D$2751,3,0),IF($B47="siurb infra",VLOOKUP($C47,INFRAJUL26!$A$1:$D$935,3,0))))) -> M | F47: =VLOOKUP(A47,'MEMORIA DE CALCULO'!$A$6:$N$274,14,0) -> 27 | G47: =IF($B47="SINAPI",VLOOKUP($C47,SINAPI08!$A$1:$D$15741,4,0),IF($B47="CDHU",VLOOKUP($C47,CDHU203!$A$8:$F$4122,6,0),IF($B47="SIURB EDIF",VLOOKUP($C47,EDIFJUL26!$A$1:$D$2751,4,0),IF($B47="siurb infra",VLOOKUP($C47,INFRAJUL26!$A$1:$D$935,4,0))))) -> 368.11 | H47: =G47*F47 -> 9938.97
... A50: 3.1.24 | B50: SIURB INFRA | C50: 10018000 | D50: =IF($B50="SINAPI",VLOOKUP($C50,SINAPI08!$A$1:$D$15741,2,0),IF($B50="CDHU",VLOOKUP($C50,CDHU203!$A$8:$F$4122,2,0),IF($B50="SIURB EDIF",VLOOKUP($C50,EDIFJUL26!$A$1:$D$2751,2,0),IF($B50="siurb infra",VLOOKUP($C50,INFRAJUL26!$A$1:$D$935,2,0))))) -> PROTEÇÃO PARA TERCEIROS COM TELA DE NYLON | E50: =IF($B50="SINAPI",VLOOKUP($C50,SINAPI08!$A$1:$D$15741,3,0),IF($B50="CDHU",VLOOKUP($C50,CDHU203!$A$8:$F$4122,3,0),IF($B50="SIURB EDIF",VLOOKUP($C50,EDIFJUL26!$A$1:$D$2751,3,0),IF($B50="siurb infra",VLOOKUP($C50,INFRAJUL26!$A$1:$D$935,3,0))))) -> M2 | F50: =VLOOKUP(A50,'MEMORIA DE CALCULO'!$A$6:$N$274,14,0) -> 64.8 | G50: =IF($B50="SINAPI",VLOOKUP($C50,SINAPI08!$A$1:$D$15741,4,0),IF($B50="CDHU",VLOOKUP($C50,CDHU203!$A$8:$F$4122,6,0),IF($B50="SIURB EDIF",VLOOKUP($C50,EDIFJUL26!$A$1:$D$2751,4,0),IF($B50="siurb infra",VLOOKUP($C50,INFRAJUL26!$A$1:$D$935,4,0))))) -> 4.77 | H50: =G50*F50 -> 309.096
A51: 3.1.25 | B51: CDHU | C51: 34.01.020 | D51: =IF($B51="SINAPI",VLOOKUP($C51,SINAPI08!$A$1:$D$15741,2,0),IF($B51="CDHU",VLOOKUP($C51,CDHU203!$A$8:$F$4122,2,0),IF($B51="SIURB EDIF",VLOOKUP($C51,EDIFJUL26!$A$1:$D$2751,2,0),IF($B51="siurb infra",VLOOKUP($C51,INFRAJUL26!$A$1:$D$935,2,0))))) -> Limpeza e regularização de áreas para ajardinamento (jardins e canteiros) | E51: =IF($B51="SINAPI",VLOOKUP($C51,SINAPI08!$A$1:$D$15741,3,0),IF($B51="CDHU",VLOOKUP($C51,CDHU203!$A$8:$F$4122,3,0),IF($B51="SIURB EDIF",VLOOKUP($C51,EDIFJUL26!$A$1:$D$2751,3,0),IF($B51="siurb infra",VLOOKUP($C51,INFRAJUL26!$A$1:$D$935,3,0))))) -> M2 | F51: =VLOOKUP(A51,'MEMORIA DE CALCULO'!$A$6:$N$274,14,0) -> 96.42 | G51: =IF($B51="SINAPI",VLOOKUP($C51,SINAPI08!$A$1:$D$15741,4,0),IF($B51="CDHU",VLOOKUP($C51,CDHU203!$A$8:$F$4122,6,0),IF($B51="SIURB EDIF",VLOOKUP($C51,EDIFJUL26!$A$1:$D$2751,4,0),IF($B51="siurb infra",VLOOKUP($C51,INFRAJUL26!$A$1:$D$935,4,0))))) -> 2.39 | H51: =G51*F51 -> 230.4438
A52: 3.1.26 | B52: SINAPI | C52: 100719 | D52: =IF($B52="SINAPI",VLOOKUP($C52,SINAPI08!$A$1:$D$15741,2,0),IF($B52="CDHU",VLOOKUP($C52,CDHU203!$A$8:$F$4122,2,0),IF($B52="SIURB EDIF",VLOOKUP($C52,EDIFJUL26!$A$1:$D$2751,2,0),IF($B52="siurb infra",VLOOKUP($C52,INFRAJUL26!$A$1:$D$935,2,0))))) -> PINTURA COM TINTA ALQUIDICA DE FUNDO (TIPO ZARCAO) PULVERIZADA SOBRE PERFIL METALICO EXECUTADO EM FABRICA (POR DEMAO). AF_01/2020 | E52: =IF($B52="SINAPI",VLOOKUP($C52,SINAPI08!$A$1:$D$15741,3,0),IF($B52="CDHU",VLOOKUP($C52,CDHU203!$A$8:$F$4122,3,0),IF($B52="SIURB EDIF",VLOOKUP($C52,EDIFJUL26!$A$1:$D$2751,3,0),IF($B52="siurb infra",VLOOKUP($C52,INFRAJUL26!$A$1:$D$935,3,0))))) -> M2 | F52: =VLOOKUP(A52,'MEMORIA DE CALCULO'!$A$6:$N$274,14,0) -> 54 | G52: =IF($B52="SINAPI",VLOOKUP($C52,SINAPI08!$A$1:$D$15741,4,0),IF($B52="CDHU",VLOOKUP($C52,CDHU203!$A$8:$F$4122,6,0),IF($B52="SIURB EDIF",VLOOKUP($C52,EDIFJUL26!$A$1:$D$2751,4,0),IF($B52="siurb infra",VLOOKUP($C52,INFRAJUL26!$A$1:$D$935,4,0))))) -> 11.1 | H52: =G52*F52 -> 599.4
A53: 3.1.27 | B53: CDHU | C53: 33.11.050 | D53: =IF($B53="SINAPI",VLOOKUP($C53,SINAPI08!$A$1:$D$15741,2,0),IF($B53="CDHU",VLOOKUP($C53,CDHU203!$A$8:$F$4122,2,0),IF($B53="SIURB EDIF",VLOOKUP($C53,EDIFJUL26!$A$1:$D$2751,2,0),IF($B53="siurb infra",VLOOKUP($C53,INFRAJUL26!$A$1:$D$935,2,0))))) -> Esmalte à base água em superfície metálica, inclusive preparo | E53: =IF($B53="SINAPI",VLOOKUP($C53,SINAPI08!$A$1:$D$15741,3,0),IF($B53="CDHU",VLOOKUP($C53,CDHU203!$A$8:$F$4122,3,0),IF($B53="SIURB EDIF",VLOOKUP($C53,EDIFJUL26!$A$1:$D$2751,3,0),IF($B53="siurb infra",VLOOKUP($C53,INFRAJUL26!$A$1:$D$935,3,0))))) -> M2 | F53: =VLOOKUP(A53,'MEMORIA DE CALCULO'!$A$6:$N$274,14,0) -> 54 | G53: =IF($B53="SINAPI",VLOOKUP($C53,SINAPI08!$A$1:$D$15741,4,0),IF($B53="CDHU",VLOOKUP($C53,CDHU203!$A$8:$F$4122,6,0),IF($B53="SIURB EDIF",VLOOKUP($C53,EDIFJUL26!$A$1:$D$2751,4,0),IF($B53="siurb infra",VLOOKUP($C53,INFRAJUL26!$A$1:$D$935,4,0))))) -> 55.3 | H53: =G53*F53 -> 2986.2
A55: 3.2 | D55: Paisagismo | H55: =SUM(H56:H56) -> 4746.24
A56: 3.2.1 | B56: CDHU | C56: 34.03.120 | D56: =IF($B56="SINAPI",VLOOKUP($C56,SINAPI08!$A$1:$D$15741,2,0),IF($B56="CDHU",VLOOKUP($C56,CDHU203!$A$8:$F$4122,2,0),IF($B56="SIURB EDIF",VLOOKUP($C56,EDIFJUL26!$A$1:$D$2751,2,0),IF($B56="siurb infra",VLOOKUP($C56,INFRAJUL26!$A$1:$D$935,2,0))))) -> Arbusto Moréia - h= 0,50 m | E56: =IF($B56="SINAPI",VLOOKUP($C56,SINAPI08!$A$1:$D$15741,3,0),IF($B56="CDHU",VLOOKUP($C56,CDHU203!$A$8:$F$4122,3,0),IF($B56="SIURB EDIF",VLOOKUP($C56,EDIFJUL26!$A$1:$D$2751,3,0),IF($B56="siurb infra",VLOOKUP($C56,INFRAJUL26!$A$1:$D$935,3,0))))) -> UN | F56: =VLOOKUP(A56,'MEMORIA DE CALCULO'!$A$6:$N$274,14,0) -> 96 | G56: =IF($B56="SINAPI",VLOOKUP($C56,SINAPI08!$A$1:$D$15741,4,0),IF($B56="CDHU",VLOOKUP($C56,CDHU203!$A$8:$F$4122,6,0),IF($B56="SIURB EDIF",VLOOKUP($C56,EDIFJUL26!$A$1:$D$2751,4,0),IF($B56="siurb infra",VLOOKUP($C56,INFRAJUL26!$A$1:$D$935,4,0))))) -> 49.44 | H56: =G56*F56 -> 4746.24
A57: 3.4 | D57: Mobiliario | H57: =SUM(H58:H61) -> 11197.15
A58: 3.4.1 | B58: CDHU | C58: 35.05.240 | D58: =IF($B58="SINAPI",VLOOKUP($C58,SINAPI08!$A$1:$D$15741,2,0),IF($B58="CDHU",VLOOKUP($C58,CDHU203!$A$8:$F$4122,2,0),IF($B58="SIURB EDIF",VLOOKUP($C58,EDIFJUL26!$A$1:$D$2751,2,0),IF($B58="siurb infra",VLOOKUP($C58,INFRAJUL26!$A$1:$D$935,2,0))))) -> Gira-gira metálico com assento de madeira (8 lugares) | E58: =IF($B58="SINAPI",VLOOKUP($C58,SINAPI08!$A$1:$D$15741,3,0),IF($B58="CDHU",VLOOKUP($C58,CDHU203!$A$8:$F$4122,3,0),IF($B58="SIURB EDIF",VLOOKUP($C58,EDIFJUL26!$A$1:$D$2751,3,0),IF($B58="siurb infra",VLOOKUP($C58,INFRAJUL26!$A$1:$D$935,3,0))))) -> CJ | F58: =VLOOKUP(A58,'MEMORIA DE CALCULO'!$A$6:$N$274,14,0) -> 1 | G58: =IF($B58="SINAPI",VLOOKUP($C58,SINAPI08!$A$1:$D$15741,4,0),IF($B58="CDHU",VLOOKUP($C58,CDHU203!$A$8:$F$4122,6,0),IF($B58="SIURB EDIF",VLOOKUP($C58,EDIFJUL26!$A$1:$D$2751,4,0),IF($B58="siurb infra",VLOOKUP($C58,INFRAJUL26!$A$1:$D$935,4,0))))) -> 4215.87 | H58: =G58*F58 -> 4215.87
A59: 3.4.2 | B59: SIURB EDIF | C59: 18014015 | D59: =IF($B59="SINAPI",VLOOKUP($C59,SINAPI08!$A$1:$D$15741,2,0),IF($B59="CDHU",VLOOKUP($C59,CDHU203!$A$8:$F$4122,2,0),IF($B59="SIURB EDIF",VLOOKUP($C59,EDIFJUL26!$A$1:$D$2751,2,0),IF($B59="siurb infra",VLOOKUP($C59,INFRAJUL26!$A$1:$D$935,2,0))))) -> BALANÇO DE 3 LUGARES COM PNEUS COMPR=4,50M H=2,50M - ESTRUTURA METÁLICA | E59: =IF($B59="SINAPI",VLOOKUP($C59,SINAPI08!$A$1:$D$15741,3,0),IF($B59="CDHU",VLOOKUP($C59,CDHU203!$A$8:$F$4122,3,0),IF($B59="SIURB EDIF",VLOOKUP($C59,EDIFJUL26!$A$1:$D$2751,3,0),IF($B59="siurb infra",VLOOKUP($C59,INFRAJUL26!$A$1:$D$935,3,0))))) -> UN | F59: =VLOOKUP(A59,'MEMORIA DE CALCULO'!$A$6:$N$274,14,0) -> 1 | G59: =IF($B59="SINAPI",VLOOKUP($C59,SINAPI08!$A$1:$D$15741,4,0),IF($B59="CDHU",VLOOKUP($C59,CDHU203!$A$8:$F$4122,6,0),IF($B59="SIURB EDIF",VLOOKUP($C59,EDIFJUL26!$A$1:$D$2751,4,0),IF($B59="siurb infra",VLOOKUP($C59,INFRAJUL26!$A$1:$D$935,4,0))))) -> 2715.42 | H59: =G59*F59 -> 2715.42
A60: 3.4.3 | B60: CDHU | C60: 35.20.050 | D60: =IF($B60="SINAPI",VLOOKUP($C60,SINAPI08!$A$1:$D$15741,2,0),IF($B60="CDHU",VLOOKUP($C60,CDHU203!$A$8:$F$4122,2,0),IF($B60="SIURB EDIF",VLOOKUP($C60,EDIFJUL26!$A$1:$D$2751,2,0),IF($B60="siurb infra",VLOOKUP($C60,INFRAJUL26!$A$1:$D$935,2,0))))) -> Conjunto de 4 lixeiras para coleta seletiva, com tampa basculante, capacidade 50 litros | E60: =IF($B60="SINAPI",VLOOKUP($C60,SINAPI08!$A$1:$D$15741,3,0),IF($B60="CDHU",VLOOKUP($C60,CDHU203!$A$8:$F$4122,3,0),IF($B60="SIURB EDIF",VLOOKUP($C60,EDIFJUL26!$A$1:$D$2751,3,0),IF($B60="siurb infra",VLOOKUP($C60,INFRAJUL26!$A$1:$D$935,3,0))))) -> UN | F60: =VLOOKUP(A60,'MEMORIA DE CALCULO'!$A$6:$N$274,14,0) -> 1 | G60: =IF($B60="SINAPI",VLOOKUP($C60,SINAPI08!$A$1:$D$15741,4,0),IF($B60="CDHU",VLOOKUP($C60,CDHU203!$A$8:$F$4122,6,0),IF($B60="SIURB EDIF",VLOOKUP($C60,EDIFJUL26!$A$1:$D$2751,4,0),IF($B60="siurb infra",VLOOKUP($C60,INFRAJUL26!$A$1:$D$935,4,0))))) -> 1416.02 | H60: =G60*F60 -> 1416.02
A61: 3.4.4 | B61: SIURB EDIF | C61: 18012004 | D61: =IF($B61="SINAPI",VLOOKUP($C61,SINAPI08!$A$1:$D$15741,2,0),IF($B61="CDHU",VLOOKUP($C61,CDHU203!$A$8:$F$4122,2,0),IF($B61="SIURB EDIF",VLOOKUP($C61,EDIFJUL26!$A$1:$D$2751,2,0),IF($B61="siurb infra",VLOOKUP($C61,INFRAJUL26!$A$1:$D$935,2,0))))) -> IC.04 - BANCO EM CONCRETO APARENTE - L=50CM | E61: =IF($B61="SINAPI",VLOOKUP($C61,SINAPI08!$A$1:$D$15741,3,0),IF($B61="CDHU",VLOOKUP($C61,CDHU203!$A$8:$F$4122,3,0),IF($B61="SIURB EDIF",VLOOKUP($C61,EDIFJUL26!$A$1:$D$2751,3,0),IF($B61="siurb infra",VLOOKUP($C61,INFRAJUL26!$A$1:$D$935,3,0))))) -> M | F61: =VLOOKUP(A61,'MEMORIA DE CALCULO'!$A$6:$N$274,14,0) -> 8 | G61: =IF($B61="SINAPI",VLOOKUP($C61,SINAPI08!$A$1:$D$15741,4,0),IF($B61="CDHU",VLOOKUP($C61,CDHU203!$A$8:$F$4122,6,0),IF($B61="SIURB EDIF",VLOOKUP($C61,EDIFJUL26!$A$1:$D$2751,4,0),IF($B61="siurb infra",VLOOKUP($C61,INFRAJUL26!$A$1:$D$935,4,0))))) -> 356.23 | H61: =G61*F61 -> 2849.84
A63: 4 | D63: SERVIÇOS COMPLEMENTARES | G63: TOTAL ITEM | H63: =SUM(H65:H67) -> 7504.6856
A65: 4.1 | B65: SIURB EDIF | C65: 17004001 | D65: =IF($B65="SINAPI",VLOOKUP($C65,SINAPI08!$A$1:$D$15741,2,0),IF($B65="CDHU",VLOOKUP($C65,CDHU203!$A$8:$F$4122,2,0),IF($B65="SIURB EDIF",VLOOKUP($C65,EDIFJUL26!$A$1:$D$2751,2,0),IF($B65="siurb infra",VLOOKUP($C65,INFRAJUL26!$A$1:$D$935,2,0))))) -> LIMPEZA GERAL DA OBRA | E65: =IF($B65="SINAPI",VLOOKUP($C65,SINAPI08!$A$1:$D$15741,3,0),IF($B65="CDHU",VLOOKUP($C65,CDHU203!$A$8:$F$4122,3,0),IF($B65="SIURB EDIF",VLOOKUP($C65,EDIFJUL26!$A$1:$D$2751,3,0),IF($B65="siurb infra",VLOOKUP($C65,INFRAJUL26!$A$1:$D$935,3,0))))) -> M2 | F65: =VLOOKUP(A65,'MEMORIA DE CALCULO'!$A$6:$N$274,14,0) -> 419.02 | G65: =IF($B65="SINAPI",VLOOKUP($C65,SINAPI08!$A$1:$D$15741,4,0),IF($B65="CDHU",VLOOKUP($C65,CDHU203!$A$8:$F$4122,6,0),IF($B65="SIURB EDIF",VLOOKUP($C65,EDIFJUL26!$A$1:$D$2751,4,0),IF($B65="siurb infra",VLOOKUP($C65,INFRAJUL26!$A$1:$D$935,4,0))))) -> 16.28 | H65: =G65*F65 -> 6821.6456
A66: 4.2 | B66: SIURB EDIF | C66: 1001007 | D66: =IF($B66="SINAPI",VLOOKUP($C66,SINAPI08!$A$1:$D$15741,2,0),IF($B66="CDHU",VLOOKUP($C66,CDHU203!$A$8:$F$4122,2,0),IF($B66="SIURB EDIF",VLOOKUP($C66,EDIFJUL26!$A$1:$D$2751,2,0),IF($B66="siurb infra",VLOOKUP($C66,INFRAJUL26!$A$1:$D$935,2,0))))) -> REMOÇÃO DE ENTULHO COM CAÇAMBA METÁLICA, INCLUSIVE CARGA MANUAL E DESCARGA EM BOTA-FORA | E66: =IF($B66="SINAPI",VLOOKUP($C66,SINAPI08!$A$1:$D$15741,3,0),IF($B66="CDHU",VLOOKUP($C66,CDHU203!$A$8:$F$4122,3,0),IF($B66="SIURB EDIF",VLOOKUP($C66,EDIFJUL26!$A$1:$D$2751,3,0),IF($B66="siurb infra",VLOOKUP($C66,INFRAJUL26!$A$1:$D$935,3,0))))) -> M3 | F66: =VLOOKUP(A66,'MEMORIA DE CALCULO'!$A$6:$N$274,14,0) -> 4 | G66: =IF($B66="SINAPI",VLOOKUP($C66,SINAPI08!$A$1:$D$15741,4,0),IF($B66="CDHU",VLOOKUP($C66,CDHU203!$A$8:$F$4122,6,0),IF($B66="SIURB EDIF",VLOOKUP($C66,EDIFJUL26!$A$1:$D$2751,4,0),IF($B66="siurb infra",VLOOKUP($C66,INFRAJUL26!$A$1:$D$935,4,0))))) -> 170.76 | H66: =G66*F66 -> 683.04
F70: TOTAL SEM BDI | H70: =ROUND(SUM(H9,H15,H24,H63),2) -> 139484.66
F71: BDI(23,38%) | H71: =ROUND(H70*0.2338,2) -> 32611.51
F72: TOTAL COM BDI | H72: =ROUND(SUM(H70:H71),2) -> 172096.17
A75: Kaio Cezar Mariano
A76: Engenheiro Civil
A77: CREA-SP: 5070869525

Sheet MEMORIA DE CALCULO
D2: Objeto: REFORMA E ADEQUAÇÃO PRAÇA CAPINZAL
D3: Recurso: Emenda Impositiva
A6: MEMÓRIA DE CÁLCULO
A7: ITEM | B7: FONTE | C7: CÓDIGO | D7: DESCRIÇÃO | M7: UN | N7: QTD
A8: 1 | D8: =ORÇAMENTO!D9 -> SERVIÇOS PRELIMINARES
A9: 1.1 | B9: SINAPI | C9: 103689 | D9: =IF($B9="SINAPI",VLOOKUP($C9,SINAPI08!$A$1:$D$15741,2,0),IF($B9="CDHU",VLOOKUP($C9,CDHU203!$A$8:$F$4122,2,0),IF($B9="SIURB EDIF",VLOOKUP($C9,EDIFJUL26!$A$1:$D$2751,2,0),IF($B9="siurb infra",VLOOKUP($C9,INFRAJUL26!$A$1:$D$935,2,0))))) -> FORNECIMENTO E INSTALAÇÃO DE PLACA DE OBRA COM CHAPA GALVANIZADA E ESTRUTURA DE MADEIRA. AF_03/2022_PS | M9: =IF($B9="SINAPI",VLOOKUP($C9,SINAPI08!$A$1:$D$15741,3,0),IF($B9="CDHU",VLOOKUP($C9,CDHU203!$A$8:$F$4122,3,0),IF($B9="SIURB EDIF",VLOOKUP($C9,EDIFJUL26!$A$1:$D$2751,3,0),IF($B9="siurb infra",VLOOKUP($C9,INFRAJUL26!$A$1:$D$935,3,0))))) -> M2 | N9: =E13 -> 18
D11: COMPRIMENTO (M) | E11: 6
D12: ALTURA (M) | E12: 3
D13: ÁREA (M2) | E13: =E12*E11 -> 18
A17: 1.2 | B17: CDHU | C17: 02.02.150 | D17: =IF($B17="SINAPI",VLOOKUP($C17,SINAPI08!$A$1:$D$15741,2,0),IF($B17="CDHU",VLOOKUP($C17,CDHU203!$A$8:$F$4122,2,0),IF($B17="SIURB EDIF",VLOOKUP($C17,EDIFJUL26!$A$1:$D$2751,2,0),IF($B17="siurb infra",VLOOKUP($C17,INFRAJUL26!$A$1:$D$935,2,0))))) -> Locação de container tipo depósito - área mínima de 13,80 m² | M17: =IF($B17="SINAPI",VLOOKUP($C17,SINAPI08!$A$1:$D$15741,3,0),IF($B17="CDHU",VLOOKUP($C17,CDHU203!$A$8:$F$4122,3,0),IF($B17="SIURB EDIF",VLOOKUP($C17,EDIFJUL26!$A$1:$D$2751,3,0),IF($B17="siurb infra",VLOOKUP($C17,INFRAJUL26!$A$1:$D$935,3,0))))) -> UNMES | N17: =E21 -> 2
D19: UNIDADE | E19: 1
D20: MÊS | E20: 2
D21: TOTAL (UNMES) | E21: =E20*E19 -> 2
A23: 1.3 | B23: CDHU | C23: 02.01.180 | D23: =IF($B23="SINAPI",VLOOKUP($C23,SINAPI08!$A$1:$D$15741,2,0),IF($B23="CDHU",VLOOKUP($C23,CDHU203!$A$8:$F$4122,2,0),IF($B23="SIURB EDIF",VLOOKUP($C23,EDIFJUL26!$A$1:$D$2751,2,0),IF($B23="siurb infra",VLOOKUP($C23,INFRAJUL26!$A$1:$D$935,2,0))))) -> Banheiro químico modelo Standard, com manutenção conforme exigências da CETESB | M23: =IF($B23="SINAPI",VLOOKUP($C23,SINAPI08!$A$1:$D$15741,3,0),IF($B23="CDHU",VLOOKUP($C23,CDHU203!$A$8:$F$4122,3,0),IF($B23="SIURB EDIF",VLOOKUP($C23,EDIFJUL26!$A$1:$D$2751,3,0),IF($B23="siurb infra",VLOOKUP($C23,INFRAJUL26!$A$1:$D$935,3,0))))) -> UNMES | N23: =E27 -> 2
D25: UNIDADE | E25: 1
D26: MÊS | E26: 2
D27: TOTAL (UNMES) | E27: =E26*E25 -> 2
A29: 1.4 | B29: CDHU | C29: 02.10.060 | D29: =IF($B29="SINAPI",VLOOKUP($C29,SINAPI08!$A$1:$D$15741,2,0),IF($B29="CDHU",VLOOKUP($C29,CDHU203!$A$8:$F$4122,2,0),IF($B29="SIURB EDIF",VLOOKUP($C29,EDIFJUL26!$A$1:$D$2751,2,0),IF($B29="siurb infra",VLOOKUP($C29,INFRAJUL26!$A$1:$D$935,2,0))))) -> Locação de vias, calçadas, tanques e lagoas | M29: =IF($B29="SINAPI",VLOOKUP($C29,SINAPI08!$A$1:$D$15741,3,0),IF($B29="CDHU",VLOOKUP($C29,CDHU203!$A$8:$F$4122,3,0),IF($B29="SIURB EDIF",VLOOKUP($C29,EDIFJUL26!$A$1:$D$2751,3,0),IF($B29="siurb infra",VLOOKUP($C29,INFRAJUL26!$A$1:$D$935,3,0))))) -> M2 | N29: =E31 -> 419.02
D31: ÁREA (m2) | E31: =155.35+263.67 -> 419.02 | F31: Area computada apartir do CAD , considerando a area da praça visto que locação dos canteiros e demais equipamentos. (A1:155,35; A2:263,67)
A33: 2 | D33: =ORÇAMENTO!D15 -> DEMOLIÇÕES E REMOÇÕES
A35: 2.1 | B35: SIURB EDIF | C35: 17060046 | D35: =IF($B35="SINAPI",VLOOKUP($C35,SINAPI08!$A$1:$D$15741,2,0),IF($B35="CDHU",VLOOKUP($C35,CDHU203!$A$8:$F$4122,2,0),IF($B35="SIURB EDIF",VLOOKUP($C35,EDIFJUL26!$A$1:$D$2751,2,0),IF($B35="siurb infra",VLOOKUP($C35,INFRAJUL26!$A$1:$D$935,2,0))))) -> RETIRADA DE PISO INTERTRAVADO | M35: =IF($B35="SINAPI",VLOOKUP($C35,SINAPI08!$A$1:$D$15741,3,0),IF($B35="CDHU",VLOOKUP($C35,CDHU203!$A$8:$F$4122,3,0),IF($B35="SIURB EDIF",VLOOKUP($C35,EDIFJUL26!$A$1:$D$2751,3,0),IF($B35="siurb infra",VLOOKUP($C35,INFRAJUL26!$A$1:$D$935,3,0))))) -> M2 | N35: =E37 -> 142.7
D37: ÁREA (M2) | E37: =G39-I39 -> 142.7 | F37: Area considerada de 275,65 (A2) deduzindo as areas de canteiros existentes na planta de demolição (3,85+10,02+7,85+10,85+33,85+19,97+31,82+2,00+0,76) - A=120,97 .
D38: ESPESSURA (M) | E38: 0.06
D39: TOTAL (M3) | E39: =E38*E37 -> 8.562 | F39: A2 | G39: 263.67 | H39: A | I39: 120.97
A41: 2.2 | B41: SINAPI | C41: 104790 | D41: =IF($B41="SINAPI",VLOOKUP($C41,SINAPI08!$A$1:$D$15741,2,0),IF($B41="CDHU",VLOOKUP($C41,CDHU203!$A$8:$F$4122,2,0),IF($B41="SIURB EDIF",VLOOKUP($C41,EDIFJUL26!$A$1:$D$2751,2,0),IF($B41="siurb infra",VLOOKUP($C41,INFRAJUL26!$A$1:$D$935,2,0))))) -> DEMOLIÇÃO DE PISO DE CONCRETO SIMPLES, DE FORMA MECANIZADA COM MARTELETE, SEM REAPROVEITAMENTO. AF_09/2023 | M41: =IF($B41="SINAPI",VLOOKUP($C41,SINAPI08!$A$1:$D$15741,3,0),IF($B41="CDHU",VLOOKUP($C41,CDHU203!$A$8:$F$4122,3,0),IF($B41="SIURB EDIF",VLOOKUP($C41,EDIFJUL26!$A$1:$D$2751,3,0),IF($B41="siurb infra",VLOOKUP($C41,INFRAJUL26!$A$1:$D$935,3,0))))) -> M3 | N41: =E45 -> 4.8388
D43: ÁREA (M2) | E43: =I39 -> 120.97 | F43: Area considerada de canteiros existentes na planta de demolição (3,85+10,02+7,85+10,85+33,85+19,97+31,82+2,00+0,76) - A=120,97
D44: ESPESSURA (M) | E44: 0.04
D45: TOTAL (M3) | E45: =E43*E44 -> 4.8388
A47: 2.3 | B47: CDHU | C47: 04.02.020 | D47: =IF($B47="SINAPI",VLOOKUP($C47,SINAPI08!$A$1:$D$15741,2,0),IF($B47="CDHU",VLOOKUP($C47,CDHU203!$A$8:$F$4122,2,0),IF($B47="SIURB EDIF",VLOOKUP($C47,EDIFJUL26!$A$1:$D$2751,2,0),IF($B47="siurb infra",VLOOKUP($C47,INFRAJUL26!$A$1:$D$935,2,0))))) -> Retirada de peças lineares em madeira com seção até 60 cm² | M47: =IF($B47="SINAPI",VLOOKUP($C47,SINAPI08!$A$1:$D$15741,3,0),IF($B47="CDHU",VLOOKUP($C47,CDHU203!$A$8:$F$4122,3,0),IF($B47="SIURB EDIF",VLOOKUP($C47,EDIFJUL26!$A$1:$D$2751,3,0),IF($B47="siurb infra",VLOOKUP($C47,INFRAJUL26!$A$1:$D$935,3,0))))) -> M | N47: =E51 -> 12
D49: QTD | E49: 16 | F49: Computada as quantidades e dimensoes apresentadas no projeto de demolição acrescentado uma profundidade de chumbamento dos elementos de 25 cm. Comprimento total = 0,75cm (0,50+0,25)
D50: COMPRIMENTO (M) | E50: =0.5+0.25 -> 0.75
D51: TOTAL (M) | E51: =E49*E50 -> 12
A53: 2.4 | B53: CDHU | C53: 03.01.020 | D53: =IF($B53="SINAPI",VLOOKUP($C53,SINAPI08!$A$1:$D$15741,2,0),IF($B53="CDHU",VLOOKUP($C53,CDHU203!$A$8:$F$4122,2,0),IF($B53="SIURB EDIF",VLOOKUP($C53,EDIFJUL26!$A$1:$D$2751,2,0),IF($B53="siurb infra",VLOOKUP($C53,INFRAJUL26!$A$1:$D$935,2,0))))) -> Demolição manual de concreto simples | M53: =IF($B53="SINAPI",VLOOKUP($C53,SINAPI08!$A$1:$D$15741,3,0),IF($B53="CDHU",VLOOKUP($C53,CDHU203!$A$8:$F$4122,3,0),IF($B53="SIURB EDIF",VLOOKUP($C53,EDIFJUL26!$A$1:$D$2751,3,0),IF($B53="siurb infra",VLOOKUP($C53,INFRAJUL26!$A$1:$D$935,3,0))))) -> M3 | N53: =E57 -> 0.42
D55: QTD | E55: 2 | F55: Considerando peso do banco pre moldado padrao parque (210 kg) densidade do concreto convencional 2000kg/m³.
D56: correlação (( Kg)/(Kg/m³)) | E56: =210/2000 -> 0.105 | F56: foi considerado o cercamento em concreto simples C=14,12m e L=0,10m e esp=0,15m , volume = 0,21m³
D57: TOTAL (M3) | E57: =(E55*E56)+0.21 -> 0.42
A59: 2.5 | B59: SIURB EDIF | C59: 17050023 | D59: =IF($B59="SINAPI",VLOOKUP($C59,SINAPI08!$A$1:$D$15741,2,0),IF($B59="CDHU",VLOOKUP($C59,CDHU203!$A$8:$F$4122,2,0),IF($B59="SIURB EDIF",VLOOKUP($C59,EDIFJUL26!$A$1:$D$2751,2,0),IF($B59="siurb infra",VLOOKUP($C59,INFRAJUL26!$A$1:$D$935,2,0))))) -> DEMOLIÇÃO MECANIZADA DE CONCRETO ARMADO | M59: =IF($B59="SINAPI",VLOOKUP($C59,SINAPI08!$A$1:$D$15741,3,0),IF($B59="CDHU",VLOOKUP($C59,CDHU203!$A$8:$F$4122,3,0),IF($B59="SIURB EDIF",VLOOKUP($C59,EDIFJUL26!$A$1:$D$2751,3,0),IF($B59="siurb infra",VLOOKUP($C59,INFRAJUL26!$A$1:$D$935,3,0))))) -> M3 | N59: =E63 -> 0.03625
D61: ÁREA (M2) | E61: =(0.5*0.5) -> 0.25 | F61: Dimensão da tampa da caixa de passagem enterrada 50x50 cm
D62: ESPESSURA (M) | E62: 0.05 | F62: Dimensoes do pilarete 0,15x0,15x0,5
D63: TOTAL (M3) | E63: =(2*E62*E61)+(0.15*0.15*0.5) -> 0.03625
A66: 2.6 | B66: SIURB EDIF | C66: 1001007 | D66: =IF($B66="SINAPI",VLOOKUP($C66,SINAPI08!$A$1:$D$15741,2,0),IF($B66="CDHU",VLOOKUP($C66,CDHU203!$A$8:$F$4122,2,0),IF($B66="SIURB EDIF",VLOOKUP($C66,EDIFJUL26!$A$1:$D$2751,2,0),IF($B66="siurb infra",VLOOKUP($C66,INFRAJUL26!$A$1:$D$935,2,0))))) -> REMOÇÃO DE ENTULHO COM CAÇAMBA METÁLICA, INCLUSIVE CARGA MANUAL E DESCARGA EM BOTA-FORA | M66: =IF($B66="SINAPI",VLOOKUP($C66,SINAPI08!$A$1:$D$15741,3,0),IF($B66="CDHU",VLOOKUP($C66,CDHU203!$A$8:$F$4122,3,0),IF($B66="SIURB EDIF",VLOOKUP($C66,EDIFJUL26!$A$1:$D$2751,3,0),IF($B66="siurb infra",VLOOKUP($C66,INFRAJUL26!$A$1:$D$935,3,0))))) -> M3 | N66: =E68 -> 16.42565
D68: (M3) | E68: =E57+E45+(E39*1.3)+E63 -> 16.42565 | F68: Volume computado a partir da somatoria dos itens 2.1 , 2.2 , 2.4 e 2.5
A72: 3 | D72: =ORÇAMENTO!D24 -> REFORMA E ADEQUAÇÃO
A74: 3.1.1 | B74: SINAPI | C74: 100575 | D74: =IF($B74="SINAPI",VLOOKUP($C74,SINAPI08!$A$1:$D$15741,2,0),IF($B74="CDHU",VLOOKUP($C74,CDHU203!$A$8:$F$4122,2,0),IF($B74="SIURB EDIF",VLOOKUP($C74,EDIFJUL26!$A$1:$D$2751,2,0),IF($B74="siurb infra",VLOOKUP($C74,INFRAJUL26!$A$1:$D$935,2,0))))) -> REGULARIZAÇÃO DE SUPERFÍCIES COM MOTONIVELADORA. AF_09/2024 | M74: =IF($B74="SINAPI",VLOOKUP($C74,SINAPI08!$A$1:$D$15741,3,0),IF($B74="CDHU",VLOOKUP($C74,CDHU203!$A$8:$F$4122,3,0),IF($B74="SIURB EDIF",VLOOKUP($C74,EDIFJUL26!$A$1:$D$2751,3,0),IF($B74="siurb infra",VLOOKUP($C74,INFRAJUL26!$A$1:$D$935,3,0))))) -> M2 | N74: =E79 -> 322.6
D79: ÁREA (M2) | E79: =E31-96.42 -> 322.6 | F79: Área computada correspondente aos perimetros da praça apartir do CAD (A1=155,35 e A2=263,67) SUPRIMIDA AREA DE CANTEIRO (96,42M²)
A81: 3.1.2 | B81: SIURB EDIF | C81: 17002030 | D81: =IF($B81="SINAPI",VLOOKUP($C81,SINAPI08!$A$1:$D$15741,2,0),IF($B81="CDHU",VLOOKUP($C81,CDHU203!$A$8:$F$4122,2,0),IF($B81="SIURB EDIF",VLOOKUP($C81,EDIFJUL26!$A$1:$D$2751,2,0),IF($B81="siurb infra",VLOOKUP($C81,INFRAJUL26!$A$1:$D$935,2,0))))) -> PEDRISCO COM COMPACTAÇÃO MANUAL - ESPESSURA 5CM | M81: =IF($B81="SINAPI",VLOOKUP($C81,SINAPI08!$A$1:$D$15741,3,0),IF($B81="CDHU",VLOOKUP($C81,CDHU203!$A$8:$F$4122,3,0),IF($B81="SIURB EDIF",VLOOKUP($C81,EDIFJUL26!$A$1:$D$2751,3,0),IF($B81="siurb infra",VLOOKUP($C81,INFRAJUL26!$A$1:$D$935,3,0))))) -> M2 | N81: =E84 -> 322.6
D84: ÁREA (M2) | E84: =E79-E83 -> 322.6 | F84: Área computada correspondente ao item 3.1.1 suprimindo as areas dos canteiros (A.cant=28,25+7,45+15,54+16,96+12,85+15,37)
A90: 3.1.3 | B90: SINAPI | C90: 94993 | D90: =IF($B90="SINAPI",VLOOKUP($C90,SINAPI08!$A$1:$D$15741,2,0),IF($B90="CDHU",VLOOKUP($C90,CDHU203!$A$8:$F$4122,2,0),IF($B90="SIURB EDIF",VLOOKUP($C90,EDIFJUL26!$A$1:$D$2751,2,0),IF($B90="siurb infra",VLOOKUP($C90,INFRAJUL26!$A$1:$D$935,2,0))))) -> EXECUÇÃO DE PASSEIO (CALÇADA) OU PISO DE CONCRETO COM CONCRETO MOLDADO IN LOCO, USINADO, ACABAMENTO CONVENCIONAL, ESPESSURA 6 CM, ARMADO. AF_08/2022 | M90: =IF($B90="SINAPI",VLOOKUP($C90,SINAPI08!$A$1:$D$15741,3,0),IF($B90="CDHU",VLOOKUP($C90,CDHU203!$A$8:$F$4122,3,0),IF($B90="SIURB EDIF",VLOOKUP($C90,EDIFJUL26!$A$1:$D$2751,3,0),IF($B90="siurb infra",VLOOKUP($C90,INFRAJUL26!$A$1:$D$935,3,0))))) -> M2 | N90: =E92 -> 322.6
D92: ÁREA (M2) | E92: =E84 -> 322.6 | F92: Área computada correspondente ao item 3.1.1 suprimindo as areas dos canteiros (A.cant=28,25+7,45+15,54+16,96+12,85+15,37)
A94: 3.1.4 | B94: CDHU | C94: 11.20.050 | D94: =IF($B94="SINAPI",VLOOKUP($C94,SINAPI08!$A$1:$D$15741,2,0),IF($B94="CDHU",VLOOKUP($C94,CDHU203!$A$8:$F$4122,2,0),IF($B94="SIURB EDIF",VLOOKUP($C94,EDIFJUL26!$A$1:$D$2751,2,0),IF($B94="siurb infra",VLOOKUP($C94,INFRAJUL26!$A$1:$D$935,2,0))))) -> Corte de junta de dilatação, com serra de disco diamantado para pisos | M94: =IF($B94="SINAPI",VLOOKUP($C94,SINAPI08!$A$1:$D$15741,3,0),IF($B94="CDHU",VLOOKUP($C94,CDHU203!$A$8:$F$4122,3,0),IF($B94="SIURB EDIF",VLOOKUP($C94,EDIFJUL26!$A$1:$D$2751,3,0),IF($B94="siurb infra",VLOOKUP($C94,INFRAJUL26!$A$1:$D$935,3,0))))) -> M | N94: =E98 -> 393.41463
D97: ÁREA (M2) | E97: =E92 -> 322.6 | F97: Comprimento computado pela relação de área de placa maxima para descompressao e evitar trincas nas boas praticas da engenharia (A.placa = 2,00x2,00m), correlacionando essa area que corresponde a um quadrado a relação da area pelo perimetro ( Rp=0,82) podemos chegar em uma medida adquada.
D98: COMPRIMENTO (M) | E98: =E97/0.82 -> 393.41463
A100: 3.1.5 | B100: SINAPI | C100: 94279 | D100: =IF($B100="SINAPI",VLOOKUP($C100,SINAPI08!$A$1:$D$15741,2,0),IF($B100="CDHU",VLOOKUP($C100,CDHU203!$A$8:$F$4122,2,0),IF($B100="SIURB EDIF",VLOOKUP($C100,EDIFJUL26!$A$1:$D$2751,2,0),IF($B100="siurb infra",VLOOKUP($C100,INFRAJUL26!$A$1:$D$935,2,0))))) -> ASSENTAMENTO DE GUIA (MEIO-FIO) EM TRECHO RETO, CONFECCIONADA EM CONCRETO PRÉ-FABRICADO, DIMENSÕES 39X6,5X6,5X19 CM (COMPRIMENTO X BASE INFERIOR X BASE SUPERIOR X ALTURA), PARA DELIMITAÇÃO DE JARDINS, PRAÇAS OU PASSEIOS. AF_01/2024 | M100: =IF($B100="SINAPI",VLOOKUP($C100,SINAPI08!$A$1:$D$15741,3,0),IF($B100="CDHU",VLOOKUP($C100,CDHU203!$A$8:$F$4122,3,0),IF($B100="SIURB EDIF",VLOOKUP($C100,EDIFJUL26!$A$1:$D$2751,3,0),IF($B100="siurb infra",VLOOKUP($C100,INFRAJUL26!$A$1:$D$935,3,0))))) -> M | N100: =E102 -> 95.85
D102: COMPRIMENTO (M) | E102: =(9.5+9.5+4+4.22+5.77+2.46+3+1.25+5.35+4.08+2.12+8.22+8.12+7.09+4.77+3.55+3.89+1.39+3.92+3.65) -> 95.85 | F102: Comprimento computada correspondente ao perimetros dos canteiros retos (C.cant=9,50+9,50+4+4,22+5,77+2,46+3+1,25+5,35+4,08+2,12+8,22+8,12+7,09+4,77+3,55+3,89+1,39+3,92+3,65)
A105: 3.1.6 | B105: SINAPI | C105: 94280 | D105: =IF($B105="SINAPI",VLOOKUP($C105,SINAPI08!$A$1:$D$15741,2,0),IF($B105="CDHU",VLOOKUP($C105,CDHU203!$A$8:$F$4122,2,0),IF($B105="SIURB EDIF",VLOOKUP($C105,EDIFJUL26!$A$1:$D$2751,2,0),IF($B105="siurb infra",VLOOKUP($C105,INFRAJUL26!$A$1:$D$935,2,0))))) -> ASSENTAMENTO DE GUIA (MEIO-FIO) EM TRECHO CURVO, CONFECCIONADA EM CONCRETO PRÉ-FABRICADO, DIMENSÕES 39X6,5X6,5X19 CM (COMPRIMENTO X BASE INFERIOR X BASE SUPERIOR X ALTURA), PARA DELIMITAÇÃO DE JARDINS, PRAÇAS OU PASSEIOS. AF_01/2024 | M105: =IF($B105="SINAPI",VLOOKUP($C105,SINAPI08!$A$1:$D$15741,3,0),IF($B105="CDHU",VLOOKUP($C105,CDHU203!$A$8:$F$4122,3,0),IF($B105="SIURB EDIF",VLOOKUP($C105,EDIFJUL26!$A$1:$D$2751,3,0),IF($B105="siurb infra",VLOOKUP($C105,INFRAJUL26!$A$1:$D$935,3,0))))) -> M | N105: =E107 -> 16.23
D107: COMPRIMENTO (M) | E107: =1.09+0.81+0.81+0.41+0.81+0.62+0.58+1.02+1.12+0.86+0.49+0.61+1.56+0.64+0.68+1+0.76+0.95+0.76+0.65 -> 16.23 | F107: Comprimento computada correspondente ao perimetros dos canteiros curvo (C.cant=1,09+0,81+0,81+0,41+0,81+0,62+0,58+1,02+1,12+0,86+0,49+0,61+1,56+0,64+0,68+1,00+0,76+0,95+0,76+0,65)
A113: 3.1.7 | B113: SINAPI | C113: 98519 | D113: =IF($B113="SINAPI",VLOOKUP($C113,SINAPI08!$A$1:$D$15741,2,0),IF($B113="CDHU",VLOOKUP($C113,CDHU203!$A$8:$F$4122,2,0),IF($B113="SIURB EDIF",VLOOKUP($C113,EDIFJUL26!$A$1:$D$2751,2,0),IF($B113="siurb infra",VLOOKUP($C113,INFRAJUL26!$A$1:$D$935,2,0))))) -> REVOLVIMENTO E LIMPEZA MANUAL DE SOLO. AF_07/2024 | M113: =IF($B113="SINAPI",VLOOKUP($C113,SINAPI08!$A$1:$D$15741,3,0),IF($B113="CDHU",VLOOKUP($C113,CDHU203!$A$8:$F$4122,3,0),IF($B113="SIURB EDIF",VLOOKUP($C113,EDIFJUL26!$A$1:$D$2751,3,0),IF($B113="siurb infra",VLOOKUP($C113,INFRAJUL26!$A$1:$D$935,3,0))))) -> M2 | N113: =E115 -> 96.42
D115: ÁREA (M2) | E115: =28.25+7.45+15.54+16.96+12.85+15.37 -> 96.42 | F115: Área computada correspondente as areas dos canteiros (A.cant=28,25+7,45+15,54+16,96+12,85+15,37
A119: 3.1.8 | B119: SINAPI | C119: 98520 | D119: =IF($B119="SINAPI",VLOOKUP($C119,SINAPI08!$A$1:$D$15741,2,0),IF($B119="CDHU",VLOOKUP($C119,CDHU203!$A$8:$F$4122,2,0),IF($B119="SIURB EDIF",VLOOKUP($C119,EDIFJUL26!$A$1:$D$2751,2,0),IF($B119="siurb infra",VLOOKUP($C119,INFRAJUL26!$A$1:$D$935,2,0))))) -> APLICAÇÃO DE ADUBO EM SOLO. AF_07/2024 | M119: =IF($B119="SINAPI",VLOOKUP($C119,SINAPI08!$A$1:$D$15741,3,0),IF($B119="CDHU",VLOOKUP($C119,CDHU203!$A$8:$F$4122,3,0),IF($B119="SIURB EDIF",VLOOKUP($C119,EDIFJUL26!$A$1:$D$2751,3,0),IF($B119="siurb infra",VLOOKUP($C119,INFRAJUL26!$A$1:$D$935,3,0))))) -> M2 | N119: =E121 -> 96.42
D121: ÁREA (M2) | E121: =28.25+7.45+15.54+16.96+12.85+15.37 -> 96.42 | F121: Área computada correspondente as areas dos canteiros (A.cant=28,25+7,45+15,54+16,96+12,85+15,37
A123: 3.1.9 | B123: SINAPI | C123: 105521 | D123: =IF($B123="SINAPI",VLOOKUP($C123,SINAPI08!$A$1:$D$15741,2,0),IF($B123="CDHU",VLOOKUP($C123,CDHU203!$A$8:$F$4122,2,0),IF($B123="SIURB EDIF",VLOOKUP($C123,EDIFJUL26!$A$1:$D$2751,2,0),IF($B123="siurb infra",VLOOKUP($C123,INFRAJUL26!$A$1:$D$935,2,0))))) -> ESPALHAMENTO DE TERRA VEGETAL PARA O PLANTIO. AF_07/2024 | M123: =IF($B123="SINAPI",VLOOKUP($C123,SINAPI08!$A$1:$D$15741,3,0),IF($B123="CDHU",VLOOKUP($C123,CDHU203!$A$8:$F$4122,3,0),IF($B123="SIURB EDIF",VLOOKUP($C123,EDIFJUL26!$A$1:$D$2751,3,0),IF($B123="siurb infra",VLOOKUP($C123,INFRAJUL26!$A$1:$D$935,3,0))))) -> M2 | N123: =E125 -> 96.42
D125: ÁREA (M2) | E125: =E121 -> 96.42 | F125: Área computada correspondente as areas dos canteiros (A.cant=28,25+7,45+15,54+16,96+12,85+15,37
A128: 3.1.10 | B128: SINAPI | C128: 103946 | D128: =IF($B128="SINAPI",VLOOKUP($C128,SINAPI08!$A$1:$D$15741,2,0),IF($B128="CDHU",VLOOKUP($C128,CDHU203!$A$8:$F$4122,2,0),IF($B128="SIURB EDIF",VLOOKUP($C128,EDIFJUL26!$A$1:$D$2751,2,0),IF($B128="siurb infra",VLOOKUP($C128,INFRAJUL26!$A$1:$D$935,2,0))))) -> PLANTIO DE GRAMA ESMERALDA OU SÃO CARLOS OU CURITIBANA, EM PLACAS. AF_07/2024 | M128: =IF($B128="SINAPI",VLOOKUP($C128,SINAPI08!$A$1:$D$15741,3,0),IF($B128="CDHU",VLOOKUP($C128,CDHU203!$A$8:$F$4122,3,0),IF($B128="SIURB EDIF",VLOOKUP($C128,EDIFJUL26!$A$1:$D$2751,3,0),IF($B128="siurb infra",VLOOKUP($C128,INFRAJUL26!$A$1:$D$935,3,0))))) -> M2 | N128: =E130 -> 96.42
D130: ÁREA (M2) | E130: =E125 -> 96.42 | F130: Área computada correspondente as areas dos canteiros (A.cant=28,25+7,45+15,54+16,96+12,85+15,37
A132: 3.1.11 | B132: SINAPI | C132: 93358 | D132: =IF($B132="SINAPI",VLOOKUP($C132,SINAPI08!$A$1:$D$15741,2,0),IF($B132="CDHU",VLOOKUP($C132,CDHU203!CDHU203,2,0),IF($B132="SIURB EDIF",VLOOKUP($C132,EDIFJUL26!EDIFJUL26,2,0),IF($B132="siurb infra",VLOOKUP($C132,INFRAJUL26!INFRAJUL26,2,0))))) -> ESCAVAÇÃO MANUAL DE VALA. AF_09/2024 | M132: =IF($B132="SINAPI",VLOOKUP($C132,SINAPI08!$A$1:$D$15741,3,0),IF($B132="CDHU",VLOOKUP($C132,CDHU203!$A$8:$F$4122,3,0),IF($B132="SIURB EDIF",VLOOKUP($C132,EDIFJUL26!$A$1:$D$2751,3,0),IF($B132="siurb infra",VLOOKUP($C132,INFRAJUL26!$A$1:$D$935,3,0))))) -> M3 | N132: =E136 -> 2.35
D134: ÁREA (M2) | E134: =(2.35*5) -> 11.75 | F134: Área computada correspondente ao A1 da praça area está dos canteiros suspensos (A.cant=(2,35*5)), considerando a profundidade de escavação de 20cm.
D135: Altura escavação (M) | E135: 0.2
D136: Volume(M3) | E136: =E134*E135 -> 2.35
A138: 3.1.12 | B138: SIURB EDIF | C138: 2006002 | D138: =IF($B138="SINAPI",VLOOKUP($C138,SINAPI08!$A$1:$D$15741,2,0),IF($B138="CDHU",VLOOKUP($C138,CDHU203!$A$8:$F$4122,2,0),IF($B138="SIURB EDIF",VLOOKUP($C138,EDIFJUL26!$A$1:$D$2751,2,0),IF($B138="siurb infra",VLOOKUP($C138,INFRAJUL26!$A$1:$D$935,2,0))))) -> ALVENARIA DE EMBASAMENTO - BLOCOS VAZADO DE CONCRETO ESTRUTURAL - 14CM - 10MPA | M138: =IF($B138="SINAPI",VLOOKUP($C138,SINAPI08!$A$1:$D$15741,3,0),IF($B138="CDHU",VLOOKUP($C138,CDHU203!$A$8:$F$4122,3,0),IF($B138="SIURB EDIF",VLOOKUP($C138,EDIFJUL26!$A$1:$D$2751,3,0),IF($B138="siurb infra",VLOOKUP($C138,INFRAJUL26!$A$1:$D$935,3,0))))) -> M2 | N138: =E142 -> 9.42
D140: PERIMETRO(M2) | E140: =((3.14*5)+(6.28*5)) -> 47.1 | F140: Perimetro computado correspondente ao A1 da praça perimetro este dos canteiros suspensos (P=((3,14*5)+(6,28*5)), considerando a altura de embasamento de 20cm.
D141: Altura EMBASAMENTO (M) | E141: 0.2
D142: ÁREA(M2) | E142: =E140*E141 -> 9.42
A144: 3.1.13 | B144: SIURB EDIF | C144: 4001002 | D144: =IF($B144="SINAPI",VLOOKUP($C144,SINAPI08!$A$1:$D$15741,2,0),IF($B144="CDHU",VLOOKUP($C144,CDHU203!$A$8:$F$4122,2,0),IF($B144="SIURB EDIF",VLOOKUP($C144,EDIFJUL26!$A$1:$D$2751,2,0),IF($B144="siurb infra",VLOOKUP($C144,INFRAJUL26!$A$1:$D$935,2,0))))) -> ALVENARIA EM TIJOLOS MACIÇOS COMUNS - 1/2 TIJOLO | M144: =IF($B144="SINAPI",VLOOKUP($C144,SINAPI08!$A$1:$D$15741,3,0),IF($B144="CDHU",VLOOKUP($C144,CDHU203!$A$8:$F$4122,3,0),IF($B144="SIURB EDIF",VLOOKUP($C144,EDIFJUL26!$A$1:$D$2751,3,0),IF($B144="siurb infra",VLOOKUP($C144,INFRAJUL26!$A$1:$D$935,3,0))))) -> M2 | N144: =E148 -> 23.55
D146: PERIMETRO(M2) | E146: =((3.14*5)+(6.28*5)) -> 47.1 | F146: Perimetro computado correspondente ao A1 da praça perimetro este dos canteiros suspensos (P=((3,14*5)+(6,28*5)), considerando a altura da elevação do canteiro de 50cm.
D147: Altura EMBASAMENTO (M) | E147: 0.5
D148: ÁREA(M2) | E148: =E146*E147 -> 23.55
A150: 3.1.14 | B150: SINAPI | C150: 87905 | D150: =IF($B150="SINAPI",VLOOKUP($C150,SINAPI08!$A$1:$D$15741,2,0),IF($B150="CDHU",VLOOKUP($C150,#REF!,2,0),IF($B150="SIURB EDIF",VLOOKUP($C150,#REF!,2,0),IF($B150="siurb infra",VLOOKUP($C150,#REF!,2,0))))) -> CHAPISCO APLICADO EM ALVENARIA (COM PRESENÇA DE VÃOS) E ESTRUTURAS DE CONCRETO DE FACHADA, COM COLHER DE PEDREIRO. ARGAMASSA TRAÇO 1:3 COM PREPARO EM BETONEIRA 400L. AF_10/2022 | M150: =IF($B150="SINAPI",VLOOKUP($C150,SINAPI08!$A$1:$D$15741,3,0),IF($B150="CDHU",VLOOKUP($C150,CDHU203!$A$8:$F$4122,3,0),IF($B150="SIURB EDIF",VLOOKUP($C150,EDIFJUL26!$A$1:$D$2751,3,0),IF($B150="siurb infra",VLOOKUP($C150,INFRAJUL26!$A$1:$D$935,3,0))))) -> M2 | N150: =E154*2 -> 47.1
D152: PERIMETRO(M2) | E152: =((3.14*5)+(6.28*5)) -> 47.1 | F152: Perimetro computado correspondente ao A1 da praça perimetro este dos canteiros suspensos (P=((3,14*5)+(6,28*5)), considerando a altura da elevação do canteiro de 50cm. Considerando duas faces
D153: Altura EMBASAMENTO (M) | E153: 0.5
D154: ÁREA(M2) | E154: =E152*E153 -> 23.55
A156: 3.1.15 | B156: SINAPI | C156: 87794 | D156: =IF($B156="SINAPI",VLOOKUP($C156,SINAPI08!$A$1:$D$15741,2,0),IF($B156="CDHU",VLOOKUP($C156,CDHU203!$A$8:$F$4122,2,0),IF($B156="SIURB EDIF",VLOOKUP($C156,EDIFJUL26!$A$1:$D$2751,2,0),IF($B156="siurb infra",VLOOKUP($C156,INFRAJUL26!$A$1:$D$935,2,0))))) -> EMBOÇO OU MASSA ÚNICA EM ARGAMASSA TRAÇO 1:2:8, PREPARO MANUAL, APLICADA MANUALMENTE EM PANOS CEGOS DE FACHADA (SEM PRESENÇA DE VÃOS), ESPESSURA DE 25 MM. AF_09/2022 | M156: =IF($B156="SINAPI",VLOOKUP($C156,SINAPI08!$A$1:$D$15741,3,0),IF($B156="CDHU",VLOOKUP($C156,CDHU203!$A$8:$F$4122,3,0),IF($B156="SIURB EDIF",VLOOKUP($C156,EDIFJUL26!$A$1:$D$2751,3,0),IF($B156="siurb infra",VLOOKUP($C156,INFRAJUL26!$A$1:$D$935,3,0))))) -> M2 | N156: =(2*E160) -> 47.1
D158: PERIMETRO(M2) | E158: =((3.14*5)+(6.28*5)) -> 47.1 | F158: Perimetro computado correspondente ao A1 da praça perimetro este dos canteiros suspensos (P=((3,14*5)+(6,28*5)), considerando a altura da elevação do canteiro de 50cm. Considerando duas faces
D159: Altura EMBASAMENTO (M) | E159: 0.5
D160: ÁREA(M2) | E160: =E158*E159 -> 23.55
A162: 3.1.16 | B162: SINAPI | C162: 104642 | D162: =IF($B162="SINAPI",VLOOKUP($C162,SINAPI08!$A$1:$D$15741,2,0),IF($B162="CDHU",VLOOKUP($C162,CDHU203!$A$8:$F$4122,2,0),IF($B162="SIURB EDIF",VLOOKUP($C162,EDIFJUL26!$A$1:$D$2751,2,0),IF($B162="siurb infra",VLOOKUP($C162,INFRAJUL26!$A$1:$D$935,2,0))))) -> PINTURA LÁTEX ACRÍLICA STANDARD, APLICAÇÃO MANUAL EM PAREDES, DUAS DEMÃOS. AF_04/2023 | M162: =IF($B162="SINAPI",VLOOKUP($C162,SINAPI08!$A$1:$D$15741,3,0),IF($B162="CDHU",VLOOKUP($C162,CDHU203!$A$8:$F$4122,3,0),IF($B162="SIURB EDIF",VLOOKUP($C162,EDIFJUL26!$A$1:$D$2751,3,0),IF($B162="siurb infra",VLOOKUP($C162,INFRAJUL26!$A$1:$D$935,3,0))))) -> M2 | N162: =E166 -> 23.55
D164: PERIMETRO(M2) | E164: =((3.14*5)+(6.28*5)) -> 47.1 | F164: Perimetro computado correspondente ao A1 da praça perimetro este dos canteiros suspensos (P=((3,14*5)+(6,28*5)), considerando a altura da elevação do canteiro de 50cm.
D165: Altura EMBASAMENTO (M) | E165: 0.5
D166: ÁREA(M2) | E166: =E164*E165 -> 23.55
A168: 3.1.17 | B168: SINAPI | C168: 94319 | D168: =IF($B168="SINAPI",VLOOKUP($C168,SINAPI08!$A$1:$D$15741,2,0),IF($B168="CDHU",VLOOKUP($C168,CDHU203!$A$8:$F$4122,2,0),IF($B168="SIURB EDIF",VLOOKUP($C168,EDIFJUL26!$A$1:$D$2751,2,0),IF($B168="siurb infra",VLOOKUP($C168,INFRAJUL26!$A$1:$D$935,2,0))))) -> ATERRO MANUAL DE VALAS COM SOLO ARGILO-ARENOSO. AF_08/2023 | M168: =IF($B168="SINAPI",VLOOKUP($C168,SINAPI08!$A$1:$D$15741,3,0),IF($B168="CDHU",VLOOKUP($C168,CDHU203!$A$8:$F$4122,3,0),IF($B168="SIURB EDIF",VLOOKUP($C168,EDIFJUL26!$A$1:$D$2751,3,0),IF($B168="siurb infra",VLOOKUP($C168,INFRAJUL26!$A$1:$D$935,3,0))))) -> M3 | N168: =E173 -> 7.6375
D170: QTD | E170: 5 | F170: Perimetro computado correspondente ao A1 da praça perimetro este dos canteiros suspensos (P=(2,35*5), considerando a altura da elevação do canteiro de 50cm e largura de 50cm. Empolamento de 30%.
D171: AREA (M²) | E171: =2.35*E170 -> 11.75
D172: Largura de aterro (M) | E172: 0.5
D173: Volume (M3) | E173: =(E171*E172)*1.3 -> 7.6375
A175: 3.1.18 | B175: SINAPI | C175: 97088 | D175: =IF($B175="SINAPI",VLOOKUP($C175,SINAPI08!$A$1:$D$15741,2,0),IF($B175="CDHU",VLOOKUP($C175,CDHU203!$A$8:$F$4122,2,0),IF($B175="SIURB EDIF",VLOOKUP($C175,EDIFJUL26!$A$1:$D$2751,2,0),IF($B175="siurb infra",VLOOKUP($C175,INFRAJUL26!$A$1:$D$935,2,0))))) -> ARMAÇÃO PARA EXECUÇÃO DE RADIER, PISO DE CONCRETO OU LAJE SOBRE SOLO, COM USO DE TELA Q-92. AF_07/2026 | M175: =IF($B175="SINAPI",VLOOKUP($C175,SINAPI08!$A$1:$D$15741,3,0),IF($B175="CDHU",VLOOKUP($C175,CDHU203!$A$8:$F$4122,3,0),IF($B175="SIURB EDIF",VLOOKUP($C175,EDIFJUL26!$A$1:$D$2751,3,0),IF($B175="siurb infra",VLOOKUP($C175,INFRAJUL26!$A$1:$D$935,3,0))))) -> KG | N175: =E182 -> 38.1875
F177: Perimetro computado correspondente ao A1 da praça perimetro este dos canteiros suspensos (P=(2,35*5), considerando a largura do tampo 50cm. coeficiente de consumo de aço por volume de concreto de 65kg/m³.
D178: QTD | E178: 5
D179: ÁREA(M2) | E179: =2.35*E178 -> 11.75
D180: espessura do tampo(M) | E180: 0.05
D181: Volume de concreto(M3) | E181: =E179*E180 -> 0.5875
D182: Armação(Kg) | E182: =E181*65 -> 38.1875
...

Sheet CDHU203
B1: COMPANHIA DE DESENVOLVIMENTO HABITACIONAL E URBANO
A2: DO ESTADO DE SÃO PAULO
A3: BOLETIM REFERENCIAL DE CUSTOS - TABELA DE SERVIÇOS
A4: SEM DESONERAÇÃO
F5: Versão 203
E6: Data Base: | F6: AGO/26
C7: BDI : | D7: 0 | E7: L.S.: | F7: 1.2823
A8: Referência | B8: Descrição | C8: Un | D8: Material | E8: Mão de Obra | F8: Custo Total
A9: 01 | B9: SERVICO TECNICO ESPECIALIZADO
A10: 01.02 | B10: Parecer técnico
A11: 01.02.071 | B11: Parecer técnico de fundações, contenções e recomendações gerais, para empreendimentos com área construída até 1.000 m² | C11: UN | E11: 7575.8 | F11: 7575.8 | G11: 15
A12: 01.02.081 | B12: Parecer técnico de fundações, contenções e recomendações gerais, para empreendimentos com área construída de 1.001 a 2.000 m² | C12: UN | E12: 10074.35 | F12: 10074.35 | G12: 15
A13: 01.02.091 | B13: Parecer técnico de fundações, contenções e recomendações gerais, para empreendimentos com área construída de 2.001 a 5.000 m² | C13: UN | E13: 17209.23 | F13: 17209.23 | G13: 15
A14: 01.02.101 | B14: Parecer técnico de fundações, contenções e recomendações gerais, para empreendimentos com área construída de 5.001 a 10.000 m² | C14: UN | E14: 23595.88 | F14: 23595.88 | G14: 15
A15: 01.02.111 | B15: Parecer técnico de fundações, contenções e recomendações gerais, para empreendimentos com área construída acima de 10.000 m² | C15: UN | E15: 27497.35 | F15: 27497.35 | G15: 15
A16: 01.06 | B16: Projeto de instalações elétricas
A17: 01.06.021 | B17: Elaboração de projeto de adequação de entrada de energia elétrica junto a concessionária, com medição em baixa tensão e demanda até 75 kVA | C17: UN | E17: 9676.24 | F17: 9676.24 | G17: 15
A18: 01.06.031 | B18: Elaboração de projeto de adequação de entrada de energia elétrica junto a concessionária, com medição em média tensão, subestação simplificada e demanda de 75 kVA a 300 kVA | C18: UN | E18: 16389.82 | F18: 16389.82 | G18: 15
A19: 01.06.032 | B19: Elaboração de projeto de adequação de entrada de energia elétrica junto a concessionária, com medição em média tensão e demanda de 75 kVA a 300 kVA | C19: UN | E19: 22178.36 | F19: 22178.36 | G19: 15
A20: 01.06.041 | B20: Elaboração de projeto de adequação de entrada de energia elétrica junto a concessionária, com medição em média tensão e demanda acima de 300 kVA a 2 MVA | C20: UN | E20: 29499.7 | F20: 29499.7 | G20: 15
A21: 01.17 | B21: Projeto executivo
A22: 01.17.031 | B22: Projeto executivo de arquitetura em formato A1 | C22: UN | E22: 3811.5 | F22: 3811.5 | G22: 15
A23: 01.17.041 | B23: Projeto executivo de arquitetura em formato A0 | C23: UN | E23: 5152.78 | F23: 5152.78 | G23: 15
A24: 01.17.051 | B24: Projeto executivo de estrutura em formato A1 | C24: UN | E24: 2795.27 | F24: 2795.27 | G24: 15
A25: 01.17.061 | B25: Projeto executivo de estrutura em formato A0 | C25: UN | E25: 3824.45 | F25: 3824.45 | G25: 15
A26: 01.17.071 | B26: Projeto executivo de instalações hidráulicas em formato A1 | C26: UN | E26: 1200.01 | F26: 1200.01 | G26: 15
A27: 01.17.081 | B27: Projeto executivo de instalações hidráulicas em formato A0 | C27: UN | E27: 1597.36 | F27: 1597.36 | G27: 15
A28: 01.17.111 | B28: Projeto executivo de instalações elétricas em formato A1 | C28: UN | E28: 1332.58 | F28: 1332.58 | G28: 15
A29: 01.17.121 | B29: Projeto executivo de instalações elétricas em formato A0 | C29: UN | E29: 1847.71 | F29: 1847.71 | G29: 15
A30: 01.17.151 | B30: Projeto executivo de climatização em formato A1 | C30: UN | E30: 2564.96 | F30: 2564.96 | G30: 15
A31: 01.17.161 | B31: Projeto executivo de climatização em formato A0 | C31: UN | E31: 3496.34 | F31: 3496.34 | G31: 15
A32: 01.17.171 | B32: Projeto executivo de chuveiros automáticos em formato A1 | C32: UN | E32: 2214.38 | F32: 2214.38 | G32: 15
A33: 01.17.181 | B33: Projeto executivo de chuveiros automáticos em formato A0 | C33: UN | E33: 2862.18 | F33: 2862.18 | G33: 15
A34: 01.20 | B34: Levantamento topográfico e geofísico
A35: 01.20.010 | B35: Taxa de mobilização e desmobilização de equipamentos para execução de levantamento topográfico | C35: TX | D35: 1155.32 | F35: 1155.32 | G35: 15
A36: 01.20.280 | B36: Levantamento planimétrico de área pavimentada para veículo e pedestre | C36: M2 | D36: 0.07 | E36: 0.19 | F36: 0.26 | G36: 15
A37: 01.20.691 | B37: Levantamento planimétrico cadastral com áreas ocupadas predominantemente por comunidades - área até 20.000 m² (mínimo de 3.500 m²) | C37: M2 | D37: 0.46 | E37: 0.63 | F37: 1.09 | G37: 15
A38: 01.20.701 | B38: Levantamento planimétrico cadastral com áreas ocupadas predominantemente por comunidades - área acima de 20.000 m² até 200.000 m² | C38: M2 | D38: 0.36 | E38: 0.49 | F38: 0.85 | G38: 15
A39: 01.20.711 | B39: Levantamento planimétrico cadastral com áreas ocupadas predominantemente por comunidades - área acima de 200.000 m² | C39: M2 | D39: 0.3 | E39: 0.39 | F39: 0.69 | G39: 15
A40: 01.20.721 | B40: Levantamento planimétrico cadastral com áreas até 50% de ocupação - área até 20.000 m² (mínimo de 3.500 m²) | C40: M2 | D40: 0.41 | E40: 0.54 | F40: 0.95 | G40: 15
A41: 01.20.731 | B41: Levantamento planimétrico cadastral com áreas até 50% de ocupação - área acima de 20.000 m² até 200.000 m² | C41: M2 | D41: 0.19 | E41: 0.61 | F41: 0.8 | G41: 15
A42: 01.20.741 | B42: Levantamento planimétrico cadastral com áreas até 50% de ocupação - área acima de 200.000 m² | C42: M2 | D42: 0.26 | E42: 0.34 | F42: 0.6 | G42: 15
A43: 01.20.751 | B43: Levantamento planimétrico cadastral com áreas acima de 50% de ocupação - área até 20.000 m² (mínimo de 4.000 m²) | C43: M2 | D43: 0.35 | E43: 0.49 | F43: 0.84 | G43: 15
A44: 01.20.761 | B44: Levantamento planimétrico cadastral com áreas acima de 50% de ocupação - área acima de 20.000 m² até 200.000 m² | C44: M2 | D44: 0.31 | E44: 0.42 | F44: 0.73 | G44: 15
A45: 01.20.771 | B45: Levantamento planimétrico cadastral com áreas acima de 50% de ocupação - área acima de 200.000 m² | C45: M2 | D45: 0.3 | E45: 0.4 | F45: 0.7 | G45: 15
A46: 01.20.781 | B46: Levantamento planialtimétrico cadastral com áreas ocupadas predominantemente por comunidades - área até 20.000 m² (mínimo de 3.500 m²) | C46: M2 | D46: 0.48 | E46: 0.66 | F46: 1.14 | G46: 15
A47: 01.20.791 | B47: Levantamento planialtimétrico cadastral com áreas ocupadas predominantemente por comunidades - área acima de 20.000 m² até 200.000 m² | C47: M2 | D47: 0.4 | E47: 0.53 | F47: 0.93 | G47: 15
... A60: 01.20.921 | B60: Implantação de marcos através de levantamento com GPS (mínimo de 3 marcos) | C60: UN | D60: 760.8 | E60: 541.05 | F60: 1301.85 | G60: 15
A61: 01.21 | B61: Estudo geotecnico (sondagem)
A62: 01.21.010 | B62: Taxa de mobilização e desmobilização de equipamentos para execução de sondagem | C62: TX | D62: 1458.93 | F62: 1458.93 | G62: 15
A63: 01.21.090 | B63: Taxa de mobilização e desmobilização de equipamentos para execução de sondagem rotativa | C63: TX | D63: 6913.73 | F63: 6913.73 | G63: 15
A64: 01.21.100 | B64: Sondagem do terreno a trado | C64: M | D64: 111.93 | F64: 111.93 | G64: 15
A65: 01.21.110 | B65: Sondagem do terreno à percussão (mínimo de 30 m) | C65: M | D65: 97.11 | F65: 97.11 | G65: 15
A66: 01.21.120 | B66: Sondagem do terreno rotativa em solo | C66: M | D66: 436.91 | F66: 436.91 | G66: 15
A67: 01.21.130 | B67: Sondagem do terreno rotativa em rocha | C67: M | D67: 686.54 | F67: 686.54 | G67: 15
A68: 01.21.140 | B68: Sondagem do terreno à percussão com a utilização de torquímetro (mínimo de 30 m) | C68: M | D68: 108.69 | F68: 108.69 | G68: 15
A69: 01.23 | B69: Tratamento, recuperação e trabalhos especiais em concreto
A70: 01.23.010 | B70: Taxa de mobilização e desmobilização de equipamentos para execução de corte em concreto armado | C70: TX | D70: 464.12 | F70: 464.12 | G70: 15
A71: 01.23.020 | B71: Limpeza de armadura com escova de aço | C71: M2 | D71: 3.43 | E71: 7.17 | F71: 10.6 | G71: 15
A72: 01.23.030 | B72: Preparo de ponte de aderência com adesivo a base de epóxi | C72: M2 | D72: 112.44 | E72: 52.98 | F72: 165.42 | G72: 15
A73: 01.23.056 | B73: Tratamento de armadura com produto anticorrosivo a base de zinco | C73: M2 | D73: 22.43 | E73: 50.5 | F73: 72.93 | G73: 15
A74: 01.23.060 | B74: Corte de concreto deteriorado inclusive remoção dos detritos | C74: M2 | E74: 35.85 | F74: 35.85 | G74: 15
A75: 01.23.070 | B75: Demarcação de área com disco de corte diamantado | C75: M | D75: 1.05 | E75: 5.3 | F75: 6.35 | G75: 15
A76: 01.23.100 | B76: Demolição de concreto armado com preservação de armadura, para reforço e recuperação estrutural | C76: M3 | E76: 541.1 | F76: 541.1 | G76: 15
A77: 01.23.140 | B77: Furação de 1 1/4´ em concreto armado | C77: M | D77: 280.25 | F77: 280.25 | G77: 15
A78: 01.23.150 | B78: Furação de 1 1/2´ em concreto armado | C78: M | D78: 288.19 | F78: 288.19 | G78: 15
A79: 01.23.160 | B79: Furação de 2 1/4´ em concreto armado | C79: M | D79: 389.79 | F79: 389.79 | G79: 15
A80: 01.23.190 | B80: Furação de 2 1/2´ em concreto armado | C80: M | D80: 399.7 | F80: 399.7 | G80: 15
A81: 01.23.200 | B81: Taxa de mobilização e desmobilização de equipamentos para execução de perfuração em concreto | C81: TX | D81: 211.65 | F81: 211.65 | G81: 15
A82: 01.23.221 | B82: Furação para até 10mm x 100mm em concreto armado, inclusive colagem de armadura (para até 8mm) | C82: UN | D82: 13.01 | F82: 13.01 | G82: 15
A83: 01.23.222 | B83: Furação para 12,5mm x 100mm em concreto armado, inclusive colagem de armadura (para 10mm) | C83: UN | D83: 15.92 | F83: 15.92 | G83: 15
A84: 01.23.223 | B84: Furação para 16mm x 100mm em concreto armado, inclusive colagem de armadura (para 12,5mm) | C84: UN | D84: 16.58 | F84: 16.58 | G84: 15
A85: 01.23.231 | B85: Furação para até 10mm x 150mm em concreto armado, inclusive colagem de armadura (para até 8mm) | C85: UN | D85: 21.35 | F85: 21.35 | G85: 15
A86: 01.23.232 | B86: Furação para 12,5mm x 150mm em concreto armado, inclusive colagem de armadura (para 10mm) | C86: UN | D86: 22.23 | F86: 22.23 | G86: 15
A87: 01.23.233 | B87: Furação para 16mm x 150mm em concreto armado, inclusive colagem de armadura (para 12,5mm) | C87: UN | D87: 25.81 | F87: 25.81 | G87: 15
A88: 01.23.234 | B88: Furação para 20mm x 150mm em concreto armado, inclusive colagem de armadura (para 16mm) | C88: UN | D88: 27.96 | F88: 27.96 | G88: 15
... A99: 01.23.510 | B99: Corte vertical em concreto armado, espessura de 15 cm | C99: M | D99: 240.69 | F99: 240.69 | G99: 15
A100: 01.23.700 | B100: Taxa de mobilização e desmobilização para reforço estrutural com fibra de carbono | C100: TX | D100: 1779.84 | E100: 4863.16 | F100: 6643 | G100: 15
A101: 01.23.701 | B101: Preparação de substrato para colagem de fibra de carbono, mediante lixamento e/ou apicoamento e escovação | C101: M2 | D101: 7.88 | E101: 51.79 | F101: 59.67 | G101: 15
A102: 01.23.702 | B102: Fibra de carbono para reforço estrutural de alta resistência - 300 g/m² | C102: M2 | D102: 169.05 | E102: 368.34 | F102: 537.39 | G102: 15
A103: 01.27 | B103: Estudo e programa ambientais
A104: 01.27.011 | B104: Projeto e implementação de gerenciamento integrado de resíduos sólidos e gestão de perdas | C104: UN | D104: 196.3 | E104: 10739.13 | F104: 10935.43 | G104: 15
A105: 01.27.021 | B105: Projeto e implementação de educação ambiental | C105: UN | D105: 196.3 | E105: 14385.26 | F105: 14581.56 | G105: 15
A106: 01.27.031 | B106: Projeto e implementação de controle ambiental de obra | C106: UN | D106: 196.3 | E106: 12728.73 | F106: 12925.03 | G106: 15
A107: 01.27.041 | B107: Laudo de caracterização de vegetação | C107: UN | D107: 565.55 | E107: 29641.42 | F107: 30206.97 | G107: 15
A108: 01.27.051 | B108: Laudo de caracterização da fauna associada à flora | C108: UN | D108: 565.55 | E108: 45484.15 | F108: 46049.7 | G108: 15
A109: 01.27.061 | B109: Projeto e implementação de monitoramento da fauna durante a obra | C109: UN | D109: 565.55 | E109: 18031.19 | F109: 18596.74 | G109: 15
A110: 01.27.071 | B110: Laudo de autodepuração | C110: UN | D110: 460.05 | E110: 21641.63 | F110: 22101.68 | G110: 15
A111: 01.27.091 | B111: Estudo de impacto de vizinhança, em área urbana até 10.000 m² | C111: UN | D111: 280.7 | E111: 35053 | F111: 35333.7 | G111: 15
A112: 01.28 | B112: Poço profundo
A113: 01.28.010 | B113: Taxa de mobilização e desmobilização de equipamentos para execução de perfuração para poço profundo - profundidade até 200 m | C113: TX | D113: 8405.03 | F113: 8405.03 | G113: 15
A114: 01.28.020 | B114: Taxa de mobilização e desmobilização de equipamentos para execução de perfuração para poço profundo - profundidade acima de 200 m e até 300 m | C114: TX | D114: 13690.12 | F114: 13690.12 | G114: 15
A115: 01.28.030 | B115: Taxa de mobilização e desmobilização de equipamentos para execução de perfuração para poço profundo - profundidade acima de 300 m | C115: TX | D115: 13660.86 | F115: 13660.86 | G115: 15
A116: 01.28.040 | B116: Perfuração rotativa para poço profundo em camadas de solos sedimentares, diâmetro de 8 1/2" (215,90 mm) | C116: M | D116: 763.44 | F116: 763.44 | G116: 15
A117: 01.28.050 | B117: Perfuração rotativa para poço profundo em aluvião, arenito, ou solos sedimentados em geral, diâmetro de 10" (250 mm) | C117: M | D117: 518.57 | F117: 518.57 | G117: 15
A118: 01.28.060 | B118: Perfuração rotativa para poço profundo em aluvião, arenito, ou solos sedimentados em geral, diâmetro de 12" (300 mm) | C118: M | D118: 1351.21 | F118: 1351.21 | G118: 15
A119: 01.28.070 | B119: Perfuração rotativa para poço profundo em aluvião, arenito, ou solos sedimentados em geral, diâmetro de 14" (350 mm) | C119: M | D119: 1483.92 | F119: 1483.92 | G119: 15
A120: 01.28.080 | B120: Perfuração rotativa para poço profundo em aluvião, arenito, ou solos sedimentados em geral, diâmetro de 16" (400 mm) | C120: M | D120: 1853.07 | F120: 1853.07 | G120: 15
A121: 01.28.090 | B121: Perfuração rotativa para poço profundo em aluvião, arenito, ou solos sedimentados em geral, diâmetro de 18" (450 mm) | C121: M | D121: 2353.46 | F121: 2353.46 | G121: 15
A122: 01.28.100 | B122: Perfuração rotativa para poço profundo em aluvião, arenito, ou solos sedimentados em geral, diâmetro de 20" (500 mm) | C122: M | D122: 2627.23 | F122: 2627.23 | G122: 15
...

Sheet SINAPI08
A1: SINAPI - Sistema Nacional de Pesquisa de Custos e Índices da Construção Civil
A2: RELATÓRIO DE CUSTOS DE COMPOSIÇÕES - ENCARGOS SOCIAIS SEM DESONERAÇÃO
A3: Mês de Referência: | B3: 08/2026 | D3: Encargos sociais sobre a mão de obra:
A4: Data de emissão: | B4: 11/09/2026 | D4: (SEM DESONERAÇÃO) | E4: SP
D5: Localidade | E5: SAO PAULO
A6: Observação: | B6: %AS (porcentagem Atribuído São Paulo) corresponde a porcentagem do custo total da | D6: Horista | E6: 1.1501
B7: composição que foi obtida utilizando preços de insumos de São Paulo por indisponibilidade | D7: Mensalista | E7: 0.7118
B8: dos preços de insumos necessários à composição no estado em questão. Custo zerado (hífen)
B9: indica que pelo menos um dos itens da composição não tem custo/preço. | E9: SP
A10: Código da Composição | B10: Descrição | C10: Unidade | D10: Custo (R$) | E10: %AS
A11: 104658 | B11: PISO PODOTÁTIL DE ALERTA OU DIRECIONAL, DE CONCRETO, ASSENTADO SOBRE ARGAMASSA. AF_03/2024 | C11: M2 | D11: 279.44 | E11: 0
A12: 105002 | B12: RAMPA DE ACESSIBILIDADE EM CONCRETO MOLDADO IN LOCO, EM CALÇADA NOVA COM LARGURA MAIOR OU IGUAL À 3,00 M, FCK 25MPA, COM PISO PODOTÁTIL. AF_03/2024 | C12: UN | D12: 1087.98 | E12: 0
A13: 105004 | B13: RAMPA DE ACESSIBILIDADE EM CONCRETO MOLDADO IN LOCO, EM CALÇADA NOVA COM LARGURA MENOR À 3,00 M, FCK 25MPA, COM PISO PODOTÁTIL. AF_03/2024 | C13: M2 | D13: 187.09 | E13: 0
A14: 105003 | B14: RAMPA DE ACESSIBILIDADE EM CONCRETO MOLDADO IN LOCO, EM CALÇADA PRÉ EXISTENTE COM LARGURA MAIOR OU IGUAL À 3,00 M, FCK 25MPA, COM PISO PODOTÁTIL. AF_03/2024 | C14: UN | D14: 1633.65 | E14: 0
A15: 105005 | B15: RAMPA DE ACESSIBILIDADE EM CONCRETO MOLDADO IN LOCO, EM CALÇADA PRÉ EXISTENTE COM LARGURA MENOR À 3,00 M, FCK 25MPA, COM PISO PODOTÁTIL. AF_03/2024 | C15: M2 | D15: 288.14 | E15: 0
A16: 105006 | B16: RAMPA DE ACESSIBILIDADE EM CONCRETO PRÉ MOLDADO, EM CALÇADA NOVA COM LARGURA MAIOR OU IGUAL À 3,00 M, FCK 25MPA, COM PISO PODOTÁTIL. AF_03/2024 | C16: UN | D16: 0
A17: 104999 | B17: RAMPA DE ACESSIBILIDADE EM CONCRETO PRÉ MOLDADO, EM CALÇADA PRÉ EXISTENTE COM LARGURA MAIOR OU IGUAL À 3,00 M, FCK 25MPA, COM PISO PODOTÁTIL. AF_03/2024 | C17: UN | D17: 0
A18: 105000 | B18: RAMPA DE ACESSIBILIDADE PARA ACESSO A EDIFICAÇÕES COM INCLINAÇÃO DE 8,33% EM CONCRETO MOLDADO IN LOCO, COM LARGURA DE 1,20M, FCK 25MPA, NÃO ARMADA, COM JUNTA A CADA 2M COM CORTE À SECO. AF_03/2024 | C18: M | D18: 1559.08 | E18: 0
A19: 105001 | B19: RAMPA DE ACESSIBILIDADE PARA ACESSO A EDIFICAÇÕES COM INCLINAÇÃO DE 8,33% EM CONCRETO MOLDADO IN LOCO, COM LARGURA DE 1,50M, FCK 25MPA, NÃO ARMADA, COM JUNTA A CADA 2M COM CORTE À SECO. AF_03/2024 | C19: M | D19: 1650.28 | E19: 0
A20: 107344 | B20: ALVENARIA ESTRUTURAL DE BLOCOS CERÂMICOS 14X19X29 CM (ESPESSURA 14 CM), FBK = 10 MPA, UTILIZANDO COLHER DE PEDREIRO. AF_07/2026 | C20: M2 | D20: 0
A21: 107342 | B21: ALVENARIA ESTRUTURAL DE BLOCOS CERÂMICOS 14X19X29 CM (ESPESSURA 14 CM), FBK = 10 MPA, UTILIZANDO PALHETA. AF_07/2026 | C21: M2 | D21: 0
A22: 107348 | B22: ALVENARIA ESTRUTURAL DE BLOCOS CERÂMICOS 14X19X29 CM (ESPESSURA 14 CM), FBK = 12 MPA, UTILIZANDO COLHER DE PEDREIRO. AF_07/2026 | C22: M2 | D22: 0
A23: 107346 | B23: ALVENARIA ESTRUTURAL DE BLOCOS CERÂMICOS 14X19X29 CM (ESPESSURA 14 CM), FBK = 12 MPA, UTILIZANDO PALHETA. AF_07/2026 | C23: M2 | D23: 0
A24: 107350 | B24: ALVENARIA ESTRUTURAL DE BLOCOS CERÂMICOS 14X19X29 CM (ESPESSURA 14 CM), FBK = 14 MPA, UTILIZANDO COLHER DE PEDREIRO. AF_07/2026 | C24: M2 | D24: 0
A25: 107349 | B25: ALVENARIA ESTRUTURAL DE BLOCOS CERÂMICOS 14X19X29 CM (ESPESSURA 14 CM), FBK = 14 MPA, UTILIZANDO PALHETA. AF_07/2026 | C25: M2 | D25: 0
A26: 107352 | B26: ALVENARIA ESTRUTURAL DE BLOCOS CERÂMICOS 14X19X29 CM (ESPESSURA 14 CM), FBK = 16 MPA, UTILIZANDO COLHER DE PEDREIRO. AF_07/2026 | C26: M2 | D26: 0
A27: 107351 | B27: ALVENARIA ESTRUTURAL DE BLOCOS CERÂMICOS 14X19X29 CM (ESPESSURA 14 CM), FBK = 16 MPA, UTILIZANDO PALHETA. AF_07/2026 | C27: M2 | D27: 0
A28: 107354 | B28: ALVENARIA ESTRUTURAL DE BLOCOS CERÂMICOS 14X19X29 CM (ESPESSURA 14 CM), FBK = 18 MPA, UTILIZANDO COLHER DE PEDREIRO. AF_07/2026 | C28: M2 | D28: 0
A29: 107353 | B29: ALVENARIA ESTRUTURAL DE BLOCOS CERÂMICOS 14X19X29 CM (ESPESSURA 14 CM), FBK = 18 MPA, UTILIZANDO PALHETA. AF_07/2026 | C29: M2 | D29: 0
A30: 107336 | B30: ALVENARIA ESTRUTURAL DE BLOCOS CERÂMICOS 14X19X29 CM (ESPESSURA 14 CM), FBK = 4 MPA, UTILIZANDO COLHER DE PEDREIRO. AF_07/2026 | C30: M2 | D30: 0
A31: 107334 | B31: ALVENARIA ESTRUTURAL DE BLOCOS CERÂMICOS 14X19X29 CM (ESPESSURA 14 CM), FBK = 4 MPA, UTILIZANDO PALHETA. AF_07/2026 | C31: M2 | D31: 0
A32: 89306 | B32: ALVENARIA ESTRUTURAL DE BLOCOS CERÂMICOS 14X19X29 CM (ESPESSURA 14 CM), FBK = 6 MPA, UTILIZANDO COLHER DE PEDREIRO. AF_07/2026 | C32: M2 | D32: 127.81 | E32: 0
A33: 89290 | B33: ALVENARIA ESTRUTURAL DE BLOCOS CERÂMICOS 14X19X29 CM (ESPESSURA 14 CM), FBK = 6 MPA, UTILIZANDO PALHETA. AF_07/2026 | C33: M2 | D33: 116.66 | E33: 0
A34: 107340 | B34: ALVENARIA ESTRUTURAL DE BLOCOS CERÂMICOS 14X19X29 CM (ESPESSURA 14 CM), FBK = 8 MPA, UTILIZANDO COLHER DE PEDREIRO. AF_07/2026 | C34: M2 | D34: 0
A35: 107338 | B35: ALVENARIA ESTRUTURAL DE BLOCOS CERÂMICOS 14X19X29 CM (ESPESSURA 14 CM), FBK = 8 MPA, UTILIZANDO PALHETA. AF_07/2026 | C35: M2 | D35: 0
A36: 107343 | B36: ALVENARIA ESTRUTURAL DE BLOCOS CERÂMICOS 14X19X39 CM (ESPESSURA 14 CM), FBK = 10 MPA, UTILIZANDO COLHER DE PEDREIRO. AF_07/2026 | C36: M2 | D36: 0
A37: 107341 | B37: ALVENARIA ESTRUTURAL DE BLOCOS CERÂMICOS 14X19X39 CM (ESPESSURA 14 CM), FBK = 10 MPA, UTILIZANDO PALHETA. AF_07/2026 | C37: M2 | D37: 0
A38: 107347 | B38: ALVENARIA ESTRUTURAL DE BLOCOS CERÂMICOS 14X19X39 CM (ESPESSURA 14 CM), FBK = 12 MPA, UTILIZANDO COLHER DE PEDREIRO. AF_07/2026 | C38: M2 | D38: 0
A39: 107345 | B39: ALVENARIA ESTRUTURAL DE BLOCOS CERÂMICOS 14X19X39 CM (ESPESSURA 14 CM), FBK = 12 MPA, UTILIZANDO PALHETA. AF_07/2026 | C39: M2 | D39: 0
A40: 107335 | B40: ALVENARIA ESTRUTURAL DE BLOCOS CERÂMICOS 14X19X39 CM (ESPESSURA 14 CM), FBK = 4 MPA, UTILIZANDO COLHER DE PEDREIRO. AF_07/2026 | C40: M2 | D40: 0
A41: 107333 | B41: ALVENARIA ESTRUTURAL DE BLOCOS CERÂMICOS 14X19X39 CM (ESPESSURA 14 CM), FBK = 4 MPA, UTILIZANDO PALHETA. AF_07/2026 | C41: M2 | D41: 0
A42: 89298 | B42: ALVENARIA ESTRUTURAL DE BLOCOS CERÂMICOS 14X19X39 CM (ESPESSURA 14 CM), FBK = 6 MPA, UTILIZANDO COLHER DE PEDREIRO. AF_07/2026 | C42: M2 | D42: 121.35 | E42: 0
A43: 89282 | B43: ALVENARIA ESTRUTURAL DE BLOCOS CERÂMICOS 14X19X39 CM (ESPESSURA 14 CM), FBK = 6 MPA, UTILIZANDO PALHETA. AF_07/2026 | C43: M2 | D43: 110.4 | E43: 0
A44: 107339 | B44: ALVENARIA ESTRUTURAL DE BLOCOS CERÂMICOS 14X19X39 CM (ESPESSURA 14 CM), FBK = 8 MPA, UTILIZANDO COLHER DE PEDREIRO. AF_07/2026 | C44: M2 | D44: 0
A45: 107337 | B45: ALVENARIA ESTRUTURAL DE BLOCOS CERÂMICOS 14X19X39 CM (ESPESSURA 14 CM), FBK = 8 MPA, UTILIZANDO PALHETA. AF_07/2026 | C45: M2 | D45: 0
A46: 107358 | B46: MURO DE ALVENARIA ESTRUTURAL DE BLOCOS CERÂMICOS 14X19X29 CM (ESPESSURA 14 CM), FBK = 8 MPA, UTILIZANDO COLHER DE PEDREIRO. AF_07/2026 | C46: M2 | D46: 0
A47: 107356 | B47: MURO DE ALVENARIA ESTRUTURAL DE BLOCOS CERÂMICOS 14X19X29 CM (ESPESSURA 14 CM), FBK = 8 MPA, UTILIZANDO PALHETA. AF_07/2026 | C47: M2 | D47: 0
A48: 107357 | B48: MURO DE ALVENARIA ESTRUTURAL DE BLOCOS CERÂMICOS 14X19X39 CM (ESPESSURA 14 CM), FBK = 8 MPA, UTILIZANDO COLHER DE PEDREIRO. AF_07/2026 | C48: M2 | D48: 0
A49: 107355 | B49: MURO DE ALVENARIA ESTRUTURAL DE BLOCOS CERÂMICOS 14X19X39 CM (ESPESSURA 14 CM), FBK = 8 MPA, UTILIZANDO PALHETA. AF_07/2026 | C49: M2 | D49: 0
A50: 107368 | B50: ALVENARIA DE BLOCOS DE CONCRETO ESTRUTURAL 14X19X29 CM (ESPESSURA 14 CM), FBK = 10 MPA, UTILIZANDO COLHER DE PEDREIRO. AF_07/2026 | C50: M2 | D50: 0
A51: 105771 | B51: ALVENARIA DE BLOCOS DE CONCRETO ESTRUTURAL 14X19X29 CM (ESPESSURA 14 CM), FBK = 10 MPA, UTILIZANDO PALHETA. AF_07/2026 | C51: M2 | D51: 0
A52: 107369 | B52: ALVENARIA DE BLOCOS DE CONCRETO ESTRUTURAL 14X19X29 CM (ESPESSURA 14 CM), FBK = 12 MPA, UTILIZANDO COLHER DE PEDREIRO. AF_07/2026 | C52: M2 | D52: 0
A53: 105770 | B53: ALVENARIA DE BLOCOS DE CONCRETO ESTRUTURAL 14X19X29 CM (ESPESSURA 14 CM), FBK = 12 MPA, UTILIZANDO PALHETA. AF_07/2026 | C53: M2 | D53: 0
A54: 89480 | B54: ALVENARIA DE BLOCOS DE CONCRETO ESTRUTURAL 14X19X29 CM (ESPESSURA 14 CM), FBK = 14 MPA, UTILIZANDO COLHER DE PEDREIRO. AF_07/2026 | C54: M2 | D54: 221.64 | E54: 0
A55: 89464 | B55: ALVENARIA DE BLOCOS DE CONCRETO ESTRUTURAL 14X19X29 CM (ESPESSURA 14 CM), FBK = 14 MPA, UTILIZANDO PALHETA. AF_07/2026 | C55: M2 | D55: 189.75 | E55: 0
A56: 107370 | B56: ALVENARIA DE BLOCOS DE CONCRETO ESTRUTURAL 14X19X29 CM (ESPESSURA 14 CM), FBK = 16 MPA, UTILIZANDO COLHER DE PEDREIRO. AF_07/2026 | C56: M2 | D56: 0
A57: 105769 | B57: ALVENARIA DE BLOCOS DE CONCRETO ESTRUTURAL 14X19X29 CM (ESPESSURA 14 CM), FBK = 16 MPA, UTILIZANDO PALHETA. AF_07/2026 | C57: M2 | D57: 0
A58: 107371 | B58: ALVENARIA DE BLOCOS DE CONCRETO ESTRUTURAL 14X19X29 CM (ESPESSURA 14 CM), FBK = 18 MPA, UTILIZANDO COLHER DE PEDREIRO. AF_07/2026 | C58: M2 | D58: 0
A59: 105768 | B59: ALVENARIA DE BLOCOS DE CONCRETO ESTRUTURAL 14X19X29 CM (ESPESSURA 14 CM), FBK = 18 MPA, UTILIZANDO PALHETA. AF_07/2026 | C59: M2 | D59: 0
A60: 107372 | B60: ALVENARIA DE BLOCOS DE CONCRETO ESTRUTURAL 14X19X29 CM (ESPESSURA 14 CM), FBK = 20 MPA, UTILIZANDO COLHER DE PEDREIRO. AF_07/2026 | C60: M2 | D60: 0
A61: 105767 | B61: ALVENARIA DE BLOCOS DE CONCRETO ESTRUTURAL 14X19X29 CM (ESPESSURA 14 CM), FBK = 20 MPA, UTILIZANDO PALHETA. AF_07/2026 | C61: M2 | D61: 0
A62: 107366 | B62: ALVENARIA DE BLOCOS DE CONCRETO ESTRUTURAL 14X19X29 CM (ESPESSURA 14 CM), FBK = 3 MPA, UTILIZANDO COLHER DE PEDREIRO. AF_07/2026 | C62: M2 | D62: 0
A63: 105773 | B63: ALVENARIA DE BLOCOS DE CONCRETO ESTRUTURAL 14X19X29 CM (ESPESSURA 14 CM), FBK = 3 MPA, UTILIZANDO PALHETA. AF_07/2026 | C63: M2 | D63: 0
A64: 89478 | B64: ALVENARIA DE BLOCOS DE CONCRETO ESTRUTURAL 14X19X29 CM (ESPESSURA 14 CM), FBK = 4,5 MPA, UTILIZANDO COLHER DE PEDREIRO. AF_07/2026 | C64: M2 | D64: 183.16 | E64: 0
A65: 89462 | B65: ALVENARIA DE BLOCOS DE CONCRETO ESTRUTURAL 14X19X29 CM (ESPESSURA 14 CM), FBK = 4,5 MPA, UTILIZANDO PALHETA. AF_07/2026 | C65: M2 | D65: 155.49 | E65: 0
A66: 107367 | B66: ALVENARIA DE BLOCOS DE CONCRETO ESTRUTURAL 14X19X29 CM (ESPESSURA 14 CM), FBK = 6 MPA, UTILIZANDO COLHER DE PEDREIRO. AF_07/2026 | C66: M2 | D66: 0
A67: 105772 | B67: ALVENARIA DE BLOCOS DE CONCRETO ESTRUTURAL 14X19X29 CM (ESPESSURA 14 CM), FBK = 6 MPA, UTILIZANDO PALHETA. AF_07/2026 | C67: M2 | D67: 0
A68: 104444 | B68: ALVENARIA DE BLOCOS DE CONCRETO ESTRUTURAL 14X19X29 CM (ESPESSURA 14 CM), FBK = 8 MPA, UTILIZANDO COLHER DE PEDREIRO. AF_07/2026 | C68: M2 | D68: 0
A69: 104442 | B69: ALVENARIA DE BLOCOS DE CONCRETO ESTRUTURAL 14X19X29 CM (ESPESSURA 14 CM), FBK = 8 MPA, UTILIZANDO PALHETA. AF_07/2026 | C69: M2 | D69: 0
A70: 107361 | B70: ALVENARIA DE BLOCOS DE CONCRETO ESTRUTURAL 14X19X39 CM (ESPESSURA 14 CM), FBK = 10 MPA, UTILIZANDO COLHER DE PEDREIRO. AF_07/2026 | C70: M2 | D70: 0
A71: 105764 | B71: ALVENARIA DE BLOCOS DE CONCRETO ESTRUTURAL 14X19X39 CM (ESPESSURA 14 CM), FBK = 10 MPA, UTILIZANDO PALHETA. AF_07/2026 | C71: M2 | D71: 0
A72: 107362 | B72: ALVENARIA DE BLOCOS DE CONCRETO ESTRUTURAL 14X19X39 CM (ESPESSURA 14 CM), FBK = 12 MPA, UTILIZANDO COLHER DE PEDREIRO. AF_07/2026 | C72: M2 | D72: 0
A73: 105763 | B73: ALVENARIA DE BLOCOS DE CONCRETO ESTRUTURAL 14X19X39 CM (ESPESSURA 14 CM), FBK = 12 MPA, UTILIZANDO PALHETA. AF_07/2026 | C73: M2 | D73: 0
A74: 89472 | B74: ALVENARIA DE BLOCOS DE CONCRETO ESTRUTURAL 14X19X39 CM (ESPESSURA 14 CM), FBK = 14 MPA, UTILIZANDO COLHER DE PEDREIRO. AF_07/2026 | C74: M2 | D74: 187.01 | E74: 0
A75: 89455 | B75: ALVENARIA DE BLOCOS DE CONCRETO ESTRUTURAL 14X19X39 CM (ESPESSURA 14 CM), FBK = 14 MPA, UTILIZANDO PALHETA. AF_07/2026 | C75: M2 | D75: 157.29 | E75: 0
A76: 107363 | B76: ALVENARIA DE BLOCOS DE CONCRETO ESTRUTURAL 14X19X39 CM (ESPESSURA 14 CM), FBK = 16 MPA, UTILIZANDO COLHER DE PEDREIRO. AF_07/2026 | C76: M2 | D76: 0
A77: 105762 | B77: ALVENARIA DE BLOCOS DE CONCRETO ESTRUTURAL 14X19X39 CM (ESPESSURA 14 CM), FBK = 16 MPA, UTILIZANDO PALHETA. AF_07/2026 | C77: M2 | D77: 0
A78: 107364 | B78: ALVENARIA DE BLOCOS DE CONCRETO ESTRUTURAL 14X19X39 CM (ESPESSURA 14 CM), FBK = 18 MPA, UTILIZANDO COLHER DE PEDREIRO. AF_07/2026 | C78: M2 | D78: 0
A79: 105761 | B79: ALVENARIA DE BLOCOS DE CONCRETO ESTRUTURAL 14X19X39 CM (ESPESSURA 14 CM), FBK = 18 MPA, UTILIZANDO PALHETA. AF_07/2026 | C79: M2 | D79: 0
A80: 107365 | B80: ALVENARIA DE BLOCOS DE CONCRETO ESTRUTURAL 14X19X39 CM (ESPESSURA 14 CM), FBK = 20 MPA, UTILIZANDO COLHER DE PEDREIRO. AF_07/2026 | C80: M2 | D80: 0
A81: 105760 | B81: ALVENARIA DE BLOCOS DE CONCRETO ESTRUTURAL 14X19X39 CM (ESPESSURA 14 CM), FBK = 20 MPA, UTILIZANDO PALHETA. AF_07/2026 | C81: M2 | D81: 0
A82: 107359 | B82: ALVENARIA DE BLOCOS DE CONCRETO ESTRUTURAL 14X19X39 CM (ESPESSURA 14 CM), FBK = 3 MPA, UTILIZANDO COLHER DE PEDREIRO. AF_07/2026 | C82: M2 | D82: 0
A83: 105766 | B83: ALVENARIA DE BLOCOS DE CONCRETO ESTRUTURAL 14X19X39 CM (ESPESSURA 14 CM), FBK = 3 MPA, UTILIZANDO PALHETA. AF_07/2026 | C83: M2 | D83: 0
A84: 89470 | B84: ALVENARIA DE BLOCOS DE CONCRETO ESTRUTURAL 14X19X39 CM (ESPESSURA 14 CM), FBK = 4,5 MPA, UTILIZANDO COLHER DE PEDREIRO. AF_07/2026 | C84: M2 | D84: 151.99 | E84: 0
A85: 89453 | B85: ALVENARIA DE BLOCOS DE CONCRETO ESTRUTURAL 14X19X39 CM (ESPESSURA 14 CM), FBK = 4,5 MPA, UTILIZANDO PALHETA. AF_07/2026 | C85: M2 | D85: 126.04 | E85: 0
A86: 107360 | B86: ALVENARIA DE BLOCOS DE CONCRETO ESTRUTURAL 14X19X39 CM (ESPESSURA 14 CM), FBK = 6 MPA, UTILIZANDO COLHER DE PEDREIRO. AF_07/2026 | C86: M2 | D86: 0
A87: 105765 | B87: ALVENARIA DE BLOCOS DE CONCRETO ESTRUTURAL 14X19X39 CM (ESPESSURA 14 CM), FBK = 6 MPA, UTILIZANDO PALHETA. AF_07/2026 | C87: M2 | D87: 0
A88: 104443 | B88: ALVENARIA DE BLOCOS DE CONCRETO ESTRUTURAL 14X19X39 CM (ESPESSURA 14 CM), FBK = 8 MPA, UTILIZANDO COLHER DE PEDREIRO. AF_07/2026 | C88: M2 | D88: 0
A89: 104441 | B89: ALVENARIA DE BLOCOS DE CONCRETO ESTRUTURAL 14X19X39 CM (ESPESSURA 14 CM), FBK = 8 MPA, UTILIZANDO PALHETA. AF_07/2026 | C89: M2 | D89: 0
A90: 107376 | B90: MURO DE ALVENARIA COM BLOCOS DE CONCRETO ESTRUTURAL 14X19X29 CM (ESPESSURA 14 CM), FBK = 8 MPA, UTILIZANDO COLHER DE PEDREIRO, ALTURA = 2,20 M. AF_07/2026 | C90: M2 | D90: 0
A91: 107374 | B91: MURO DE ALVENARIA COM BLOCOS DE CONCRETO ESTRUTURAL 14X19X29 CM (ESPESSURA 14 CM), FBK = 8 MPA, UTILIZANDO PALHETA, ALTURA = 2,20 M. AF_07/2026 | C91: M2 | D91: 0
A92: 107375 | B92: MURO DE ALVENARIA COM BLOCOS DE CONCRETO ESTRUTURAL 14X19X39 CM (ESPESSURA 14 CM), FBK = 8 MPA, UTILIZANDO COLHER DE PEDREIRO, ALTURA = 2,20 M. AF_07/2026 | C92: M2 | D92: 0
A93: 107373 | B93: MURO DE ALVENARIA COM BLOCOS DE CONCRETO ESTRUTURAL 14X19X39 CM (ESPESSURA 14 CM), FBK = 8 MPA, UTILIZANDO PALHETA, ALTURA = 2,20 M. AF_07/2026 | C93: M2 | D93: 0
A94: 103354 | B94: ALVENARIA DE VEDAÇÃO DE BLOCOS CERÂMICOS FURADOS NA HORIZONTAL DE 11,5X14X24 CM (ESPESSURA 11,5 CM) E ARGAMASSA DE ASSENTAMENTO COM PREPARO EM BETONEIRA. AF_08/2026 | C94: M2 | D94: 119.74 | E94: 0
A95: 103330 | B95: ALVENARIA DE VEDAÇÃO DE BLOCOS CERÂMICOS FURADOS NA HORIZONTAL DE 11,5X19X19 CM (ESPESSURA 11,5 CM) E ARGAMASSA DE ASSENTAMENTO COM PREPARO EM BETONEIRA. AF_08/2026 | C95: M2 | D95: 115.23 | E95: 0
A96: 103358 | B96: ALVENARIA DE VEDAÇÃO DE BLOCOS CERÂMICOS FURADOS NA HORIZONTAL DE 11,5X19X29 CM (ESPESSURA 11,5 CM) E ARGAMASSA DE ASSENTAMENTO COM PREPARO EM BETONEIRA. AF_08/2026 | C96: M2 | D96: 98.29 | E96: 0
A97: 103366 | B97: ALVENARIA DE VEDAÇÃO DE BLOCOS CERÂMICOS FURADOS NA HORIZONTAL DE 11,5X19X39 CM (ESPESSURA 11,5 CM) E ARGAMASSA DE ASSENTAMENTO COM PREPARO EM BETONEIRA. AF_08/2026 | C97: M2 | D97: 93.38 | E97: 0
A98: 103360 | B98: ALVENARIA DE VEDAÇÃO DE BLOCOS CERÂMICOS FURADOS NA HORIZONTAL DE 14X19X29 CM (ESPESSURA 14 CM) E ARGAMASSA DE ASSENTAMENTO COM PREPARO EM BETONEIRA. AF_08/2026 | C98: M2 | D98: 106.4 | E98: 0
A99: 103368 | B99: ALVENARIA DE VEDAÇÃO DE BLOCOS CERÂMICOS FURADOS NA HORIZONTAL DE 14X19X39 CM (ESPESSURA 14 CM) E ARGAMASSA DE ASSENTAMENTO COM PREPARO EM BETONEIRA. AF_08/2026 | C99: M2 | D99: 99.68 | E99: 0
A100: 103334 | B100: ALVENARIA DE VEDAÇÃO DE BLOCOS CERÂMICOS FURADOS NA HORIZONTAL DE 14X9X19 CM (ESPESSURA 14 CM, BLOCO DEITADO) E ARGAMASSA DE ASSENTAMENTO COM PREPARO EM BETONEIRA. AF_08/2026 | C100: M2 | D100: 180.65 | E100: 0
...

Sheet INFRAJUL26
A1: SECRETARIA DE INFRAESTRUTURA URBANA E OBRAS
A2: CUSTOS UNITÁRIOS DE INFRAESTRUTURA URBANA - SEM DESONERAÇÃO | C2: DATA-BASE: JUL/26
A3: CÓDIGO | B3: DESCRIÇÃO | C3: UNIDADE | D3: CUSTO UNIT R$
A4: 1000000 | B4: TOPOGRAFIA - EQUIPAMENTOS E SERVIÇOS
A5: 1009000 | B5: LEVANTAMENTO PLANIMÉTRICO CADASTRAL | C5: M2 | D5: 0.77
A6: 1010000 | B6: LEVANTAMENTO PLANIALTIMÉTRICO CADASTRAL | C6: M2 | D6: 0.93
A7: 1011000 | B7: LOCAÇÃO DE EIXO DE REFERÊNCIA PARA PROJETO DE VIA PÚBLICA | C7: M | D7: 7.22
A8: 1013000 | B8: NIVELAMENTO DE SEÇÕES TRANSVERSAIS | C8: M/SEC | D8: 4.02
A9: 1014000 | B9: LEVANTAMENTO PLANIMÉTRICO DE VIA PÚBLICA E SEMI-CADASTRO DE IMÓVEIS | C9: M | D9: 6.33
A10: 1015000 | B10: NIVELAMENTO DO EIXO DE VIA PÚBLICA INCLUSIVE SOLEIRAS, GUIAS E TAMPÕES | C10: M | D10: 6.23
A11: 1016000 | B11: CADASTRO DE GALERIA EXISTENTE | C11: PV | D11: 285.52
A12: 1017000 | B12: ELEMENTOS PARA LOCAÇÃO DE OBRA DE ARTE | C12: M/ EIXO | D12: 8.53
A13: 1018000 | B13: TRANSPORTE DE COTA DE REFERÊNCIA DE NÍVEL | C13: M | D13: 2.89
A14: 1019000 | B14: NIVELAMENTO GEOMÉTRICO NO INTERIOR DA GALERIA | C14: M | D14: 11.58
A15: 1020000 | B15: CADASTRO ESPECIAL DE GALERIA MOLDADA (1:500) | C15: M | D15: 14.53
A16: 1021000 | B16: NIVELAMENTO GEOMÉTRICO DE FUNDO DO CANAL OU CÓRREGO | C16: M | D16: 9.72
... A30: 1037000 | B30: NÍVEL PRECISÃO 0,3 MM/KM, TIPO "LEICA" NA2, ACOPLADO COM GPM3 OU SIMILAR, INCLUSIVE ACESSÓRIOS | C30: H | D30: 6.86
A31: 2000000 | B31: SONDAGENS E ENSAIOS
A32: 2001000 | B32: SONDAGEM MANUAL | C32: . | D32: .
A33: 2001001 | B33: SONDAGEM A TRADO MANUAL | C33: M | D33: 118.63
A34: 2001002 | B34: SONDAGEM COM EXTRAÇÃO DE AMOSTRAS NAS CONDIÇÕES NATURAIS | C34: UN | D34: 199.23
A35: 2002000 | B35: SONDAGEM A PERCUSSÃO | C35: . | D35: .
A36: 2002002 | B36: MOBILIZAÇÃO E INSTALAÇÃO DE 1 EQUIPAMENTO | C36: UN | D36: 810.89
A37: 2002004 | B37: DESLOCAMENTO DE EQUIPAMENTO ENTRE FUROS EM TERRENO PLANO, CONSIDERANDO A DISTÂNCIA ATÉ 100M | C37: UN | D37: 109.93
A38: 2002005 | B38: DESLOCAMENTO DE EQUIPAMENTO ENTRE FUROS EM TERRENO PLANO, CONSIDERANDO A DISTÂNCIA DE 100 À 200M | C38: UN | D38: 219.86
A39: 2002006 | B39: DESLOCAMENTO DE EQUIPAMENTO ENTRE FUROS EM TERRENO PLANO, CONSIDERANDO A DISTÂNCIA ACIMA DE 200M | C39: UN | D39: 329.8
A40: 2002007 | B40: DESLOCAMENTO DE EQUIPAMENTO EM TERRENO ACIDENTADO, CONSIDERANDO A DISTÂNCIA ATÉ 50M | C40: UN | D40: 109.93
A41: 2002008 | B41: DESLOCAMENTO DE EQUIPAMENTO EM TERRENO ACIDENTADO, CONSIDERANDO A DISTÂNCIA ACIMA DE 50M | C41: UN | D41: 192.74
A42: 2002009 | B42: EXECUÇÃO DE PLATAFORMA EM TERRENO ALAGADIÇO OU ACIDENTADO | C42: UN | D42: 239.47
A43: 2002010 | B43: PERFURAÇÃO E EXECUÇÃO DE ENSAIO PENETOMÉTRICO OU DE LAVAGEM POR TEMPO | C43: M | D43: 187.81
A44: 2003000 | B44: SONDAGEM ROTATIVA | C44: . | D44: .
A45: 2003001 | B45: MOBILIZAÇÃO E INSTALAÇÃO DE 1 EQUIPAMENTO, CONSIDERANDO A DISTÂNCIA ATÉ 10KM | C45: UN | D45: 512.51
A46: 2003002 | B46: MOBILIZAÇÃO E INSTALAÇÃO DE 1 EQUIPAMENTO, CONSIDERANDO A DISTÂNCIA DE 10 À 20KM | C46: UN | D46: 807.07
A47: 2003003 | B47: MOBILIZAÇÃO E INSTALAÇÃO DE 1 EQUIPAMENTO, CONSIDERANDO A DISTÂNCIA ACIMA DE 20KM | C47: UN | D47: 1101.63
A48: 2003005 | B48: DESLOCAMENTO DE EQUIPAMENTO ENTRE FUROS EM TERRENO PLANO, CONSIDERANDO A DISTÂNCIA ATÉ 100M | C48: UN | D48: 217.96
A49: 2003006 | B49: DESLOCAMENTO DE EQUIPAMENTO ENTRE FUROS EM TERRENO PLANO, CONSIDERANDO A DISTÂNCIA DE 100 À 200M | C49: UN | D49: 326.94
A50: 2003007 | B50: DESLOCAMENTO DE EQUIPAMENTO ENTRE FUROS EM TERRENO PLANO, CONSIDERANDO A DISTÂNCIA ACIMA DE 200M | C50: UN | D50: 435.92
A51: 2003008 | B51: DESLOCAMENTO DE EQUIPAMENTO ENTRE FUROS EM TERRENO ACIDENTADO, CONSIDERANDO A DISTÂNCIA ATÉ 50M | C51: UN | D51: 217.96
A52: 2003009 | B52: DESLOCAMENTO DE EQUIPAMENTO ENTRE FUROS EM TERRENO ACIDENTADO, CONSIDERANDO A DISTÂNCIA ACIMA DE 50M | C52: UN | D52: 326.94
A53: 2003010 | B53: EXECUÇÃO DE PLATAFORMA EM TERRENO ALAGADIÇO OU ACIDENTADO | C53: UN | D53: 525.33
A54: 2003011 | B54: PERFURAÇÃO EM SOLOS OU ROCHAS DECOMPOSTAS HX | C54: M | D54: 432.49
A55: 2003012 | B55: PERFURAÇÃO EM SOLOS OU ROCHAS DECOMPOSTAS NX | C55: M | D55: 432.02
A56: 2003013 | B56: PERFURAÇÃO EM SOLOS OU ROCHAS DECOMPOSTAS BX | C56: M | D56: 431.34
... A59: 2003016 | B59: PERFURAÇÃO EM ROCHA DURA OU EXTRA-DURA (GRANITOS, GNAISSES, QUARTZITOS E ROCHAS AFINS), ACRÉSCIMO DE... (EM RELAÇÃO AO PREÇO DA PERFURAÇÃO EM SOLOS OU ROCHAS DECOMPOSTAS) | C59: % | D59: 300
A60: 2004000 | B60: POÇOS DE INSPEÇÃO | C60: . | D60: .
A61: 2004001 | B61: EXECUÇÃO DE POÇO COM 1M2 DE ÁREA | C61: M | D61: 124.56
A62: 2004002 | B62: EXECUÇÃO E MATERIAL PARA ESCORAMENTO | C62: M | D62: 668.17
A63: 2004003 | B63: REATERRO DO POÇO | C63: M | D63: 10.85
A64: 2005000 | B64: ENSAIOS "IN SITU" | C64: . | D64: .
A65: 2005003 | B65: INSTALAÇÃO DE MEDIDOR DE NÍVEL D'ÁGUA | C65: M | D65: 149.01
A66: 2005004 | B66: INSTALAÇÃO DE PIEZOMETRO | C66: M | D66: 311.84
A67: 2005103 | B67: ENSAIO DE DETERMINAÇÃO DA CONSISTÊNCIA PELO ABATIMENTO DO TRONCO DE CONE | C67: UM | D67: 812.16
A68: 2006000 | B68: ENSAIOS DE LABORATÓRIO | C68: . | D68: .
A69: 2006001 | B69: ENSAIOS DE LABORATÓRIO - UMIDADE NATURAL | C69: ENS. | D69: 36.78
A70: 2006002 | B70: ENSAIOS DE LABORATÓRIO - LIMITE DE LIQUIDEZ | C70: ENS. | D70: 155.53
A71: 2006003 | B71: ENSAIOS DE LABORATÓRIO - PLASTICIDADE | C71: ENS. | D71: 127.16
A72: 2006004 | B72: ENSAIOS DE LABORATÓRIO - COMPACTAÇÃO | C72: ENS. | D72: 393.51
A73: 2006005 | B73: ENSAIOS DE LABORATÓRIO - GRANULOMETRIA | C73: ENS. | D73: 242.4
A74: 2006006 | B74: ENSAIOS DE LABORATÓRIO - PROCTOR SIMPLES | C74: ENS. | D74: 437.82
A75: 2006007 | B75: ENSAIOS DE LABORATÓRIO - CBR MOLDADO | C75: ENS. | D75: 366.12
A76: 2006008 | B76: ENSAIOS DE LABORATÓRIO - ENSAIO DE CBR INDEFORMADO | C76: ENS. | D76: 291.2
A77: 2006009 | B77: ENSAIOS DE LABORATÓRIO - CBR-5 PONTOS (MOLDADO) | C77: ENS. | D77: 987.18
A78: 2006010 | B78: ENSAIOS DE LABORATÓRIO - CBR-5 PONTOS (INDEFORMADO) | C78: ENS. | D78: 741.15
A79: 2006011 | B79: ENSAIOS DE LABORATÓRIO - LOS ANGELES | C79: ENS. | D79: 809.44
A80: 2006013 | B80: ENSAIOS DE LABORATÓRIO - DURABILIDADE | C80: ENS. | D80: 857.06
... A95: 2006109 | B95: ENSAIOS DE LABORATÓRIO - GRANULOMETRIA COM SEDIMENTAÇÃO | C95: UN | D95: 341.27
A96: 3000000 | B96: PROJETOS, ESTUDOS E SERVIÇOS
A97: 3001000 | B97: DIMENSIONAMENTO DE PAVIMENTO | C97: FURO | D97: 164.31
A98: 3002000 | B98: PROJETO EM PLANTA PARA PAVIMENTAÇÃO DE VIA PÚBLICA COM UMA PISTA | C98: M | D98: 1.91
A99: 3003000 | B99: PROJETO EM PERFIL DE PAVIMENTAÇÃO DE VIA PÚBLICA COM UMA PISTA | C99: M | D99: 0.9
A100: 3004000 | B100: PROJETO HIDRÁULICO DE GALERIA PLUVIAL EM TUBOS | C100: M | D100: 6.31
A101: 3005000 | B101: PROJETO HIDRÁULICO DE GALERIA PLUVIAL MOLDADA EXCLUINDO O PROJETO ESTRUTURAL | C101: M | D101: 13.38
A102: 3006000 | B102: PROJETO HIDRÁULICO DE REFORÇO DE GALERIA EXISTENTE, EM TUBOS | C102: M | D102: 5.59
A103: 3007000 | B103: ESTUDO HIDROLÓGICO DE VIA PÚBLICA INTEGRANTE DE PROGRAMA DE PAVIMENTAÇÃO, QUE VIER A DISPENSAR GALERIA OU EXIGÍ-LA MOLDADA | C103: M | D103: 4.31
A104: 3008000 | B104: ESTUDO HIDROLÓGICO DE VIA PÚBLICA INTEGRANTE DE PROGRAMA DE PAVIMENTAÇÃO E PROJETO HIDRÁULICO, SE NECESSÁRIA GALERIA EM TUBOS | C104: M | D104: 6.42
A105: 3009000 | B105: ESTUDO HIDROLÓGICO DE ÁREA ARRUADA | C105: KM2 | D105: 2760
A106: 3010000 | B106: ESTUDO HIDROLÓGICO DE ÁREA NÃO ARRUADA | C106: KM2 | D106: 1208.32
A107: 3011000 | B107: ESTUDO HIDRÁULICO DE VIA SITUADA EM ÁREA, OBJETO DE ESTUDO HIDROLÓGICO | C107: M | D107: 3.74
A108: 3012000 | B108: ESTUDO HIDROLÓGICO E VERIFICAÇÃO DA SUFICIÊNCIA DE GALERIA EXISTENTE, EM TUBOS | C108: M | D108: 5.29
... A110: 3014000 | B110: TRANSCRIÇÃO E ADAPTAÇÃO DE SISTEMAS DE DRENAGEM PROJETADOS EM VIAS PÚBLICAS | C110: M | D110: 1.62
A111: 3015000 | B111: CÁLCULO ESTRUTURAL DE CONCRETO ARMADO PARA PONTES, VIADUTOS, MUROS DE ARRIMO E OBRAS CONGÊNERES - PERCENTAGEM A SER APLICADA AO ORÇAMENTO DA PARTE ESTRUTURAL DA OBRA, USANDO OS PREÇOS UNITÁRIOS DA TABELA DE SIURB | C111: . | D111: .
A112: 3015001 | B112: CÁLCULO ESTRUTURAL DE CONCRETO ARMADO PARA PONTES, VIADUTOS, MUROS DE ARRIMO E OBRAS CONGÊNERES - PERCENTAGEM A SER APLICADA AO ORÇAMENTO DA PARTE ESTRUTURAL DA OBRA, USANDO OS PREÇOS UNITÁRIOS DA TABELA DE SMSO - ATÉ 50M3 | C112: % | D112: 6.75
A113: 3015002 | B113: CÁLCULO ESTRUTURAL DE CONCRETO ARMADO PARA PONTES, VIADUTOS, MUROS DE ARRIMO E OBRAS CONGÊNERES - PERCENTAGEM A SER APLICADA AO ORÇAMENTO DA PARTE ESTRUTURAL DA OBRA, USANDO OS PREÇOS UNITÁRIOS DA TABELA DE SMSO - ATÉ 100M3 | C113: % | D113: 6.12
A114: 3015003 | B114: CÁLCULO ESTRUTURAL DE CONCRETO ARMADO PARA PONTES, VIADUTOS, MUROS DE ARRIMO E OBRAS CONGÊNERES - PERCENTAGEM A SER APLICADA AO ORÇAMENTO DA PARTE ESTRUTURAL DA OBRA, USANDO OS PREÇOS UNITÁRIOS DA TABELA DE SMSO - ATÉ 200M3 | C114: % | D114: 5.76
A115: 3015004 | B115: CÁLCULO ESTRUTURAL DE CONCRETO ARMADO PARA PONTES, VIADUTOS, MUROS DE ARRIMO E OBRAS CONGÊNERES - PERCENTAGEM A SER APLICADA AO ORÇAMENTO DA PARTE ESTRUTURAL DA OBRA, USANDO OS PREÇOS UNITÁRIOS DA TABELA DE SMSO - ATÉ 500M3 | C115: % | D115: 5.49
A116: 3015005 | B116: CÁLCULO ESTRUTURAL DE CONCRETO ARMADO PARA PONTES, VIADUTOS, MUROS DE ARRIMO E OBRAS CONGÊNERES - PERCENTAGEM A SER APLICADA AO ORÇAMENTO DA PARTE ESTRUTURAL DA OBRA, USANDO OS PREÇOS UNITÁRIOS DA TABELA DE SMSO - ATÉ 1.000M3 | C116: % | D116: 4.95
A117: 3015006 | B117: CÁLCULO ESTRUTURAL DE CONCRETO ARMADO PARA PONTES, VIADUTOS, MUROS DE ARRIMO E OBRAS CONGÊNERES - PERCENTAGEM A SER APLICADA AO ORÇAMENTO DA PARTE ESTRUTURAL DA OBRA, USANDO OS PREÇOS UNITÁRIOS DA TABELA DE SMSO - ATÉ 2.000M3 | C117: % | D117: 4.5
A118: 3015007 | B118: CÁLCULO ESTRUTURAL DE CONCRETO ARMADO PARA PONTES, VIADUTOS, MUROS DE ARRIMO E OBRAS CONGÊNERES - PERCENTAGEM A SER APLICADA AO ORÇAMENTO DA PARTE ESTRUTURAL DA OBRA, USANDO OS PREÇOS UNITÁRIOS DA TABELA DE SMSO - ATÉ 5.000M3 | C118: % | D118: 4.41
A119: 3015008 | B119: CÁLCULO ESTRUTURAL DE CONCRETO ARMADO PARA PONTES, VIADUTOS, MUROS DE ARRIMO E OBRAS CONGÊNERES - PERCENTAGEM A SER APLICADA AO ORÇAMENTO DA PARTE ESTRUTURAL DA OBRA, USANDO OS PREÇOS UNITÁRIOS DA TABELA DE SMSO - ATÉ 10.000M3 | C119: % | D119: 4.32
A120: 3015009 | B120: CÁLCULO ESTRUTURAL DE CONCRETO ARMADO PARA PONTES, VIADUTOS, MUROS DE ARRIMO E OBRAS CONGÊNERES - PERCENTAGEM A SER APLICADA AO ORÇAMENTO DA PARTE ESTRUTURAL DA OBRA, USANDO OS PREÇOS UNITÁRIOS DA TABELA DE SMSO - ACIMA DE 10.000M3 | C120: % | D120: 4.23
A121: 3016000 | B121: PROJETO ESTRUTURAL DE CONCRETO ARMADO PARA GALERIA MOLDADA, EM MÓDULOS DE 10M DE EXTENSÃO, PODENDO AS FUNDAÇÕES SEREM DIRETAS, SOBRE ESTACAS OU AMBAS AS SOLUÇÕES, APLICA-SE OS PERCENTUAIS DO ITEM 3.15 PARA MÓDULO; PARA REPETIÇÃO DE MÓDULOS ADOTA-SE: | C121: . | D121: .
A122: 3016001 | B122: PROJETO ESTRUTURAL DE CONCRETO ARMADO PARA GALERIA MOLDADA, EM MÓDULOS DE 10M DE EXTENSÃO, PODENDO AS FUNDAÇÕES SEREM DIRETAS, SOBRE ESTACAS OU AMBAS AS SOLUÇÕES, APLICA-SE OS PERCENTUAIS DO ITEM 3.15 PARA MÓDULO; PARA REPETIÇÃO DE MÓDULOS ADOTA-SE 1 A 5 REPETIÇÕES | C122: % | D122: 25N
A123: 3016002 | B123: PROJETO ESTRUTURAL DE CONCRETO ARMADO PARA GALERIA MOLDADA, EM MÓDULOS DE 10M DE EXTENSÃO, PODENDO AS FUNDAÇÕES SEREM DIRETAS, SOBRE ESTACAS OU AMBAS AS SOLUÇÕES, APLICA-SE OS PERCENTUAIS DO ITEM 3.15 PARA MÓDULO; PARA REPETIÇÃO DE MÓDULOS ADOTA-SE 6 A 10 REPETIÇÕES | C123: % | D123: 25+20N
A124: 3016003 | B124: PROJETO ESTRUTURAL DE CONCRETO ARMADO PARA GALERIA MOLDADA, EM MÓDULOS DE 10M DE EXTENSÃO, PODENDO AS FUNDAÇÕES SEREM DIRETAS, SOBRE ESTACAS OU AMBAS AS SOLUÇÕES, APLICA-SE OS PERCENTUAIS DO ITEM 3.15 PARA MÓDULO; PARA REPETIÇÃO DE MÓDULOS ADOTA-SE 11 A 20 REPETIÇÕES | C124: % | D124: 75+15N
A125: 3016004 | B125: PROJETO ESTRUTURAL DE CONCRETO ARMADO PARA GALERIA MOLDADA, EM MÓDULOS DE 10M DE EXTENSÃO, PODENDO AS FUNDAÇÕES SEREM DIRETAS, SOBRE ESTACAS OU AMBAS AS SOLUÇÕES, APLICA-SE OS PERCENTUAIS DO ITEM 3.15 PARA MÓDULO; PARA REPETIÇÃO DE MÓDULOS ADOTA-SE 21 A 40 REPETIÇÕES | C125: % | D125: 175+10N
A126: 3016005 | B126: PROJETO ESTRUTURAL DE CONCRETO ARMADO PARA GALERIA MOLDADA, EM MÓDULOS DE 10M DE EXTENSÃO, PODENDO AS FUNDAÇÕES SEREM DIRETAS, SOBRE ESTACAS OU AMBAS AS SOLUÇÕES, APLICA-SE OS PERCENTUAIS DO ITEM 3.15 PARA MÓDULO; PARA REPETIÇÃO DE MÓDULOS ADOTA-SE 41 EM DIANTE | C126: % | D126: 375+5N
A127: 3019000 | B127: PLANILHA DE QUANTIDADE DE SERVIÇOS DE VIAS DO PROGRAMA DE PAVIMENTAÇÃO | C127: M/VIA | D127: 3.59
A128: 3020000 | B128: CÓPIA XEROX EM TAMANHO OFÍCIO, UMA FACE, PRETO E BRANCO | C128: UN | D128: 1.64
A129: 3020001 | B129: CÓPIA XEROX TAMANHO OFÍCIO UMA FACE COLORIDA | C129: UN | D129: 2.69
A130: 3020002 | B130: CÓPIA XEROX TAMANHO A3 UMA FACE-PRETO E BRANCO | C130: UN | D130: 2.21
...

Sheet EDIFJUL26
A1: SECRETARIA DE INFRAESTRUTURA URBANA E OBRAS
A2: CUSTOS UNITÁRIOS DE EDIFICAÇÕES - SEM DESONERAÇÃO | C2: DATA-BASE: JUL/26
A3: CÓDIGO | B3: DESCRIÇÃO | C3: UNIDADE | D3: CUSTO UNIT R$
A4: 1000000 | B4: SERVICOS PRELIMINARES
A5: 1001000 | B5: LIMPEZA DO TERRENO | C5: . | D5: .
A6: 1001001 | B6: LIMPEZA MECANIZADA GERAL, INCLUSIVE REMOÇÃO DA COBERTURA VEGETAL - TRONCOS COM DIÂMETRO ATÉ 10CM - SEM TRANSPORTE | C6: M2 | D6: 1.81
A7: 1001002 | B7: DESTOCAMENTO, INCLUSIVE REMOÇÃO DAS RAÍZES - DIÂMETROS DE 10,01 À 30CM | C7: UN | D7: 59.5
A8: 1001003 | B8: DESTOCAMENTO, INCLUSIVE REMOÇÃO DAS RAÍZES - DIÂMETRO 30,01 À 50 CM | C8: UN | D8: 165.42
A9: 1001004 | B9: DESTOCAMENTO, INCLUSIVE REMOÇÃO DAS RAÍZES - DIÂMETROS MAIORES QUE 50 CM | C9: UN | D9: 197.07
A10: 1001005 | B10: CARGA MECANIZADA E REMOÇÃO DE ENTULHO, INCLUSIVE TRANSPORTE ATÉ 1KM | C10: M3 | D10: 13.2
A11: 1001006 | B11: CARGA MANUAL E REMOÇÃO DE ENTULHO, INCLUSIVE TRANSPORTE ATÉ 1 KM | C11: M3 | D11: 58.05
A12: 1001007 | B12: REMOÇÃO DE ENTULHO COM CAÇAMBA METÁLICA, INCLUSIVE CARGA MANUAL E DESCARGA EM BOTA-FORA | C12: M3 | D12: 170.76
A13: 1001008 | B13: LIMPEZA MANUAL GERAL INCLUSIVE REMOÇÃO DE COBERTURA VEGETAL - TRONCO ATÉ 10CM - SEM TRANSPORTE | C13: M2 | D13: 6.78
A14: 1001009 | B14: DESTOCAMENTO MANUAL, INCLUSIVE REMOÇÃO DE RAÍZES - DIÂMETRO 10,01 À 30 CM | C14: UN | D14: 81.38
A15: 1001010 | B15: TRANSPORTE DE ENTULHO POR CAMINHÃO BASCULANTE, A PARTIR DE 1KM | C15: M3XKM | D15: 1.86
A16: 1001020 | B16: CORTE, RECORTE E REMOÇÃO DE ÁRVORES INCLUSIVE RAIZES DIÂM. > 5 E < 15CM | C16: UN | D16: 246.52
A17: 1001021 | B17: CORTE, RECORTE E REMOÇÃO DE ÁRVORES INCLUSIVE RAIZES DIÂM. > 15 E < 30CM | C17: UN | D17: 618.45
... A20: 1001024 | B20: CORTE, RECORTE E REMOÇÃO DE ÁRVORES INCLUSIVE RAIZES DIÂM. > 90CM | C20: UN | D20: 1082.29
A21: 1002000 | B21: MOVIMENTO DE TERRA MANUAL | C21: . | D21: .
A22: 1002001 | B22: CORTE | C22: M3 | D22: 54.25
A23: 1002002 | B23: CORTE E ESPALHAMENTO DENTRO DA OBRA | C23: M3 | D23: 67.82
A24: 1002005 | B24: ATERRO, INCLUSIVE COMPACTAÇÃO MANUAL | C24: M3 | D24: 48.29
A25: 1002010 | B25: CARGA MECANIZADA E REMOÇÃO DE TERRA, INCLUSIVE TRANSPORTE ATÉ 1KM | C25: M3 | D25: 18.41
A26: 1002011 | B26: CARGA MANUAL E REMOÇÃO DE TERRA, INCLUSIVE TRANSPORTE ATÉ 1 KM | C26: M3 | D26: 45.52
A27: 1003000 | B27: MOVIMENTO DE TERRA MECANIZADO | C27: . | D27: .
A28: 1003001 | B28: CORTE E ESPALHAMENTO DENTRO DA OBRA | C28: M3 | D28: 18.6
A29: 1003002 | B29: CORTE E ATERRO COMPACTADO | C29: M3 | D29: 22.06
A30: 1003003 | B30: CORTE E CARREGAMENTO PARA BOTA-FORA, INCLUSIVE TRANSPORTE ATÉ 1KM | C30: M3 | D30: 30.15
A31: 1003005 | B31: FORNECIMENTO DE TERRA, INCLUSIVE CORTE, CARGA, DESCARGA E TRANSPORTE ATÉ 1KM | C31: M3 | D31: 33.77
A32: 1003006 | B32: ATERRO, INCLUSIVE COMPACTAÇÃO | C32: M3 | D32: 8.51
A33: 1003010 | B33: TRANSPORTE DE TERRA POR CAMINHÃO BASCULANTE, A PARTIR DE 1KM | C33: M3XKM | D33: 3.33
A34: 1004000 | B34: DRENAGEM DO TERRENO | C34: . | D34: .
A35: 1004001 | B35: ESCAVAÇÃO MANUAL, PROFUNDIDADE IGUAL OU INFERIOR A 1,50M | C35: M3 | D35: 86.53
A36: 1004002 | B36: ESCAVAÇÃO MANUAL, PROFUNDIDADE SUPERIOR A 1,50M | C36: M3 | D36: 94.94
A37: 1004005 | B37: ESCORAMENTO DE VALAS, CONTINUO | C37: M2 | D37: 135.9
A38: 1004006 | B38: ESCORAMENTO DE VALAS, DESCONTINUO | C38: M2 | D38: 76.67
A39: 1004010 | B39: APILOAMENTO DO FUNDO DE VALAS, PARA SIMPLES REGULARIZAÇÃO | C39: M2 | D39: 6.78
A40: 1004014 | B40: LASTRO DE AGREGADO RECICLADO | C40: M3 | D40: 164.37
A41: 1004015 | B41: LASTRO DE BRITA | C41: M3 | D41: 240.95
A42: 1004016 | B42: LASTRO DE CONCRETO, 150KG CIM/M3 | C42: M3 | D42: 588.69
A43: 1004017 | B43: LASTRO DE CONCRETO COM AGREGADO RECICLADO, 150 KG CIM/M3 | C43: M3 | D43: 527.04
A44: 1004020 | B44: HD.23 - TUBO DE PEAD CORRUGADO E PERFURADOPARA DRENAGEM - DIÂMETRO 2,5" (EM ACORDO COM AS NORMAS DNIT 093/06, NBR 15073 E NBR 14692) | C44: M | D44: 18.59
A45: 1004021 | B45: HD.23 - TUBO DE PEAD CORRUGADO E PERFURADOPARA DRENAGEM - DIÂMETRO 3,0" (EM ACORDO COM AS NORMAS DNIT 093/06, NBR 15073 E NBR 14692) | C45: M | D45: 19.71
A46: 1004022 | B46: HD.23 - TUBO DE PEAD CORRUGADO E PERFURADOPARA DRENAGEM - DIÂMETRO 4,0" (EM ACORDO COM AS NORMAS DNIT 093/06, NBR 15073 E NBR 14692) | C46: M | D46: 21.8
... A68: 1004080 | B68: REATERRO DE VALAS, INCLUSIVE COMPACTAÇÃO | C68: M3 | D68: 17.99
A69: 1005000 | B69: TAPUMES | C69: . | D69: .
A70: 1005001 | B70: TAPUME CHAPA COMPENSADA 6MM | C70: M2 | D70: 92.28
A71: 1005002 | B71: TAPUME CHAPA COMPENSADA RESINADA 10MM | C71: M2 | D71: 100.48
A72: 1005005 | B72: TAPUME METÁLICO COM TELHA METÁLICA, SEM PINTURA, TRAPEZOIDAL 40 ESP=0,43MM, COLUNAS, BASES E PARAFUSOS | C72: M2 | D72: 181.33
A73: 1005006 | B73: PORTÃO METÁLICO DE OBRA - 5M, PIVOTANTE, 2 FOLHAS, PARA TAPUME | C73: M2 | D73: 310.9
A74: 1005007 | B74: PORTÃO DE PEDESTRES - 1,15M, PARA TAPUME | C74: M2 | D74: 305.36
A75: 1005040 | B75: TELA PARA PROTEÇÃO DE OBRAS, MALHA 2 MM | C75: M2 | D75: 34.93
A76: 2000000 | B76: FUNDACOES
A77: 2001000 | B77: FUNDAÇÃO PROFUNDA | C77: . | D77: .
A78: 2001001 | B78: BROCA DE CONCRETO - DIÂMETRO DE 20CM | C78: M | D78: 67.69
A79: 2001002 | B79: BROCA DE CONCRETO - DIÂMETRO DE 25CM | C79: M | D79: 102.56
A80: 2001003 | B80: BROCA DE CONCRETO - DIÂMETRO DE 30CM | C80: M | D80: 152.5
A81: 2001005 | B81: ESTACA DE CONCRETO MOLDADA NO LOCAL, TIPO "STRAUSS" - ATÉ 20T | C81: M | D81: 67.34
A82: 2001006 | B82: ESTACA DE CONCRETO MOLDADA NO LOCAL, TIPO "STRAUSS" - ATÉ 30T | C82: M | D82: 90.71
A83: 2001007 | B83: ESTACA DE CONCRETO MOLDADA NO LOCAL, TIPO "STRAUSS" - ATÉ 40T | C83: M | D83: 119.49
A84: 2001008 | B84: ESTACA DE CONCRETO MOLDADA NO LOCAL, TIPO "STRAUSS" - ATÉ 60T | C84: M | D84: 146.32
A85: 2001020 | B85: TUBULÃO - ESCAVAÇÃO A CÉU ABERTO, COM PÁ E PICARETA | C85: M3 | D85: 655.52
A86: 2001034 | B86: TUBULÃO A CÉU ABERTO FCK=20 MPA | C86: M3 | D86: 897.65
A87: 2001043 | B87: EMENDA DE ESTACA DE CONCRETO PRÉ-MOLDADA - DIÂMETRO 17 CM - 20 T | C87: UN | D87: 44.27
A88: 2001044 | B88: EMENDA DE ESTACA DE CONCRETO PRÉ-MOLDADA - DIÂMETRO 20 CM - 30 T | C88: UN | D88: 51.66
A89: 2001045 | B89: EMENDA DE ESTACA DE CONCRETO PRÉ-MOLDADA - DIÂMETRO 23 CM - 40 T | C89: UN | D89: 60.58
... A122: 2001095 | B122: ESTACA ESCAVADA HÉLICE CONTÍNUA - DIÂMETRO 60CM - EXCLUSIVE MATERIAIS | C122: M | D122: 100.63
A123: 2002000 | B123: VALAS | C123: . | D123: .
A124: 2002001 | B124: ESCAVAÇÃO MANUAL COM PROFUNDIDADE IGUAL OU INFERIOR A 1,50M | C124: M3 | D124: 86.53
A125: 2002002 | B125: ESCAVAÇÃO MANUAL COM PROFUNDIDADE SUPERIOR A 1,50M | C125: M3 | D125: 94.94
A126: 2002005 | B126: ESCORAMENTO DE VALAS - CONTINUO | C126: M2 | D126: 135.92
A127: 2002006 | B127: ESCORAMENTO DE VALAS - DESCONTINUO | C127: M2 | D127: 76.67
A128: 2002010 | B128: APILOAMENTO DO FUNDO DE VALAS, PARA SIMPLES REGULARIZAÇÃO | C128: M2 | D128: 6.78
A129: 2002011 | B129: APILOAMENTO DO FUNDO DE VALAS, COM SOQUETE VIBRATÓRIO | C129: M2 | D129: 4.58
A130: 2002015 | B130: LASTRO DE BRITA | C130: M3 | D130: 240.95
A131: 2002016 | B131: LASTRO DE CONCRETO - 150KG CIM/M3 | C131: M3 | D131: 588.69
A132: 2002017 | B132: LASTRO DE CONCRETO COM AGREGADO RECICLADO - 150 KG CIM/M3 | C132: M3 | D132: 527.04
A133: 2003000 | B133: FUNDAÇÃO - FORMA | C133: . | D133: .
A134: 2003001 | B134: FORMA COMUM DE TÁBUAS DE PINUS | C134: M2 | D134: 93.77
A135: 2003004 | B135: FORMA COMUM DE TÁBUAS DE PINUS - NÃO RECUPERÁVEL | C135: M2 | D135: 111.92
A136: 2004000 | B136: FUNDAÇÃO - ARMADURA | C136: . | D136: .
A137: 2004004 | B137: ARMADURA EM AÇO CA-50 | C137: KG | D137: 10.66
A138: 2004007 | B138: ARMADURA EM AÇO CA-60 | C138: KG | D138: 11.02
A139: 2004009 | B139: ARMADURA EM AÇO CA-60 - TELA | C139: KG | D139: 10.42
A140: 2005000 | B140: FUNDAÇÃO - CONCRETO | C140: . | D140: .
A141: 2005005 | B141: CONCRETO FCK=15,0MPA - VIRADO NA OBRA | C141: M3 | D141: 680.09
A142: 2005006 | B142: CONCRETO FCK=20,0MPA - VIRADO NA OBRA | C142: M3 | D142: 699.73
A143: 2005008 | B143: CONCRETO FCK=15,0MPA - USINADO | C143: M3 | D143: 541.73
A144: 2005009 | B144: CONCRETO FCK=20,0MPA - USINADO | C144: M3 | D144: 564.72
A145: 2005010 | B145: CONCRETO FCK=25MPA - USINADO | C145: M3 | D145: 589.49
A146: 2005011 | B146: CONCRETO FCK=30MPA - USINADO | C146: M3 | D146: 615.43
A147: 2006000 | B147: EMBASAMENTO | C147: . | D147: .
A148: 2006001 | B148: ALVENARIA DE EMBASAMENTO - TIJOLOS MACIÇOS COMUNS | C148: M3 | D148: 1267.64
A149: 2006002 | B149: ALVENARIA DE EMBASAMENTO - BLOCOS VAZADO DE CONCRETO ESTRUTURAL - 14CM - 10MPA | C149: M2 | D149: 173.85
A150: 2006005 | B150: IMPERMEABILIZAÇÃO DO RESPALDO DA FUNDAÇÃO - ARGAMASSA IMPERMEÁVEL | C150: M2 | D150: 142.02
A151: 2006010 | B151: REATERRO DE VALAS, INCLUSIVE APILOAMENTO | C151: M3 | D151: 30.92
A152: 2050000 | B152: DEMOLIÇÕES | C152: . | D152: .
A153: 2050001 | B153: DEMOLIÇÃO DE ALVENARIA DE EMBASAMENTO - TIJOLOS MACIÇOS COMUNS | C153: M3 | D153: 91.5
A154: 2050003 | B154: DEMOLIÇÃO MANUAL DE CONCRETO SIMPLES | C154: M3 | D154: 298.39
A155: 2050004 | B155: DEMOLIÇÃO MANUAL DE CONCRETO ARMADO | C155: M3 | D155: 542.54
...

Sheet TABELA
D3: TABELA DE REFERÊNCIA (SEM DESONERAÇÃO)
D4: SINAPI | E4: 08/26
D5: CDHU | E5: 203
D6: SIURB | E6: 46204
D7: FDE | E7: 46113
D8: BDI 23,38%

Sheet BDI (2)
E3: Objeto: Reforma e Adequação da Praça Capinzal
E4: Recurso: Emenda Impositiva
A7: BDI 1
A9: TIPO DE OBRA
A10: Construção de Praças Urbanas, Rodovias, Ferrovias e recapeamento e pavimentação de vias urbanas
A12: Itens | I12: Siglas | J12: % Adotado
A14: Administração Central | I14: AC | J14: 0.038
A15: Seguro e Garantia | I15: SG | J15: 0.0032
A16: Risco | I16: R | J16: 0.005
A17: Despesas Financeiras | I17: DF | J17: 0.0102
A18: Lucro | I18: L | J18: 0.0664
A19: Tributos (impostos COFINS 3%, e PIS 0,65%) | I19: CP | J19: 0.0365
A20: Tributos (ISS, variável de acordo com o município) | I20: ISS | J20: 0.05
A21: Tributos (Contribuição Previdenciária sobre a Receita Bruta - 0% ou 4,5% - Desoneração) | I21: CPRB | J21: 0
A22: BDI SEM desoneração (Fórmula Acórdão TCU) | I22: BDI PAD | J22: 0.2338
A26: Os valores de BDI foram calculados com o emprego da fórmula:
D27: BDI = | E27: (1+AC + S + R + G)*(1 + DF)*(1+L) | H27: - 1
E28: (1-CP-ISS-CRPB)
A30: Declaro para os devidos fins que, conforme legislação tributária municipal, a base de cálculo deste tipo de obra corresponde à 100%, com a respectiva alíquota de 5%
A32: Declaro para os devidos fins que o regime de Contribuição Previdenciária sobre a Receita Bruta adotado para elaboração do orçamento foi SEM Desoneração, e que esta é a alternativa mais adequada para a Administração Pública
A34: Observações:
A37: Carapicuíba - SP | G37: =([45]ORÇAMENTO!G1) -> DATA: 24/09/2026
A38: Local | G38: Data
A41: Responsável Técnico
A42: Kaio Cezar Mariano
A43: Engenheiro Civil
A44: CREA-SP 5070869525
